Workbook
Name CATORCENA: #REF!
Name consol: #REF!
Name consol: #REF!
Name Decision: #REF!
Name Decision: #REF!
Name Excel_BuiltIn_Print_Area_1: #REF!
Name Excel_BuiltIn_Print_Area_7: #REF!
Name Excel_BuiltIn_Print_Titles_1: #REF!
Name H427.: #REF!
Name Print_Area_0: 'PRESUPUESTO DE OBRA'!$B$1:$K$32
Name Print_Area_0_0: 'PRESUPUESTO DE OBRA'!$B$1:$K$32
Name Print_Area_0_0_0: 'PRESUPUESTO DE OBRA'!$B$1:$K$32
Name Print_Titles_0: 'PRESUPUESTO DE OBRA'!$1:$3
Name Print_Titles_0_0: 'PRESUPUESTO DE OBRA'!$1:$3
Name Print_Titles_0_0_0: 'PRESUPUESTO DE OBRA'!$1:$3
Name Valoracion: #REF!
Name Valoracion: #REF!
Name VALORACIÓN: #REF!
Name VALORACIÓN: #REF!

Sheet PRESUPUESTO DE OBRA
B1: PRESUPUESTO DE OBRA ADICIONAL
C5: CONTRATO No | F5: =+#REF! -> #REF!
C7: OBJETO DEL CONTRATO
C8: =+#REF! -> #REF!
C12: (Indique el objeto del contrato de ejecución suscrito)
C13: CONTRATISTA | F13: =+#REF! -> #REF! | K13: =+#REF! -> #REF!
F14: (Escriba el nombre o razón social del Contratista de Obra.)
C15: INTERVENTOR | F15: =+#REF! -> #REF! | K15: =+#REF! -> #REF!
F16: (Escriba el nombre o razón social del Interventor)
C17: SUPERVISOR | F17: =+#REF! -> #REF!
F18: (Escriba el nombre del supervisión delegado para el contrato de Interventoría)
C19: APOYO A LA SUPERVISION | F19: =+#REF! -> #REF!
F20: (Escriba el nombre del Profesional de Apoyo Técnico a la Supervisiónpara el contrato de Interventoría)
C21: ÍTEM No. | D21: CONDICIONES CONTRACTUALES INICIALES | J21: 1 | K21: =+LOOKUP(J21,'MEMORIAS DE CALCULO PRESUPUESTO'!$Z$15:$AR$15,'MEMORIAS DE CALCULO PRESUPUESTO'!$Z$16:$AR$16) -> 14001469 | L21: 2 | M21: =+LOOKUP(L21,'MEMORIAS DE CALCULO PRESUPUESTO'!$Z$15:$AR$15,'MEMORIAS DE CALCULO PRESUPUESTO'!$Z$16:$AR$16) -> 14001481 | N21: =+L21+1 -> 3 | O21: =+LOOKUP(N21,'MEMORIAS DE CALCULO PRESUPUESTO'!$Z$15:$AR$15,'MEMORIAS DE CALCULO PRESUPUESTO'!$Z$16:$AR$16) -> 14000772 | P21: =+N21+1 -> 4 | Q21: =+LOOKUP(P21,'MEMORIAS DE CALCULO PRESUPUESTO'!$Z$15:$AR$15,'MEMORIAS DE CALCULO PRESUPUESTO'!$Z$16:$AR$16) -> 14000741 | R21: =+P21+1 -> 5 | S21: =+LOOKUP(R21,'MEMORIAS DE CALCULO PRESUPUESTO'!$Z$15:$AR$15,'MEMORIAS DE CALCULO PRESUPUESTO'!$Z$16:$AR$16) -> 14000718 | T21: =+R21+1 -> 6 | U21: =+LOOKUP(T21,'MEMORIAS DE CALCULO PRESUPUESTO'!$Z$15:$AR$15,'MEMORIAS DE CALCULO PRESUPUESTO'!$Z$16:$AR$16) -> 14001678 | V21: =+T21+1 -> 7 | W21: =+LOOKUP(V21,'MEMORIAS DE CALCULO PRESUPUESTO'!$Z$15:$AR$15,'MEMORIAS DE CALCULO PRESUPUESTO'!$Z$16:$AR$16) -> 14001545 | X21: =+V21+1 -> 8 | Y21: =+LOOKUP(X21,'MEMORIAS DE CALCULO PRESUPUESTO'!$Z$15:$AR$15,'MEMORIAS DE CALCULO PRESUPUESTO'!$Z$16:$AR$16) -> 14001517 | Z21: =+X21+1 -> 9 | AA21: =+LOOKUP(Z21,'MEMORIAS DE CALCULO PRESUPUESTO'!$Z$15:$AR$15,'MEMORIAS DE CALCULO PRESUPUESTO'!$Z$16:$AR$16) -> 14001156 | AB21: =+Z21+1 -> 10 | AC21: =+LOOKUP(AB21,'MEMORIAS DE CALCULO PRESUPUESTO'!$Z$15:$AR$15,'MEMORIAS DE CALCULO PRESUPUESTO'!$Z$16:$AR$16) -> 14001367 | AD21: =+AB21+1 -> 11 | AE21: =+LOOKUP(AD21,'MEMORIAS DE CALCULO PRESUPUESTO'!$Z$15:$AR$15,'MEMORIAS DE CALCULO PRESUPUESTO'!$Z$16:$AR$16) -> 14000126 | AF21: =+AD21+1 -> 12 | AG21: =+LOOKUP(AF21,'MEMORIAS DE CALCULO PRESUPUESTO'!$Z$15:$AR$15,'MEMORIAS DE CALCULO PRESUPUESTO'!$Z$16:$AR$16) -> 14000550 | AH21: =+AF21+1 -> 13 | AI21: =+LOOKUP(AH21,'MEMORIAS DE CALCULO PRESUPUESTO'!$Z$15:$AR$15,'MEMORIAS DE CALCULO PRESUPUESTO'!$Z$16:$AR$16) -> 14001058 | AJ21: =+AH21+1 -> 14 | AK21: =+LOOKUP(AJ21,'MEMORIAS DE CALCULO PRESUPUESTO'!$Z$15:$AR$15,'MEMORIAS DE CALCULO PRESUPUESTO'!$Z$16:$AR$16) -> 14000205 | AL21: =+AJ21+1 -> 15 | AM21: =+LOOKUP(AL21,'MEMORIAS DE CALCULO PRESUPUESTO'!$Z$15:$AR$15,'MEMORIAS DE CALCULO PRESUPUESTO'!$Z$16:$AR$16) -> 14001506 | AN21: =+AL21+1 -> 16 | AO21: =+LOOKUP(AN21,'MEMORIAS DE CALCULO PRESUPUESTO'!$Z$15:$AR$15,'MEMORIAS DE CALCULO PRESUPUESTO'!$Z$16:$AR$16) -> 14001265 | AP21: =+AN21+1 -> 17 | AQ21: =+LOOKUP(AP21,'MEMORIAS DE CALCULO PRESUPUESTO'!$Z$15:$AR$15,'MEMORIAS DE CALCULO PRESUPUESTO'!$Z$16:$AR$16) -> 14000282 | AR21: =+AP21+1 -> 18 | AS21: =+LOOKUP(AR21,'MEMORIAS DE CALCULO PRESUPUESTO'!$Z$15:$AR$15,'MEMORIAS DE CALCULO PRESUPUESTO'!$Z$16:$AR$16) -> 14001619 | AT21: =+AR21+1 -> 19 | AU21: =+LOOKUP(AT21,'MEMORIAS DE CALCULO PRESUPUESTO'!$Z$15:$AR$15,'MEMORIAS DE CALCULO PRESUPUESTO'!$Z$16:$AR$16) -> 14001616
J23: CANTIDAD | K23: VALOR TOTAL | L23: CANTIDAD | M23: VALOR TOTAL | N23: CANTIDAD | O23: VALOR TOTAL | P23: CANTIDAD | Q23: VALOR TOTAL | R23: CANTIDAD | S23: VALOR TOTAL | T23: CANTIDAD | U23: VALOR TOTAL | V23: CANTIDAD | W23: VALOR TOTAL | X23: CANTIDAD | Y23: VALOR TOTAL | Z23: CANTIDAD | AA23: VALOR TOTAL | AB23: CANTIDAD | AC23: VALOR TOTAL | AD23: CANTIDAD | AE23: VALOR TOTAL | AF23: CANTIDAD | AG23: VALOR TOTAL | AH23: CANTIDAD | AI23: VALOR TOTAL | AJ23: CANTIDAD | AK23: VALOR TOTAL | AL23: CANTIDAD | AM23: VALOR TOTAL | AN23: CANTIDAD | AO23: VALOR TOTAL | AP23: CANTIDAD | AQ23: VALOR TOTAL | AR23: CANTIDAD | AS23: VALOR TOTAL | AT23: CANTIDAD | AU23: VALOR TOTAL | AV23: CANTIDADES TOTALES | AW23: VALORES TOTALES
D24: DESCRIPCIÓN | F24: UND. | G24: CANT. | H24: PRECIO UNIT | I24: VALOR
B25: A | C25: 1 | D25: PRELIMINARES
B26: 1 | C26: 1.01 | D26: REPLANTEO GENERAL | F26: M2 | H26: 553 | I26: =+ROUND(H26*G26,0) -> 0 | J26: 378 | K26: =+IF(J26="","",+J26*$H26) -> 209034 | L26: 403.2 | M26: =+IF(L26="","",+L26*$H26) -> 222969.6 | N26: 459 | O26: =+IF(N26="","",+N26*$H26) -> 253827 | P26: 432 | Q26: =+IF(P26="","",+P26*$H26) -> 238896 | R26: 243 | S26: =+IF(R26="","",+R26*$H26) -> 134379 | T26: 252 | U26: =+IF(T26="","",+T26*$H26) -> 139356 | V26: 399 | W26: =+IF(V26="","",+V26*$H26) -> 220647 | X26: 378 | Y26: =+IF(X26="","",+X26*$H26) -> 209034 | Z26: 602 | AA26: =+IF(Z26="","",+Z26*$H26) -> 332906 | AB26: 900 | AC26: =+IF(AB26="","",+AB26*$H26) -> 497700 | AD26: 1027.2 | AE26: =+IF(AD26="","",+AD26*$H26) -> 568041.6 | AG26: =+IF(AF26="","",+AF26*$H26) | AI26: =+IF(AH26="","",+AH26*$H26) | AK26: =+IF(AJ26="","",+AJ26*$H26) | AL26: 594 | AM26: =+IF(AL26="","",+AL26*$H26) -> 328482 | AR26: 342 | AS26: =+IF(AR26="","",+AR26*$H26) -> 189126 | AT26: 312 | AU26: =+IF(AT26="","",+AT26*$H26) -> 172536 | AV26: =+AB26+Z26+X26+V26+T26+R26+P26+N26+L26+J26+AD26+AF26+AH26+AJ26+AL26+AN26+AP26+AR26+AT26 -> 6721.4 | AW26: =+K26+M26+O26+Q26+S26+U26+W26+Y26+AA26+AC26+AE26+AM26+AS26+AU26 -> 3716934.2
B27: =+B26+1 -> 2 | C27: 1.02 | D27: EXCAVACION MECANICA EN MATERIAL COMUN (Incluye Cargue) | F27: M3 | H27: 4432 | I27: =+ROUND(H27*G27,0) -> 0 | J27: 434.7 | K27: =+IF(J27="","",+J27*$H27) -> 1926590.4 | L27: 463.68 | M27: =+IF(L27="","",+L27*$H27) -> 2055029.8 | N27: 408.51 | O27: =+IF(N27="","",+N27*$H27) -> 1810516.3 | P27: 384.48 | Q27: =+IF(P27="","",+P27*$H27) -> 1704015.4 | R27: 216.27 | S27: =+IF(R27="","",+R27*$H27) -> 958508.64 | T27: 224.28 | U27: =+IF(T27="","",+T27*$H27) -> 994008.96 | V27: 458.85 | W27: =+IF(V27="","",+V27*$H27) -> 2033623.2 | X27: 434.7 | Y27: =+IF(X27="","",+X27*$H27) -> 1926590.4 | Z27: 487.62 | AA27: =+IF(Z27="","",+Z27*$H27) -> 2161131.8 | AB27: 936 | AC27: =+IF(AB27="","",+AB27*$H27) -> 4148352 | AD27: 996.384 | AE27: =+IF(AD27="","",+AD27*$H27) -> 4415973.9 | AG27: =+IF(AF27="","",+AF27*$H27) | AI27: =+IF(AH27="","",+AH27*$H27) | AK27: =+IF(AJ27="","",+AJ27*$H27) | AL27: 564.3 | AM27: =+IF(AL27="","",+AL27*$H27) -> 2500977.6 | AR27: 324.9 | AS27: =+IF(AR27="","",+AR27*$H27) -> 1439956.8 | AT27: 296.4 | AU27: =+IF(AT27="","",+AT27*$H27) -> 1313644.8 | AV27: =+AB27+Z27+X27+V27+T27+R27+P27+N27+L27+J27+AD27+AF27+AH27+AJ27+AL27+AN27+AP27+AR27+AT27 -> 6631.074 | AW27: =+K27+M27+O27+Q27+S27+U27+W27+Y27+AA27+AC27+AE27+AM27+AS27+AU27 -> 29388920
B28: =+B27+1 -> 3 | C28: 1.03 | D28: EXCAVACION MANUAL EN MATERIAL COMUN. Incluye cargue. | F28: M3 | H28: 25767 | I28: =+ROUND(H28*G28,0) -> 0 | J28: 151.2 | K28: =+IF(J28="","",+J28*$H28) -> 3895970.4 | L28: 161.28 | M28: =+IF(L28="","",+L28*$H28) -> 4155701.8 | N28: 160.65 | O28: =+IF(N28="","",+N28*$H28) -> 4139468.5 | P28: 151.2 | Q28: =+IF(P28="","",+P28*$H28) -> 3895970.4 | R28: 85.05 | S28: =+IF(R28="","",+R28*$H28) -> 2191483.4 | T28: 88.2 | U28: =+IF(T28="","",+T28*$H28) -> 2272649.4 | V28: 139.65 | W28: =+IF(V28="","",+V28*$H28) -> 3598361.5 | X28: 132.3 | Y28: =+IF(X28="","",+X28*$H28) -> 3408974.1 | Z28: 180.6 | AA28: =+IF(Z28="","",+Z28*$H28) -> 4653520.2 | AB28: 360 | AC28: =+IF(AB28="","",+AB28*$H28) -> 9276120 | AD28: 410.88 | AE28: =+IF(AD28="","",+AD28*$H28) -> 10587145 | AG28: =+IF(AF28="","",+AF28*$H28) | AI28: =+IF(AH28="","",+AH28*$H28) | AK28: =+IF(AJ28="","",+AJ28*$H28) | AL28: 207.9 | AM28: =+IF(AL28="","",+AL28*$H28) -> 5356959.3 | AR28: 136.8 | AS28: =+IF(AR28="","",+AR28*$H28) -> 3524925.6 | AT28: 124.8 | AU28: =+IF(AT28="","",+AT28*$H28) -> 3215721.6 | AV28: =+AB28+Z28+X28+V28+T28+R28+P28+N28+L28+J28+AD28+AF28+AH28+AJ28+AL28+AN28+AP28+AR28+AT28 -> 2490.51 | AW28: =+K28+M28+O28+Q28+S28+U28+W28+Y28+AA28+AC28+AE28+AM28+AS28+AU28 -> 64172971
B29: =+B28+1 -> 4 | C29: 1.07 | D29: DEMOLICION PAVIMENTO ASFALTICO (Espesor Variable. Incluye Cargue). No incluye transporte y disposición final de sobrantes. Rendimiento estimado para espesores max. 0.15m | F29: M2 | H29: 4963 | I29: =+ROUND(H29*G29,0) -> 0 | J29: 378 | K29: =+IF(J29="","",+J29*$H29) -> 1876014 | L29: 403.2 | M29: =+IF(L29="","",+L29*$H29) -> 2001081.6 | N29: 0 | O29: =+IF(N29="","",+N29*$H29) -> 0 | P29: 0 | Q29: =+IF(P29="","",+P29*$H29) -> 0 | R29: 0 | S29: =+IF(R29="","",+R29*$H29) -> 0 | T29: 0 | U29: =+IF(T29="","",+T29*$H29) -> 0 | V29: 399 | W29: =+IF(V29="","",+V29*$H29) -> 1980237 | X29: 378 | Y29: =+IF(X29="","",+X29*$H29) -> 1876014 | Z29: 602 | AA29: =+IF(Z29="","",+Z29*$H29) -> 2987726 | AB29: 900 | AC29: =+IF(AB29="","",+AB29*$H29) -> 4466700 | AD29: 1027.2 | AE29: =+IF(AD29="","",+AD29*$H29) -> 5097993.6 | AG29: =+IF(AF29="","",+AF29*$H29) | AI29: =+IF(AH29="","",+AH29*$H29) | AK29: =+IF(AJ29="","",+AJ29*$H29) | AL29: 594 | AM29: =+IF(AL29="","",+AL29*$H29) -> 2948022 | AR29: 342 | AS29: =+IF(AR29="","",+AR29*$H29) -> 1697346 | AT29: 312 | AU29: =+IF(AT29="","",+AT29*$H29) -> 1548456 | AV29: =+AB29+Z29+X29+V29+T29+R29+P29+N29+L29+J29+AD29+AF29+AH29+AJ29+AL29+AN29+AP29+AR29+AT29 -> 5335.4 | AW29: =+K29+M29+O29+Q29+S29+U29+W29+Y29+AA29+AC29+AE29+AM29+AS29+AU29 -> 26479590
B30: =+B29+1 -> 5 | C30: 1.08 | D30: DEMOLICION PISOS DE CONCRETO (incluye cargue). No incluye transporte y disposición final de sobrantes. Rendimiento estimado para espesores de 0.20m. | F30: M3 | H30: 39100 | I30: =+ROUND(H30*G30,0) -> 0 | J30: 0 | K30: =+IF(J30="","",+J30*$H30) -> 0 | L30: 0 | M30: =+IF(L30="","",+L30*$H30) -> 0 | N30: 0 | O30: =+IF(N30="","",+N30*$H30) -> 0 | P30: 0 | Q30: =+IF(P30="","",+P30*$H30) -> 0 | R30: 0 | S30: =+IF(R30="","",+R30*$H30) -> 0 | T30: 0 | U30: =+IF(T30="","",+T30*$H30) -> 0 | V30: 0 | W30: =+IF(V30="","",+V30*$H30) -> 0 | X30: 0 | Y30: =+IF(X30="","",+X30*$H30) -> 0 | Z30: 0 | AA30: =+IF(Z30="","",+Z30*$H30) -> 0 | AB30: 0 | AC30: =+IF(AB30="","",+AB30*$H30) -> 0 | AD30: 0 | AE30: =+IF(AD30="","",+AD30*$H30) -> 0 | AG30: =+IF(AF30="","",+AF30*$H30) | AI30: =+IF(AH30="","",+AH30*$H30) | AK30: =+IF(AJ30="","",+AJ30*$H30) | AL30: 0 | AM30: =+IF(AL30="","",+AL30*$H30) -> 0 | AR30: 0 | AS30: =+IF(AR30="","",+AR30*$H30) -> 0 | AT30: 0 | AU30: =+IF(AT30="","",+AT30*$H30) -> 0 | AV30: =+AB30+Z30+X30+V30+T30+R30+P30+N30+L30+J30+AD30+AF30+AH30+AJ30+AL30+AN30+AP30+AR30+AT30 -> 0 | AW30: =+K30+M30+O30+Q30+S30+U30+W30+Y30+AA30+AC30+AE30+AM30+AS30+AU30 -> 0
B31: =+B30+1 -> 6 | C31: 1.09 | D31: DEMOLICION MANUAL SARDINEL EXISTENTE (Incluye Cargue). No incluye transporte y disposición final de sobrantes. | F31: ML | H31: 3715 | I31: =+ROUND(H31*G31,0) -> 0 | J31: 90 | K31: =+IF(J31="","",+J31*$H31) -> 334350 | L31: 96 | M31: =+IF(L31="","",+L31*$H31) -> 356640 | N31: 102 | O31: =+IF(N31="","",+N31*$H31) -> 378930 | P31: 96 | Q31: =+IF(P31="","",+P31*$H31) -> 356640 | R31: 54 | S31: =+IF(R31="","",+R31*$H31) -> 200610 | T31: 56 | U31: =+IF(T31="","",+T31*$H31) -> 208040 | V31: 0 | W31: =+IF(V31="","",+V31*$H31) -> 0 | X31: 0 | Y31: =+IF(X31="","",+X31*$H31) -> 0 | Z31: 172 | AA31: =+IF(Z31="","",+Z31*$H31) -> 638980 | AB31: 180 | AC31: =+IF(AB31="","",+AB31*$H31) -> 668700 | AD31: 192 | AE31: =+IF(AD31="","",+AD31*$H31) -> 713280 | AG31: =+IF(AF31="","",+AF31*$H31) | AI31: =+IF(AH31="","",+AH31*$H31) | AK31: =+IF(AJ31="","",+AJ31*$H31) | AL31: 132 | AM31: =+IF(AL31="","",+AL31*$H31) -> 490380 | AR31: 114 | AS31: =+IF(AR31="","",+AR31*$H31) -> 423510 | AT31: 104 | AU31: =+IF(AT31="","",+AT31*$H31) -> 386360 | AV31: =+AB31+Z31+X31+V31+T31+R31+P31+N31+L31+J31+AD31+AF31+AH31+AJ31+AL31+AN31+AP31+AR31+AT31 -> 1388 | AW31: =+K31+M31+O31+Q31+S31+U31+W31+Y31+AA31+AC31+AE31+AM31+AS31+AU31 -> 5156420
B32: =+B31+1 -> 7 | C32: 1.1 | D32: TRANSPORTE Y DISPOSICIÓN FINAL DE ESCOMBROS EN SITIO AUTORIZADO (distancia de transporte 21 Km). A distancia mayor del acarreo libre (90 m) en sitio autorizado por la entidad Ambiental competente. | F32: M3 | H32: 23718 | I32: =+ROUND(H32*G32,0) -> 0 | J32: 943.566 | K32: =+IF(J32="","",+J32*$H32) -> 22379498 | L32: 958.49 | M32: =+IF(L32="","",+L32*$H32) -> 22733466 | N32: 813.98044 | O32: =+IF(N32="","",+N32*$H32) -> 19305988 | P32: 765.544 | Q32: =+IF(P32="","",+P32*$H32) -> 18157173 | R32: 63.36772 | S32: =+IF(R32="","",+R32*$H32) -> 1502955.6 | T32: 469.97808 | U32: =+IF(T32="","",+T32*$H32) -> 11146940 | V32: 910.793 | W32: =+IF(V32="","",+V32*$H32) -> 21602188 | X32: 885.378 | Y32: =+IF(X32="","",+X32*$H32) -> 20999395 | Z32: 1150.76 | AA32: =+IF(Z32="","",+Z32*$H32) -> 27293726 | AB32: 1998.126 | AC32: =+IF(AB32="","",+AB32*$H32) -> 47391552 | AD32: 2225.4752 | AE32: =+IF(AD32="","",+AD32*$H32) -> 52783821 | AG32: =+IF(AF32="","",+AF32*$H32) | AI32: =+IF(AH32="","",+AH32*$H32) | AK32: =+IF(AJ32="","",+AJ32*$H32) | AL32: 1245.296 | AM32: =+IF(AL32="","",+AL32*$H32) -> 29535931 | AR32: 750.88 | AS32: =+IF(AR32="","",+AR32*$H32) -> 17809372 | AT32: 680.264 | AU32: =+IF(AT32="","",+AT32*$H32) -> 16134502 | AV32: =+AB32+Z32+X32+V32+T32+R32+P32+N32+L32+J32+AD32+AF32+AH32+AJ32+AL32+AN32+AP32+AR32+AT32 -> 13861.898 | AW32: =+K32+M32+O32+Q32+S32+U32+W32+Y32+AA32+AC32+AE32+AM32+AS32+AU32 -> 3.2877651e+08
B33: B | C33: 2 | D33: RELLENOS | L33: 0
B34: =+B32+1 -> 8 | C34: 2.01 | D34: NIVELACION Y COMPACTACIÓN DE SUBRASANTE | F34: M2 | H34: 1093 | I34: =+ROUND(H34*G34,0) -> 0 | J34: 378 | K34: =+IF(J34="","",+J34*$H34) -> 413154 | L34: 403.2 | M34: =+IF(L34="","",+L34*$H34) -> 440697.6 | N34: 459 | O34: =+IF(N34="","",+N34*$H34) -> 501687 | P34: 432 | Q34: =+IF(P34="","",+P34*$H34) -> 472176 | R34: 243 | S34: =+IF(R34="","",+R34*$H34) -> 265599 | T34: 252 | U34: =+IF(T34="","",+T34*$H34) -> 275436 | V34: 399 | W34: =+IF(V34="","",+V34*$H34) -> 436107 | X34: 378 | Y34: =+IF(X34="","",+X34*$H34) -> 413154 | Z34: 602 | AA34: =+IF(Z34="","",+Z34*$H34) -> 657986 | AB34: 900 | AC34: =+IF(AB34="","",+AB34*$H34) -> 983700 | AD34: 1027.2 | AE34: =+IF(AD34="","",+AD34*$H34) -> 1122729.6 | AG34: =+IF(AF34="","",+AF34*$H34) | AI34: =+IF(AH34="","",+AH34*$H34) | AK34: =+IF(AJ34="","",+AJ34*$H34) | AL34: 594 | AM34: =+IF(AL34="","",+AL34*$H34) -> 649242 | AR34: 342 | AS34: =+IF(AR34="","",+AR34*$H34) -> 373806 | AT34: 312 | AU34: =+IF(AT34="","",+AT34*$H34) -> 341016 | AV34: =+AB34+Z34+X34+V34+T34+R34+P34+N34+L34+J34+AD34+AF34+AH34+AJ34+AL34+AN34+AP34+AR34+AT34 -> 6721.4 | AW34: =+K34+M34+O34+Q34+S34+U34+W34+Y34+AA34+AC34+AE34+AM34+AS34+AU34 -> 7346490.2
B35: =+B34+1 -> 9 | C35: 2.02 | D35: ESTABILIZACIÓN DE SUBRASANTE CON RAJÓN (Suministro, Extendido, Nivelación y Compactación Manual) | F35: M3 | H35: 60332 | I35: =+ROUND(H35*G35,0) -> 0 | J35: 0 | K35: =+IF(J35="","",+J35*$H35) -> 0 | L35: 0 | M35: =+IF(L35="","",+L35*$H35) -> 0 | N35: 0 | O35: =+IF(N35="","",+N35*$H35) -> 0 | P35: 0 | Q35: =+IF(P35="","",+P35*$H35) -> 0 | R35: 0 | S35: =+IF(R35="","",+R35*$H35) -> 0 | T35: 0 | U35: =+IF(T35="","",+T35*$H35) -> 0 | V35: 0 | W35: =+IF(V35="","",+V35*$H35) -> 0 | X35: 0 | Y35: =+IF(X35="","",+X35*$H35) -> 0 | Z35: 0 | AA35: =+IF(Z35="","",+Z35*$H35) -> 0 | AB35: 0 | AC35: =+IF(AB35="","",+AB35*$H35) -> 0 | AD35: 0 | AE35: =+IF(AD35="","",+AD35*$H35) -> 0 | AG35: =+IF(AF35="","",+AF35*$H35) | AI35: =+IF(AH35="","",+AH35*$H35) | AK35: =+IF(AJ35="","",+AJ35*$H35) | AL35: 0 | AM35: =+IF(AL35="","",+AL35*$H35) -> 0 | AR35: 0 | AS35: =+IF(AR35="","",+AR35*$H35) -> 0 | AT35: 0 | AU35: =+IF(AT35="","",+AT35*$H35) -> 0 | AV35: =+AB35+Z35+X35+V35+T35+R35+P35+N35+L35+J35+AD35+AF35+AH35+AJ35+AL35+AN35+AP35+AR35+AT35 -> 0 | AW35: =+K35+M35+O35+Q35+S35+U35+W35+Y35+AA35+AC35+AE35+AM35+AS35+AU35 -> 0
B36: =+B35+1 -> 10 | C36: 2.04 | D36: SUBBASE GRANULAR CLASE C (SBG_C) (Suministro, Extendido Manual, Humedecimiento y Compactación) | F36: M3 | H36: 107740 | I36: =+ROUND(H36*G36,0) -> 0 | J36: 0 | K36: =+IF(J36="","",+J36*$H36) -> 0 | L36: 0 | M36: =+IF(L36="","",+L36*$H36) -> 0 | N36: 0 | O36: =+IF(N36="","",+N36*$H36) -> 0 | P36: 0 | Q36: =+IF(P36="","",+P36*$H36) -> 0 | R36: 0 | S36: =+IF(R36="","",+R36*$H36) -> 0 | T36: 0 | U36: =+IF(T36="","",+T36*$H36) -> 0 | V36: 0 | W36: =+IF(V36="","",+V36*$H36) -> 0 | X36: 0 | Y36: =+IF(X36="","",+X36*$H36) -> 0 | Z36: 0 | AA36: =+IF(Z36="","",+Z36*$H36) -> 0 | AB36: 0 | AC36: =+IF(AB36="","",+AB36*$H36) -> 0 | AD36: 0 | AE36: =+IF(AD36="","",+AD36*$H36) -> 0 | AG36: =+IF(AF36="","",+AF36*$H36) | AI36: =+IF(AH36="","",+AH36*$H36) | AK36: =+IF(AJ36="","",+AJ36*$H36) | AL36: 0 | AM36: =+IF(AL36="","",+AL36*$H36) -> 0 | AR36: 0 | AS36: =+IF(AR36="","",+AR36*$H36) -> 0 | AT36: 0 | AU36: =+IF(AT36="","",+AT36*$H36) -> 0 | AV36: =+AB36+Z36+X36+V36+T36+R36+P36+N36+L36+J36+AD36+AF36+AH36+AJ36+AL36+AN36+AP36+AR36+AT36 -> 0 | AW36: =+K36+M36+O36+Q36+S36+U36+W36+Y36+AA36+AC36+AE36+AM36+AS36+AU36 -> 0
B37: =+B36+1 -> 11 | C37: 2.08 | D37: SUBBASE GRANULAR B-200 (Suministro, Extendido, Nivelación, Humedecimiento y Compactación con vibrocompactador) | F37: M3 | H37: 53659 | I37: =+ROUND(H37*G37,0) -> 0 | J37: 56.7 | K37: =+IF(J37="","",+J37*$H37) -> 3042465.3 | L37: 60.48 | M37: =+IF(L37="","",+L37*$H37) -> 3245296.3 | N37: 0 | O37: =+IF(N37="","",+N37*$H37) -> 0 | P37: 0 | Q37: =+IF(P37="","",+P37*$H37) -> 0 | R37: 0 | S37: =+IF(R37="","",+R37*$H37) -> 0 | T37: 0 | U37: =+IF(T37="","",+T37*$H37) -> 0 | V37: 59.85 | W37: =+IF(V37="","",+V37*$H37) -> 3211491.1 | X37: 56.7 | Y37: =+IF(X37="","",+X37*$H37) -> 3042465.3 | Z37: 90.3 | AA37: =+IF(Z37="","",+Z37*$H37) -> 4845407.7 | AB37: 135 | AC37: =+IF(AB37="","",+AB37*$H37) -> 7243965 | AD37: 154.08 | AE37: =+IF(AD37="","",+AD37*$H37) -> 8267778.7 | AG37: =+IF(AF37="","",+AF37*$H37) | AI37: =+IF(AH37="","",+AH37*$H37) | AK37: =+IF(AJ37="","",+AJ37*$H37) | AL37: 89.1 | AM37: =+IF(AL37="","",+AL37*$H37) -> 4781016.9 | AR37: 51.3 | AS37: =+IF(AR37="","",+AR37*$H37) -> 2752706.7 | AT37: 46.8 | AU37: =+IF(AT37="","",+AT37*$H37) -> 2511241.2 | AV37: =+AB37+Z37+X37+V37+T37+R37+P37+N37+L37+J37+AD37+AF37+AH37+AJ37+AL37+AN37+AP37+AR37+AT37 -> 800.31 | AW37: =+K37+M37+O37+Q37+S37+U37+W37+Y37+AA37+AC37+AE37+AM37+AS37+AU37 -> 42943834
B38: =+B37+1 -> 12 | C38: 2.1 | D38: GEOTEXTIL NT 4000 PARA ESTABILIZACION SUBRASANTE/CAPAS GRANULARES (Inc. Suministro e Instalación) | F38: M2 | H38: 12109 | I38: =+ROUND(H38*G38,0) -> 0 | J38: 0 | K38: =+IF(J38="","",+J38*$H38) -> 0 | L38: 0 | M38: =+IF(L38="","",+L38*$H38) -> 0 | N38: 0 | O38: =+IF(N38="","",+N38*$H38) -> 0 | P38: 0 | Q38: =+IF(P38="","",+P38*$H38) -> 0 | R38: 0 | S38: =+IF(R38="","",+R38*$H38) -> 0 | T38: 0 | U38: =+IF(T38="","",+T38*$H38) -> 0 | V38: 0 | W38: =+IF(V38="","",+V38*$H38) -> 0 | X38: 0 | Y38: =+IF(X38="","",+X38*$H38) -> 0 | Z38: 0 | AA38: =+IF(Z38="","",+Z38*$H38) -> 0 | AB38: 0 | AC38: =+IF(AB38="","",+AB38*$H38) -> 0 | AD38: 0 | AE38: =+IF(AD38="","",+AD38*$H38) -> 0 | AG38: =+IF(AF38="","",+AF38*$H38) | AI38: =+IF(AH38="","",+AH38*$H38) | AK38: =+IF(AJ38="","",+AJ38*$H38) | AL38: 0 | AM38: =+IF(AL38="","",+AL38*$H38) -> 0 | AR38: 0 | AS38: =+IF(AR38="","",+AR38*$H38) -> 0 | AT38: 0 | AU38: =+IF(AT38="","",+AT38*$H38) -> 0 | AV38: =+AB38+Z38+X38+V38+T38+R38+P38+N38+L38+J38+AD38+AF38+AH38+AJ38+AL38+AN38+AP38+AR38+AT38 -> 0 | AW38: =+K38+M38+O38+Q38+S38+U38+W38+Y38+AA38+AC38+AE38+AM38+AS38+AU38 -> 0
B39: C | C39: 3 | D39: PAVIMENTOS | L39: 0
B40: =+B38+1 -> 13 | C40: 3.01 | D40: MEZCLA ASFÁLTICA EN CALIENTE TIPO DENSO MD12 ASFALTO CONVENCIONAL 80-100 (cemento asfáltico 80-100) (Suministro, Extendido, Nivelación y Compactación con Vibrocompactador y compactador de llantas) | F40: M3 | H40: 654117 | I40: =+ROUND(H40*G40,0) -> 0 | J40: 0 | K40: =+IF(J40="","",+J40*$H40) -> 0 | L40: 0 | M40: =+IF(L40="","",+L40*$H40) -> 0 | N40: 0 | O40: =+IF(N40="","",+N40*$H40) -> 0 | P40: 0 | Q40: =+IF(P40="","",+P40*$H40) -> 0 | R40: 0 | S40: =+IF(R40="","",+R40*$H40) -> 0 | T40: 0 | U40: =+IF(T40="","",+T40*$H40) -> 0 | V40: 0 | W40: =+IF(V40="","",+V40*$H40) -> 0 | X40: 0 | Y40: =+IF(X40="","",+X40*$H40) -> 0 | Z40: 0 | AA40: =+IF(Z40="","",+Z40*$H40) -> 0 | AB40: 0 | AC40: =+IF(AB40="","",+AB40*$H40) -> 0 | AD40: 0 | AE40: =+IF(AD40="","",+AD40*$H40) -> 0 | AG40: =+IF(AF40="","",+AF40*$H40) | AI40: =+IF(AH40="","",+AH40*$H40) | AK40: =+IF(AJ40="","",+AJ40*$H40) | AL40: 0 | AM40: =+IF(AL40="","",+AL40*$H40) -> 0 | AR40: 0 | AS40: =+IF(AR40="","",+AR40*$H40) -> 0 | AT40: 0 | AU40: =+IF(AT40="","",+AT40*$H40) -> 0 | AV40: =+AB40+Z40+X40+V40+T40+R40+P40+N40+L40+J40+AD40+AF40+AH40+AJ40+AL40+AN40+AP40+AR40+AT40 -> 0 | AW40: =+K40+M40+O40+Q40+S40+U40+W40+Y40+AA40+AC40+AE40+AM40+AS40+AU40 -> 0
B41: =+B40+1 -> 14 | C41: 3.02 | D41: MEZCLA ASFÁLTICA EN CALIENTE TIPO DENSO MD20 ASFALTO CONVENCIONAL 60-70 (Suministro, Extendido, Nivelación y Compactación con vibrocompactador y compactador de llantas) | F41: M3 | H41: 581513 | I41: =+ROUND(H41*G41,0) -> 0 | J41: 0 | K41: =+IF(J41="","",+J41*$H41) -> 0 | L41: 0 | M41: =+IF(L41="","",+L41*$H41) -> 0 | N41: 0 | O41: =+IF(N41="","",+N41*$H41) -> 0 | P41: 0 | Q41: =+IF(P41="","",+P41*$H41) -> 0 | R41: 0 | S41: =+IF(R41="","",+R41*$H41) -> 0 | T41: 0 | U41: =+IF(T41="","",+T41*$H41) -> 0 | V41: 0 | W41: =+IF(V41="","",+V41*$H41) -> 0 | X41: 0 | Y41: =+IF(X41="","",+X41*$H41) -> 0 | Z41: 0 | AA41: =+IF(Z41="","",+Z41*$H41) -> 0 | AB41: 0 | AC41: =+IF(AB41="","",+AB41*$H41) -> 0 | AD41: 0 | AE41: =+IF(AD41="","",+AD41*$H41) -> 0 | AG41: =+IF(AF41="","",+AF41*$H41) | AI41: =+IF(AH41="","",+AH41*$H41) | AK41: =+IF(AJ41="","",+AJ41*$H41) | AL41: 0 | AM41: =+IF(AL41="","",+AL41*$H41) -> 0 | AR41: 0 | AS41: =+IF(AR41="","",+AR41*$H41) -> 0 | AT41: 0 | AU41: =+IF(AT41="","",+AT41*$H41) -> 0 | AV41: =+AB41+Z41+X41+V41+T41+R41+P41+N41+L41+J41+AD41+AF41+AH41+AJ41+AL41+AN41+AP41+AR41+AT41 -> 0 | AW41: =+K41+M41+O41+Q41+S41+U41+W41+Y41+AA41+AC41+AE41+AM41+AS41+AU41 -> 0
B42: =+B41+1 -> 15 | C42: 3.03 | D42: MEZCLA ASFALTICA CON ASFALTO CAUCHO (Suministro, Extendido, Nivelación y Compactación) | F42: M3 | H42: 949294 | I42: =+ROUND(H42*G42,0) -> 0 | J42: 75.6 | K42: =+IF(J42="","",+J42*$H42) -> 71766626 | L42: 80.64 | M42: =+IF(L42="","",+L42*$H42) -> 76551068 | N42: 0 | O42: =+IF(N42="","",+N42*$H42) -> 0 | P42: 0 | Q42: =+IF(P42="","",+P42*$H42) -> 0 | R42: 0 | S42: =+IF(R42="","",+R42*$H42) -> 0 | T42: 0 | U42: =+IF(T42="","",+T42*$H42) -> 0 | V42: 79.8 | W42: =+IF(V42="","",+V42*$H42) -> 75753661 | X42: 75.6 | Y42: =+IF(X42="","",+X42*$H42) -> 71766626 | Z42: 66.22 | AA42: =+IF(Z42="","",+Z42*$H42) -> 62862249 | AB42: 171 | AC42: =+IF(AB42="","",+AB42*$H42) -> 162329274 | AD42: 174.624 | AE42: =+IF(AD42="","",+AD42*$H42) -> 1.6576952e+08 | AG42: =+IF(AF42="","",+AF42*$H42) | AI42: =+IF(AH42="","",+AH42*$H42) | AK42: =+IF(AJ42="","",+AJ42*$H42) | AL42: 89.1 | AM42: =+IF(AL42="","",+AL42*$H42) -> 84582095 | AR42: 51.3 | AS42: =+IF(AR42="","",+AR42*$H42) -> 48698782 | AT42: 46.8 | AU42: =+IF(AT42="","",+AT42*$H42) -> 44426959 | AV42: =+AB42+Z42+X42+V42+T42+R42+P42+N42+L42+J42+AD42+AF42+AH42+AJ42+AL42+AN42+AP42+AR42+AT42 -> 910.684 | AW42: =+K42+M42+O42+Q42+S42+U42+W42+Y42+AA42+AC42+AE42+AM42+AS42+AU42 -> 8.6450686e+08
B43: =+B42+1 -> 16 | C43: 3.05 | D43: IMPRIMACION CON EMULSION ASFALTICA CRL-0 (Suministro, Barrido Superficie y Riego) | F43: M2 | H43: 1669 | I43: =+ROUND(H43*G43,0) -> 0 | J43: 1134 | K43: =+IF(J43="","",+J43*$H43) -> 1892646 | L43: 1209.6 | M43: =+IF(L43="","",+L43*$H43) -> 2018822.4 | N43: 0 | O43: =+IF(N43="","",+N43*$H43) -> 0 | P43: 0 | Q43: =+IF(P43="","",+P43*$H43) -> 0 | R43: 0 | S43: =+IF(R43="","",+R43*$H43) -> 0 | T43: 0 | U43: =+IF(T43="","",+T43*$H43) -> 0 | V43: 798 | W43: =+IF(V43="","",+V43*$H43) -> 1331862 | X43: 756 | Y43: =+IF(X43="","",+X43*$H43) -> 1261764 | Z43: 602 | AA43: =+IF(Z43="","",+Z43*$H43) -> 1004738 | AB43: 2700 | AC43: =+IF(AB43="","",+AB43*$H43) -> 4506300 | AD43: 3081.6 | AE43: =+IF(AD43="","",+AD43*$H43) -> 5143190.4 | AG43: =+IF(AF43="","",+AF43*$H43) | AI43: =+IF(AH43="","",+AH43*$H43) | AK43: =+IF(AJ43="","",+AJ43*$H43) | AL43: 1188 | AM43: =+IF(AL43="","",+AL43*$H43) -> 1982772 | AR43: 684 | AS43: =+IF(AR43="","",+AR43*$H43) -> 1141596 | AT43: 624 | AU43: =+IF(AT43="","",+AT43*$H43) -> 1041456 | AV43: =+AB43+Z43+X43+V43+T43+R43+P43+N43+L43+J43+AD43+AF43+AH43+AJ43+AL43+AN43+AP43+AR43+AT43 -> 12777.2 | AW43: =+K43+M43+O43+Q43+S43+U43+W43+Y43+AA43+AC43+AE43+AM43+AS43+AU43 -> 21325147
B44: =+B43+1 -> 17 | C44: 3.09 | D44: GEODRÉN VIAL H= 1.0m o DRENAFLEX PLANAR H= 1.0m, TUBERÍA DE 100mm (Incluye colocación base granular clase C, suministro y colocación geodren) | F44: ML | H44: 69144 | I44: =+ROUND(H44*G44,0) -> 0 | J44: 0 | K44: =+IF(J44="","",+J44*$H44) -> 0 | L44: 0 | M44: =+IF(L44="","",+L44*$H44) -> 0 | N44: 0 | O44: =+IF(N44="","",+N44*$H44) -> 0 | P44: 0 | Q44: =+IF(P44="","",+P44*$H44) -> 0 | R44: 0 | S44: =+IF(R44="","",+R44*$H44) -> 0 | T44: 0 | U44: =+IF(T44="","",+T44*$H44) -> 0 | V44: 0 | W44: =+IF(V44="","",+V44*$H44) -> 0 | X44: 108 | Y44: =+IF(X44="","",+X44*$H44) -> 7467552 | Z44: 172 | AA44: =+IF(Z44="","",+Z44*$H44) -> 11892768 | AB44: 0 | AC44: =+IF(AB44="","",+AB44*$H44) -> 0 | AD44: 0 | AE44: =+IF(AD44="","",+AD44*$H44) -> 0 | AG44: =+IF(AF44="","",+AF44*$H44) | AI44: =+IF(AH44="","",+AH44*$H44) | AK44: =+IF(AJ44="","",+AJ44*$H44) | AL44: 0 | AM44: =+IF(AL44="","",+AL44*$H44) -> 0 | AR44: 57 | AS44: =+IF(AR44="","",+AR44*$H44) -> 3941208 | AT44: 52 | AU44: =+IF(AT44="","",+AT44*$H44) -> 3595488 | AV44: =+AB44+Z44+X44+V44+T44+R44+P44+N44+L44+J44+AD44+AF44+AH44+AJ44+AL44+AN44+AP44+AR44+AT44 -> 389 | AW44: =+K44+M44+O44+Q44+S44+U44+W44+Y44+AA44+AC44+AE44+AM44+AS44+AU44 -> 26897016
B45: D | C45: 4 | D45: ESPACIO PUBLICO - ANDENES | L45: 0
B46: =+B44+1 -> 18 | C46: 4.08 | D46: BORDILLO PREFABRICADO A80 (Suministro e Instalación. Incluye 3cm Mortero de Nivelación 1:5) | F46: ML | H46: 39193 | I46: =+ROUND(H46*G46,0) -> 0 | J46: 0 | K46: =+IF(J46="","",+J46*$H46) -> 0 | L46: 0 | M46: =+IF(L46="","",+L46*$H46) -> 0 | N46: 0 | O46: =+IF(N46="","",+N46*$H46) -> 0 | P46: 0 | Q46: =+IF(P46="","",+P46*$H46) -> 0 | R46: 0 | S46: =+IF(R46="","",+R46*$H46) -> 0 | T46: 0 | U46: =+IF(T46="","",+T46*$H46) -> 0 | V46: 0 | W46: =+IF(V46="","",+V46*$H46) -> 0 | X46: 0 | Y46: =+IF(X46="","",+X46*$H46) -> 0 | Z46: 0 | AA46: =+IF(Z46="","",+Z46*$H46) -> 0 | AB46: 0 | AC46: =+IF(AB46="","",+AB46*$H46) -> 0 | AD46: 0 | AE46: =+IF(AD46="","",+AD46*$H46) -> 0 | AG46: =+IF(AF46="","",+AF46*$H46) | AI46: =+IF(AH46="","",+AH46*$H46) | AK46: =+IF(AJ46="","",+AJ46*$H46) | AL46: 0 | AM46: =+IF(AL46="","",+AL46*$H46) -> 0 | AR46: 0 | AS46: =+IF(AR46="","",+AR46*$H46) -> 0 | AT46: 0 | AU46: =+IF(AT46="","",+AT46*$H46) -> 0 | AV46: =+AB46+Z46+X46+V46+T46+R46+P46+N46+L46+J46+AD46+AF46+AH46+AJ46+AL46+AN46+AP46+AR46+AT46 -> 0 | AW46: =+K46+M46+O46+Q46+S46+U46+W46+Y46+AA46+AC46+AE46+AM46+AS46+AU46 -> 0
B47: =+B46+1 -> 19 | C47: 4.09 | D47: SARDINEL TIPO A10 (Suministro e Instalación. Incluye 3cm Mortero 2000 PSI) | F47: ML | H47: 48068 | I47: =+ROUND(H47*G47,0) -> 0 | J47: 90 | K47: =+IF(J47="","",+J47*$H47) -> 4326120 | L47: 96 | M47: =+IF(L47="","",+L47*$H47) -> 4614528 | N47: 102 | O47: =+IF(N47="","",+N47*$H47) -> 4902936 | P47: 96 | Q47: =+IF(P47="","",+P47*$H47) -> 4614528 | R47: 54 | S47: =+IF(R47="","",+R47*$H47) -> 2595672 | T47: 56 | U47: =+IF(T47="","",+T47*$H47) -> 2691808 | V47: 114 | W47: =+IF(V47="","",+V47*$H47) -> 5479752 | X47: 108 | Y47: =+IF(X47="","",+X47*$H47) -> 5191344 | Z47: 172 | AA47: =+IF(Z47="","",+Z47*$H47) -> 8267696 | AB47: 180 | AC47: =+IF(AB47="","",+AB47*$H47) -> 8652240 | AD47: 192 | AE47: =+IF(AD47="","",+AD47*$H47) -> 9229056 | AG47: =+IF(AF47="","",+AF47*$H47) | AI47: =+IF(AH47="","",+AH47*$H47) | AK47: =+IF(AJ47="","",+AJ47*$H47) | AL47: 132 | AM47: =+IF(AL47="","",+AL47*$H47) -> 6344976 | AR47: 114 | AS47: =+IF(AR47="","",+AR47*$H47) -> 5479752 | AT47: 104 | AU47: =+IF(AT47="","",+AT47*$H47) -> 4999072 | AV47: =+AB47+Z47+X47+V47+T47+R47+P47+N47+L47+J47+AD47+AF47+AH47+AJ47+AL47+AN47+AP47+AR47+AT47 -> 1610 | AW47: =+K47+M47+O47+Q47+S47+U47+W47+Y47+AA47+AC47+AE47+AM47+AS47+AU47 -> 77389480
B48: =+B47+1 -> 20 | C48: 4.1 | D48: SARDINEL H=0.40m, e=0.15m CONCRETO 3000 PSI (Fundido en Sitio, Concreto Premezclado. Inc. Sumin, Formalet. y Const.) | F48: ML | H48: 29508 | I48: =+ROUND(H48*G48,0) -> 0 | J48: 0 | K48: =+IF(J48="","",+J48*$H48) -> 0 | L48: 0 | M48: =+IF(L48="","",+L48*$H48) -> 0 | N48: 0 | O48: =+IF(N48="","",+N48*$H48) -> 0 | P48: 0 | Q48: =+IF(P48="","",+P48*$H48) -> 0 | R48: 0 | S48: =+IF(R48="","",+R48*$H48) -> 0 | T48: 0 | U48: =+IF(T48="","",+T48*$H48) -> 0 | V48: 0 | W48: =+IF(V48="","",+V48*$H48) -> 0 | X48: 0 | Y48: =+IF(X48="","",+X48*$H48) -> 0 | Z48: 0 | AA48: =+IF(Z48="","",+Z48*$H48) -> 0 | AB48: 0 | AC48: =+IF(AB48="","",+AB48*$H48) -> 0 | AD48: 0 | AE48: =+IF(AD48="","",+AD48*$H48) -> 0 | AG48: =+IF(AF48="","",+AF48*$H48) | AI48: =+IF(AH48="","",+AH48*$H48) | AK48: =+IF(AJ48="","",+AJ48*$H48) | AL48: 0 | AM48: =+IF(AL48="","",+AL48*$H48) -> 0 | AR48: 0 | AS48: =+IF(AR48="","",+AR48*$H48) -> 0 | AT48: 0 | AU48: =+IF(AT48="","",+AT48*$H48) -> 0 | AV48: =+AB48+Z48+X48+V48+T48+R48+P48+N48+L48+J48+AD48+AF48+AH48+AJ48+AL48+AN48+AP48+AR48+AT48 -> 0 | AW48: =+K48+M48+O48+Q48+S48+U48+W48+Y48+AA48+AC48+AE48+AM48+AS48+AU48 -> 0
B49: =+B48+1 -> 21 | C49: 4.12 | D49: SARDINEL BAJO A85 PARA RAMPAS (Suministro e Instalación. Incluye 3cm Mortero 2000 PSI) | F49: ML | H49: 35259 | I49: =+ROUND(H49*G49,0) -> 0 | J49: 0 | K49: =+IF(J49="","",+J49*$H49) -> 0 | L49: 0 | M49: =+IF(L49="","",+L49*$H49) -> 0 | N49: 0 | O49: =+IF(N49="","",+N49*$H49) -> 0 | P49: 0 | Q49: =+IF(P49="","",+P49*$H49) -> 0 | R49: 0 | S49: =+IF(R49="","",+R49*$H49) -> 0 | T49: 0 | U49: =+IF(T49="","",+T49*$H49) -> 0 | V49: 0 | W49: =+IF(V49="","",+V49*$H49) -> 0 | X49: 0 | Y49: =+IF(X49="","",+X49*$H49) -> 0 | Z49: 0 | AA49: =+IF(Z49="","",+Z49*$H49) -> 0 | AB49: 0 | AC49: =+IF(AB49="","",+AB49*$H49) -> 0 | AD49: 0 | AE49: =+IF(AD49="","",+AD49*$H49) -> 0 | AG49: =+IF(AF49="","",+AF49*$H49) | AI49: =+IF(AH49="","",+AH49*$H49) | AK49: =+IF(AJ49="","",+AJ49*$H49) | AL49: 0 | AM49: =+IF(AL49="","",+AL49*$H49) -> 0 | AR49: 0 | AS49: =+IF(AR49="","",+AR49*$H49) -> 0 | AT49: 0 | AU49: =+IF(AT49="","",+AT49*$H49) -> 0 | AV49: =+AB49+Z49+X49+V49+T49+R49+P49+N49+L49+J49+AD49+AF49+AH49+AJ49+AL49+AN49+AP49+AR49+AT49 -> 0 | AW49: =+K49+M49+O49+Q49+S49+U49+W49+Y49+AA49+AC49+AE49+AM49+AS49+AU49 -> 0
B50: =+B49+1 -> 22 | C50: 4.13 | D50: SARDINEL PREFABRICADO ALTO RAMPAS A86 (Suministro e Instalación. Incluye 3cm Mortero de Nivelación 2000 PSI) | F50: ML | H50: 40555 | I50: =+ROUND(H50*G50,0) -> 0 | J50: 0 | K50: =+IF(J50="","",+J50*$H50) -> 0 | L50: 0 | M50: =+IF(L50="","",+L50*$H50) -> 0 | N50: 0 | O50: =+IF(N50="","",+N50*$H50) -> 0 | P50: 0 | Q50: =+IF(P50="","",+P50*$H50) -> 0 | R50: 0 | S50: =+IF(R50="","",+R50*$H50) -> 0 | T50: 0 | U50: =+IF(T50="","",+T50*$H50) -> 0 | V50: 0 | W50: =+IF(V50="","",+V50*$H50) -> 0 | X50: 0 | Y50: =+IF(X50="","",+X50*$H50) -> 0 | Z50: 0 | AA50: =+IF(Z50="","",+Z50*$H50) -> 0 | AB50: 0 | AC50: =+IF(AB50="","",+AB50*$H50) -> 0 | AD50: 0 | AE50: =+IF(AD50="","",+AD50*$H50) -> 0 | AG50: =+IF(AF50="","",+AF50*$H50) | AI50: =+IF(AH50="","",+AH50*$H50) | AK50: =+IF(AJ50="","",+AJ50*$H50) | AL50: 0 | AM50: =+IF(AL50="","",+AL50*$H50) -> 0 | AR50: 0 | AS50: =+IF(AR50="","",+AR50*$H50) -> 0 | AT50: 0 | AU50: =+IF(AT50="","",+AT50*$H50) -> 0 | AV50: =+AB50+Z50+X50+V50+T50+R50+P50+N50+L50+J50+AD50+AF50+AH50+AJ50+AL50+AN50+AP50+AR50+AT50 -> 0 | AW50: =+K50+M50+O50+Q50+S50+U50+W50+Y50+AA50+AC50+AE50+AM50+AS50+AU50 -> 0
B51: =+B50+1 -> 23 | C51: 4.14 | D51: SARDINEL ESPECIAL A100 PARA RAMPA TIPO A (Suministro e Instalación. Incluye 3cm Mortero 2000 PSI) | F51: UN | H51: 34217 | I51: =+ROUND(H51*G51,0) -> 0 | J51: 0 | K51: =+IF(J51="","",+J51*$H51) -> 0 | L51: 0 | M51: =+IF(L51="","",+L51*$H51) -> 0 | N51: 0 | O51: =+IF(N51="","",+N51*$H51) -> 0 | P51: 0 | Q51: =+IF(P51="","",+P51*$H51) -> 0 | R51: 0 | S51: =+IF(R51="","",+R51*$H51) -> 0 | T51: 0 | U51: =+IF(T51="","",+T51*$H51) -> 0 | V51: 0 | W51: =+IF(V51="","",+V51*$H51) -> 0 | X51: 0 | Y51: =+IF(X51="","",+X51*$H51) -> 0 | Z51: 0 | AA51: =+IF(Z51="","",+Z51*$H51) -> 0 | AB51: 0 | AC51: =+IF(AB51="","",+AB51*$H51) -> 0 | AD51: 0 | AE51: =+IF(AD51="","",+AD51*$H51) -> 0 | AG51: =+IF(AF51="","",+AF51*$H51) | AI51: =+IF(AH51="","",+AH51*$H51) | AK51: =+IF(AJ51="","",+AJ51*$H51) | AL51: 0 | AM51: =+IF(AL51="","",+AL51*$H51) -> 0 | AR51: 0 | AS51: =+IF(AR51="","",+AR51*$H51) -> 0 | AT51: 0 | AU51: =+IF(AT51="","",+AT51*$H51) -> 0 | AV51: =+AB51+Z51+X51+V51+T51+R51+P51+N51+L51+J51+AD51+AF51+AH51+AJ51+AL51+AN51+AP51+AR51+AT51 -> 0 | AW51: =+K51+M51+O51+Q51+S51+U51+W51+Y51+AA51+AC51+AE51+AM51+AS51+AU51 -> 0
B52: =+B51+1 -> 24 | C52: 4.22 | D52: LOSA DE CONCRETO MR45 (Suministro, Formaleteado, Colocación y Acabado. No Incluye Acero, Curado, Juntas) | F52: M3 | H52: 496049 | I52: =+ROUND(H52*G52,0) -> 0 | J52: 0 | K52: =+IF(J52="","",+J52*$H52) -> 0 | L52: 0 | M52: =+IF(L52="","",+L52*$H52) -> 0 | N52: 0 | O52: =+IF(N52="","",+N52*$H52) -> 0 | P52: 0 | Q52: =+IF(P52="","",+P52*$H52) -> 0 | R52: 0 | S52: =+IF(R52="","",+R52*$H52) -> 0 | T52: 0 | U52: =+IF(T52="","",+T52*$H52) -> 0 | V52: 0 | W52: =+IF(V52="","",+V52*$H52) -> 0 | X52: 0 | Y52: =+IF(X52="","",+X52*$H52) -> 0 | Z52: 0 | AA52: =+IF(Z52="","",+Z52*$H52) -> 0 | AB52: 0 | AC52: =+IF(AB52="","",+AB52*$H52) -> 0 | AD52: 0 | AE52: =+IF(AD52="","",+AD52*$H52) -> 0 | AG52: =+IF(AF52="","",+AF52*$H52) | AI52: =+IF(AH52="","",+AH52*$H52) | AK52: =+IF(AJ52="","",+AJ52*$H52) | AL52: 0 | AM52: =+IF(AL52="","",+AL52*$H52) -> 0 | AR52: 0 | AS52: =+IF(AR52="","",+AR52*$H52) -> 0 | AT52: 0 | AU52: =+IF(AT52="","",+AT52*$H52) -> 0 | AV52: =+AB52+Z52+X52+V52+T52+R52+P52+N52+L52+J52+AD52+AF52+AH52+AJ52+AL52+AN52+AP52+AR52+AT52 -> 0 | AW52: =+K52+M52+O52+Q52+S52+U52+W52+Y52+AA52+AC52+AE52+AM52+AS52+AU52 -> 0
B53: =+B52+1 -> 25 | C53: 4.23 | D53: ACERO DE REFUERZO (Incluye Suministro, Figurado y Fijación) | F53: KG | H53: 2907 | I53: =+ROUND(H53*G53,0) -> 0 | J53: 0 | K53: =+IF(J53="","",+J53*$H53) -> 0 | L53: 0 | M53: =+IF(L53="","",+L53*$H53) -> 0 | N53: 2203.2 | O53: =+IF(N53="","",+N53*$H53) -> 6404702.4 | P53: 2073.6 | Q53: =+IF(P53="","",+P53*$H53) -> 6027955.2 | R53: 1166.4 | S53: =+IF(R53="","",+R53*$H53) -> 3390724.8 | T53: 1209.6 | U53: =+IF(T53="","",+T53*$H53) -> 3516307.2 | V53: 0 | W53: =+IF(V53="","",+V53*$H53) -> 0 | X53: 0 | Y53: =+IF(X53="","",+X53*$H53) -> 0 | Z53: 0 | AA53: =+IF(Z53="","",+Z53*$H53) -> 0 | AB53: 0 | AC53: =+IF(AB53="","",+AB53*$H53) -> 0 | AD53: 0 | AE53: =+IF(AD53="","",+AD53*$H53) -> 0 | AG53: =+IF(AF53="","",+AF53*$H53) | AI53: =+IF(AH53="","",+AH53*$H53) | AK53: =+IF(AJ53="","",+AJ53*$H53) | AL53: 0 | AM53: =+IF(AL53="","",+AL53*$H53) -> 0 | AR53: 0 | AS53: =+IF(AR53="","",+AR53*$H53) -> 0 | AT53: 0 | AU53: =+IF(AT53="","",+AT53*$H53) -> 0 | AV53: =+AB53+Z53+X53+V53+T53+R53+P53+N53+L53+J53+AD53+AF53+AH53+AJ53+AL53+AN53+AP53+AR53+AT53 -> 6652.8 | AW53: =+K53+M53+O53+Q53+S53+U53+W53+Y53+AA53+AC53+AE53+AM53+AS53+AU53 -> 19339690
B54: =+B53+1 -> 26 | C54: 4.28 | D54: ANDEN CONCRETO 3000 PSI (210 Kg/cm2) PREMEZCLADO e=0.10m (Incluye Suministro, Formaleteo, Fundida y Curado) | F54: M2 | H54: 48884 | I54: =+ROUND(H54*G54,0) -> 0 | J54: 0 | K54: =+IF(J54="","",+J54*$H54) -> 0 | L54: 0 | M54: =+IF(L54="","",+L54*$H54) -> 0 | N54: 0 | O54: =+IF(N54="","",+N54*$H54) -> 0 | P54: 0 | Q54: =+IF(P54="","",+P54*$H54) -> 0 | R54: 0 | S54: =+IF(R54="","",+R54*$H54) -> 0 | T54: 0 | U54: =+IF(T54="","",+T54*$H54) -> 0 | V54: 0 | W54: =+IF(V54="","",+V54*$H54) -> 0 | X54: 0 | Y54: =+IF(X54="","",+X54*$H54) -> 0 | Z54: 0 | AA54: =+IF(Z54="","",+Z54*$H54) -> 0 | AB54: 0 | AC54: =+IF(AB54="","",+AB54*$H54) -> 0 | AD54: 0 | AE54: =+IF(AD54="","",+AD54*$H54) -> 0 | AG54: =+IF(AF54="","",+AF54*$H54) | AI54: =+IF(AH54="","",+AH54*$H54) | AK54: =+IF(AJ54="","",+AJ54*$H54) | AL54: 0 | AM54: =+IF(AL54="","",+AL54*$H54) -> 0 | AR54: 0 | AS54: =+IF(AR54="","",+AR54*$H54) -> 0 | AT54: 0 | AU54: =+IF(AT54="","",+AT54*$H54) -> 0 | AV54: =+AB54+Z54+X54+V54+T54+R54+P54+N54+L54+J54+AD54+AF54+AH54+AJ54+AL54+AN54+AP54+AR54+AT54 -> 0 | AW54: =+K54+M54+O54+Q54+S54+U54+W54+Y54+AA54+AC54+AE54+AM54+AS54+AU54 -> 0
B55: F | C55: 5 | D55: ESTRUCTURA PARA REDES | L55: 0
B56: =+B54+1 -> 27 | C56: 5.04 | D56: RELLENO CON GRAVA ENTRE 3/4" Y 1/2" PARA FILTROS (RELACIÓN 1:1) SUMINISTRO Y COLOCACIÓN. (INCLUYE TRANSPORTE, SUMINISTRO, EXTENDIDO MANUAL Y COLOCACIÓN). | F56: M3 | H56: 97270 | I56: =+ROUND(H56*G56,0) -> 0 | J56: 0 | K56: =+IF(J56="","",+J56*$H56) -> 0 | L56: 0 | M56: =+IF(L56="","",+L56*$H56) -> 0 | N56: 0 | O56: =+IF(N56="","",+N56*$H56) -> 0 | P56: 0 | Q56: =+IF(P56="","",+P56*$H56) -> 0 | R56: 0 | S56: =+IF(R56="","",+R56*$H56) -> 0 | T56: 0 | U56: =+IF(T56="","",+T56*$H56) -> 0 | V56: 0 | W56: =+IF(V56="","",+V56*$H56) -> 0 | X56: 32.4 | Y56: =+IF(X56="","",+X56*$H56) -> 3151548 | Z56: 51.6 | AA56: =+IF(Z56="","",+Z56*$H56) -> 5019132 | AB56: 0 | AC56: =+IF(AB56="","",+AB56*$H56) -> 0 | AD56: 0 | AE56: =+IF(AD56="","",+AD56*$H56) -> 0 | AG56: =+IF(AF56="","",+AF56*$H56) | AI56: =+IF(AH56="","",+AH56*$H56) | AK56: =+IF(AJ56="","",+AJ56*$H56) | AL56: 0 | AM56: =+IF(AL56="","",+AL56*$H56) -> 0 | AR56: 17.1 | AS56: =+IF(AR56="","",+AR56*$H56) -> 1663317 | AT56: 15.6 | AU56: =+IF(AT56="","",+AT56*$H56) -> 1517412 | AV56: =+AB56+Z56+X56+V56+T56+R56+P56+N56+L56+J56+AD56+AF56+AH56+AJ56+AL56+AN56+AP56+AR56+AT56 -> 116.7 | AW56: =+K56+M56+O56+Q56+S56+U56+W56+Y56+AA56+AC56+AE56+AM56+AS56+AU56 -> 11351409
B57: G | C57: 6 | D57: REDES DE ACUEDUCTO | J57: 0 | L57: 0
B58: =+B56+1 -> 28 | C58: 6.61 | D58: ACOMETIDA DOMICILIARIA DE 1/2" CON COLLAR DE DERIVACION DE 4" x 1/2". SUMINISTRO E INSTALACION. (Incluye tuberia PF, registros y accesorios, longitud promedio de 6.5m, incluye cajilla en polipropileno para medidor) | F58: UN | H58: 253685 | I58: =+ROUND(H58*G58,0) -> 0 | J58: 7 | K58: =+IF(J58="","",+J58*$H58) -> 1775795 | L58: 5 | M58: =+IF(L58="","",+L58*$H58) -> 1268425 | N58: 0 | O58: =+IF(N58="","",+N58*$H58) -> 0 | P58: 0 | Q58: =+IF(P58="","",+P58*$H58) -> 0 | R58: 0 | S58: =+IF(R58="","",+R58*$H58) -> 0 | T58: 0 | U58: =+IF(T58="","",+T58*$H58) -> 0 | V58: 0 | W58: =+IF(V58="","",+V58*$H58) -> 0 | X58: 0 | Y58: =+IF(X58="","",+X58*$H58) -> 0 | Z58: 0 | AA58: =+IF(Z58="","",+Z58*$H58) -> 0 | AB58: 0 | AC58: =+IF(AB58="","",+AB58*$H58) -> 0 | AD58: 0 | AE58: =+IF(AD58="","",+AD58*$H58) -> 0 | AG58: =+IF(AF58="","",+AF58*$H58) | AI58: =+IF(AH58="","",+AH58*$H58) | AK58: =+IF(AJ58="","",+AJ58*$H58) | AL58: 0 | AM58: =+IF(AL58="","",+AL58*$H58) -> 0 | AR58: 9 | AS58: =+IF(AR58="","",+AR58*$H58) -> 2283165 | AT58: 7 | AU58: =+IF(AT58="","",+AT58*$H58) -> 1775795 | AV58: =+AB58+Z58+X58+V58+T58+R58+P58+N58+L58+J58+AD58+AF58+AH58+AJ58+AL58+AN58+AP58+AR58+AT58 -> 28 | AW58: =+K58+M58+O58+Q58+S58+U58+W58+Y58+AA58+AC58+AE58+AM58+AS58+AU58 -> 7103180
B59: =+B58+1 -> 29 | C59: 6.62 | D59: CONCRETO 4000 PSI IMPERMEABILIZADO (Hecho en Obra) | F59: M3 | H59: 382832 | I59: =+ROUND(H62*G62,0) -> 0 | J59: 0 | K59: =+IF(J59="","",+J59*$H59) -> 0 | L59: 0 | M59: =+IF(L59="","",+L59*$H59) -> 0 | N59: 0 | O59: =+IF(N59="","",+N59*$H59) -> 0 | P59: 0 | Q59: =+IF(P59="","",+P59*$H59) -> 0 | R59: 0 | S59: =+IF(R59="","",+R59*$H59) -> 0 | T59: 0 | U59: =+IF(T59="","",+T59*$H59) -> 0 | V59: 0 | W59: =+IF(V59="","",+V59*$H59) -> 0 | X59: 0 | Y59: =+IF(X59="","",+X59*$H59) -> 0 | Z59: 0 | AA59: =+IF(Z59="","",+Z59*$H59) -> 0 | AB59: 0 | AC59: =+IF(AB59="","",+AB59*$H59) -> 0 | AD59: 0 | AE59: =+IF(AD59="","",+AD59*$H59) -> 0 | AG59: =+IF(AF59="","",+AF59*$H59) | AI59: =+IF(AH59="","",+AH59*$H59) | AK59: =+IF(AJ59="","",+AJ59*$H59) | AL59: 0 | AM59: =+IF(AL59="","",+AL59*$H59) -> 0 | AR59: 0 | AS59: =+IF(AR59="","",+AR59*$H59) -> 0 | AT59: 0 | AU59: =+IF(AT59="","",+AT59*$H59) -> 0 | AV59: =+AB59+Z59+X59+V59+T59+R59+P59+N59+L59+J59+AD59+AF59+AH59+AJ59+AL59+AN59+AP59+AR59+AT59 -> 0 | AW59: =+K59+M59+O59+Q59+S59+U59+W59+Y59+AA59+AC59+AE59+AM59+AS59+AU59 -> 0
B60: =+B59+1 -> 30 | C60: 6.63 | D60: ACERO DE REFUERZO (Incluye Suministro, Figurado y Fijación) | F60: KG | H60: 2907 | I60: =+ROUND(H63*G63,0) -> 0 | J60: 0 | K60: =+IF(J60="","",+J60*$H60) -> 0 | L60: 0 | M60: =+IF(L60="","",+L60*$H60) -> 0 | N60: 0 | O60: =+IF(N60="","",+N60*$H60) -> 0 | P60: 0 | Q60: =+IF(P60="","",+P60*$H60) -> 0 | R60: 0 | S60: =+IF(R60="","",+R60*$H60) -> 0 | T60: 0 | U60: =+IF(T60="","",+T60*$H60) -> 0 | V60: 0 | W60: =+IF(V60="","",+V60*$H60) -> 0 | X60: 0 | Y60: =+IF(X60="","",+X60*$H60) -> 0 | Z60: 0 | AA60: =+IF(Z60="","",+Z60*$H60) -> 0 | AB60: 0 | AC60: =+IF(AB60="","",+AB60*$H60) -> 0 | AD60: 0 | AE60: =+IF(AD60="","",+AD60*$H60) -> 0 | AG60: =+IF(AF60="","",+AF60*$H60) | AI60: =+IF(AH60="","",+AH60*$H60) | AK60: =+IF(AJ60="","",+AJ60*$H60) | AL60: 0 | AM60: =+IF(AL60="","",+AL60*$H60) -> 0 | AR60: 0 | AS60: =+IF(AR60="","",+AR60*$H60) -> 0 | AT60: 0 | AU60: =+IF(AT60="","",+AT60*$H60) -> 0 | AV60: =+AB60+Z60+X60+V60+T60+R60+P60+N60+L60+J60+AD60+AF60+AH60+AJ60+AL60+AN60+AP60+AR60+AT60 -> 0 | AW60: =+K60+M60+O60+Q60+S60+U60+W60+Y60+AA60+AC60+AE60+AM60+AS60+AU60 -> 0
C61: 7 | D61: REDES DE ALCANTARILLADO | L61: 0
B62: =+B60+1 -> 31 | C62: 7.01 | D62: EXCAVACION MANUAL PARA REDES PROFUNDIDAD 0m - 2m (Incluye Cargue) | F62: M3 | H62: 25767 | I62: =+ROUND(H65*G65,0) -> 0 | J62: 74.22 | K62: =+IF(J62="","",+J62*$H62) -> 1912426.7 | L62: 42.26 | M62: =+IF(L62="","",+L62*$H62) -> 1088913.4 | N62: 40.72 | O62: =+IF(N62="","",+N62*$H62) -> 1049232.2 | P62: 53.2 | Q62: =+IF(P62="","",+P62*$H62) -> 1370804.4 | R62: 40.72 | S62: =+IF(R62="","",+R62*$H62) -> 1049232.2 | T62: 40.72 | U62: =+IF(T62="","",+T62*$H62) -> 1049232.2 | V62: 42.26 | W62: =+IF(V62="","",+V62*$H62) -> 1088913.4 | X62: 57.36 | Y62: =+IF(X62="","",+X62*$H62) -> 1477995.1 | Z62: 109.48 | AA62: =+IF(Z62="","",+Z62*$H62) -> 2820971.2 | AB62: 88.02 | AC62: =+IF(AB62="","",+AB62*$H62) -> 2268011.3 | AD62: 131.36 | AE62: =+IF(AD62="","",+AD62*$H62) -> 3384753.1 | AG62: =+IF(AF62="","",+AF62*$H62) | AI62: =+IF(AH62="","",+AH62*$H62) | AK62: =+IF(AJ62="","",+AJ62*$H62) | AL62: 83.42 | AM62: =+IF(AL62="","",+AL62*$H62) -> 2149483.1 | AR62: 53.2 | AS62: =+IF(AR62="","",+AR62*$H62) -> 1370804.4 | AT62: 44.88 | AU62: =+IF(AT62="","",+AT62*$H62) -> 1156423 | AV62: =+AB62+Z62+X62+V62+T62+R62+P62+N62+L62+J62+AD62+AF62+AH62+AJ62+AL62+AN62+AP62+AR62+AT62 -> 901.82 | AW62: =+K62+M62+O62+Q62+S62+U62+W62+Y62+AA62+AC62+AE62+AM62+AS62+AU62 -> 23237196
B63: =+B62+1 -> 32 | C63: 7.02 | D63: TRANSPORTE Y DISPOSICIÓN FINAL DE ESCOMBROS EN SITIO AUTORIZADO (distancia de transporte 21 Km). A distancia mayor del acarreo libre (90 m) en sitio autorizado por la entidad Ambiental competente. | F63: M3 | H63: 23718 | I63: =+ROUND(H66*G66,0) -> 0 | J63: 0 | K63: =+IF(J63="","",+J63*$H63) -> 0 | L63: 0 | M63: =+IF(L63="","",+L63*$H63) -> 0 | N63: 0 | O63: =+IF(N63="","",+N63*$H63) -> 0 | P63: 0 | Q63: =+IF(P63="","",+P63*$H63) -> 0 | R63: 0 | S63: =+IF(R63="","",+R63*$H63) -> 0 | T63: 0 | U63: =+IF(T63="","",+T63*$H63) -> 0 | V63: 0 | W63: =+IF(V63="","",+V63*$H63) -> 0 | X63: 0 | Y63: =+IF(X63="","",+X63*$H63) -> 0 | Z63: 0 | AA63: =+IF(Z63="","",+Z63*$H63) -> 0 | AB63: 0 | AC63: =+IF(AB63="","",+AB63*$H63) -> 0 | AD63: 0 | AE63: =+IF(AD63="","",+AD63*$H63) -> 0 | AG63: =+IF(AF63="","",+AF63*$H63) | AI63: =+IF(AH63="","",+AH63*$H63) | AK63: =+IF(AJ63="","",+AJ63*$H63) | AL63: 0 | AM63: =+IF(AL63="","",+AL63*$H63) -> 0 | AR63: 0 | AS63: =+IF(AR63="","",+AR63*$H63) -> 0 | AT63: 0 | AU63: =+IF(AT63="","",+AT63*$H63) -> 0 | AV63: =+AB63+Z63+X63+V63+T63+R63+P63+N63+L63+J63+AD63+AF63+AH63+AJ63+AL63+AN63+AP63+AR63+AT63 -> 0 | AW63: =+K63+M63+O63+Q63+S63+U63+W63+Y63+AA63+AC63+AE63+AM63+AS63+AU63 -> 0
B64: =+B63+1 -> 33 | C64: 7.06 | D64: RELLENO EN RECEBO COMUN (Suministro e instalación Extendido manual, Humedecimiento y Compactación TRANSPORTE A 28 KM). | F64: M3 | H64: 54659 | I64: =+ROUND(H67*G67,0) -> 0 | J64: 0 | K64: =+IF(J64="","",+J64*$H64) -> 0 | L64: 0 | M64: =+IF(L64="","",+L64*$H64) -> 0 | N64: 0 | O64: =+IF(N64="","",+N64*$H64) -> 0 | P64: 0 | Q64: =+IF(P64="","",+P64*$H64) -> 0 | R64: 0 | S64: =+IF(R64="","",+R64*$H64) -> 0 | T64: 0 | U64: =+IF(T64="","",+T64*$H64) -> 0 | V64: 0 | W64: =+IF(V64="","",+V64*$H64) -> 0 | X64: 0 | Y64: =+IF(X64="","",+X64*$H64) -> 0 | Z64: 0 | AA64: =+IF(Z64="","",+Z64*$H64) -> 0 | AB64: 0 | AC64: =+IF(AB64="","",+AB64*$H64) -> 0 | AD64: 0 | AE64: =+IF(AD64="","",+AD64*$H64) -> 0 | AG64: =+IF(AF64="","",+AF64*$H64) | AI64: =+IF(AH64="","",+AH64*$H64) | AK64: =+IF(AJ64="","",+AJ64*$H64) | AL64: 0 | AM64: =+IF(AL64="","",+AL64*$H64) -> 0 | AR64: 0 | AS64: =+IF(AR64="","",+AR64*$H64) -> 0 | AT64: 0 | AU64: =+IF(AT64="","",+AT64*$H64) -> 0 | AV64: =+AB64+Z64+X64+V64+T64+R64+P64+N64+L64+J64+AD64+AF64+AH64+AJ64+AL64+AN64+AP64+AR64+AT64 -> 0 | AW64: =+K64+M64+O64+Q64+S64+U64+W64+Y64+AA64+AC64+AE64+AM64+AS64+AU64 -> 0
B65: =+B64+1 -> 34 | C65: 7.07 | D65: RELLENO EN TRITURADO DE 3/4`` (INCLUYE TRANSPORTE, SUMINISTRO, EXTENDIDO MANUAL Y COLOCACIÓN) | F65: M3 | H65: 85263 | I65: =+ROUND(H68*G68,0) -> 0 | J65: 0 | K65: =+IF(J65="","",+J65*$H65) -> 0 | L65: 0 | M65: =+IF(L65="","",+L65*$H65) -> 0 | N65: 0 | O65: =+IF(N65="","",+N65*$H65) -> 0 | P65: 0 | Q65: =+IF(P65="","",+P65*$H65) -> 0 | R65: 0 | S65: =+IF(R65="","",+R65*$H65) -> 0 | T65: 0 | U65: =+IF(T65="","",+T65*$H65) -> 0 | V65: 0 | W65: =+IF(V65="","",+V65*$H65) -> 0 | X65: 0 | Y65: =+IF(X65="","",+X65*$H65) -> 0 | Z65: 0 | AA65: =+IF(Z65="","",+Z65*$H65) -> 0 | AB65: 0 | AC65: =+IF(AB65="","",+AB65*$H65) -> 0 | AD65: 0 | AE65: =+IF(AD65="","",+AD65*$H65) -> 0 | AG65: =+IF(AF65="","",+AF65*$H65) | AI65: =+IF(AH65="","",+AH65*$H65) | AK65: =+IF(AJ65="","",+AJ65*$H65) | AL65: 0 | AM65: =+IF(AL65="","",+AL65*$H65) -> 0 | AR65: 0 | AS65: =+IF(AR65="","",+AR65*$H65) -> 0 | AT65: 0 | AU65: =+IF(AT65="","",+AT65*$H65) -> 0 | AV65: =+AB65+Z65+X65+V65+T65+R65+P65+N65+L65+J65+AD65+AF65+AH65+AJ65+AL65+AN65+AP65+AR65+AT65 -> 0 | AW65: =+K65+M65+O65+Q65+S65+U65+W65+Y65+AA65+AC65+AE65+AM65+AS65+AU65 -> 0
B66: =+B65+1 -> 35 | C66: 7.08 | D66: RELLENO PARA REDES EN ARENA DE PEÑA (Suministro, Extendido, Humedecimiento y Compactación) | F66: M3 | H66: 88833 | I66: =+ROUND(H69*G69,0) -> 0 | J66: 0 | K66: =+IF(J66="","",+J66*$H66) -> 0 | L66: 0 | M66: =+IF(L66="","",+L66*$H66) -> 0 | N66: 0 | O66: =+IF(N66="","",+N66*$H66) -> 0 | P66: 0 | Q66: =+IF(P66="","",+P66*$H66) -> 0 | R66: 0 | S66: =+IF(R66="","",+R66*$H66) -> 0 | T66: 0 | U66: =+IF(T66="","",+T66*$H66) -> 0 | V66: 0 | W66: =+IF(V66="","",+V66*$H66) -> 0 | X66: 0 | Y66: =+IF(X66="","",+X66*$H66) -> 0 | Z66: 0 | AA66: =+IF(Z66="","",+Z66*$H66) -> 0 | AB66: 0 | AC66: =+IF(AB66="","",+AB66*$H66) -> 0 | AD66: 0 | AE66: =+IF(AD66="","",+AD66*$H66) -> 0 | AG66: =+IF(AF66="","",+AF66*$H66) | AI66: =+IF(AH66="","",+AH66*$H66) | AK66: =+IF(AJ66="","",+AJ66*$H66) | AL66: 0 | AM66: =+IF(AL66="","",+AL66*$H66) -> 0 | AR66: 0 | AS66: =+IF(AR66="","",+AR66*$H66) -> 0 | AT66: 0 | AU66: =+IF(AT66="","",+AT66*$H66) -> 0 | AV66: =+AB66+Z66+X66+V66+T66+R66+P66+N66+L66+J66+AD66+AF66+AH66+AJ66+AL66+AN66+AP66+AR66+AT66 -> 0 | AW66: =+K66+M66+O66+Q66+S66+U66+W66+Y66+AA66+AC66+AE66+AM66+AS66+AU66 -> 0
B67: =+B66+1 -> 36 | C67: 7.27 | D67: TUBERIA PVC U.M. EXT CORRUGADO/INT LISO U.M. NORMA NTC 3722-1 D=8" (Incluye Suministro e Instalación) | F67: ML | H67: 46574 | I67: =+ROUND(H67*G67,0) -> 0 | J67: 0 | K67: =+IF(J67="","",+J67*$H67) -> 0 | L67: 0 | M67: =+IF(L67="","",+L67*$H67) -> 0 | N67: 0 | O67: =+IF(N67="","",+N67*$H67) -> 0 | P67: 0 | Q67: =+IF(P67="","",+P67*$H67) -> 0 | R67: 0 | S67: =+IF(R67="","",+R67*$H67) -> 0 | T67: 0 | U67: =+IF(T67="","",+T67*$H67) -> 0 | V67: 0 | W67: =+IF(V67="","",+V67*$H67) -> 0 | X67: 0 | Y67: =+IF(X67="","",+X67*$H67) -> 0 | Z67: 0 | AA67: =+IF(Z67="","",+Z67*$H67) -> 0 | AB67: 0 | AC67: =+IF(AB67="","",+AB67*$H67) -> 0 | AD67: 0 | AE67: =+IF(AD67="","",+AD67*$H67) -> 0 | AG67: =+IF(AF67="","",+AF67*$H67) | AI67: =+IF(AH67="","",+AH67*$H67) | AK67: =+IF(AJ67="","",+AJ67*$H67) | AL67: 0 | AM67: =+IF(AL67="","",+AL67*$H67) -> 0 | AR67: 0 | AS67: =+IF(AR67="","",+AR67*$H67) -> 0 | AT67: 0 | AU67: =+IF(AT67="","",+AT67*$H67) -> 0 | AV67: =+AB67+Z67+X67+V67+T67+R67+P67+N67+L67+J67+AD67+AF67+AH67+AJ67+AL67+AN67+AP67+AR67+AT67 -> 0 | AW67: =+K67+M67+O67+Q67+S67+U67+W67+Y67+AA67+AC67+AE67+AM67+AS67+AU67 -> 0
B68: =+B67+1 -> 37 | C68: 7.28 | D68: TUBERIA PVC U.M. EXT CORRUGADO/INT LISO U.M. NORMA NTC 3722-1 D=10" (Incluye Suministro e Instalación) | F68: ML | H68: 65671 | I68: =+ROUND(H68*G68,0) -> 0 | J68: 0 | K68: =+IF(J68="","",+J68*$H68) -> 0 | L68: 0 | M68: =+IF(L68="","",+L68*$H68) -> 0 | N68: 0 | O68: =+IF(N68="","",+N68*$H68) -> 0 | P68: 0 | Q68: =+IF(P68="","",+P68*$H68) -> 0 | R68: 0 | S68: =+IF(R68="","",+R68*$H68) -> 0 | T68: 0 | U68: =+IF(T68="","",+T68*$H68) -> 0 | V68: 0 | W68: =+IF(V68="","",+V68*$H68) -> 0 | X68: 0 | Y68: =+IF(X68="","",+X68*$H68) -> 0 | Z68: 0 | AA68: =+IF(Z68="","",+Z68*$H68) -> 0 | AB68: 0 | AC68: =+IF(AB68="","",+AB68*$H68) -> 0 | AD68: 0 | AE68: =+IF(AD68="","",+AD68*$H68) -> 0 | AG68: =+IF(AF68="","",+AF68*$H68) | AI68: =+IF(AH68="","",+AH68*$H68) | AK68: =+IF(AJ68="","",+AJ68*$H68) | AL68: 0 | AM68: =+IF(AL68="","",+AL68*$H68) -> 0 | AR68: 0 | AS68: =+IF(AR68="","",+AR68*$H68) -> 0 | AT68: 0 | AU68: =+IF(AT68="","",+AT68*$H68) -> 0 | AV68: =+AB68+Z68+X68+V68+T68+R68+P68+N68+L68+J68+AD68+AF68+AH68+AJ68+AL68+AN68+AP68+AR68+AT68 -> 0 | AW68: =+K68+M68+O68+Q68+S68+U68+W68+Y68+AA68+AC68+AE68+AM68+AS68+AU68 -> 0
B69: =+B68+1 -> 38 | C69: 7.29 | D69: TUBERIA PVC U.M. EXT CORRUGADO/INT LISO U.M. NORMA NTC 3722-1 D=12" (Incluye Suministro e Instalación) | F69: ML | H69: 94137 | I69: =+ROUND(H69*G69,0) -> 0 | J69: 0 | K69: =+IF(J69="","",+J69*$H69) -> 0 | L69: 0 | M69: =+IF(L69="","",+L69*$H69) -> 0 | N69: 0 | O69: =+IF(N69="","",+N69*$H69) -> 0 | P69: 0 | Q69: =+IF(P69="","",+P69*$H69) -> 0 | R69: 0 | S69: =+IF(R69="","",+R69*$H69) -> 0 | T69: 0 | U69: =+IF(T69="","",+T69*$H69) -> 0 | V69: 0 | W69: =+IF(V69="","",+V69*$H69) -> 0 | X69: 0 | Y69: =+IF(X69="","",+X69*$H69) -> 0 | Z69: 0 | AA69: =+IF(Z69="","",+Z69*$H69) -> 0 | AB69: 0 | AC69: =+IF(AB69="","",+AB69*$H69) -> 0 | AD69: 0 | AE69: =+IF(AD69="","",+AD69*$H69) -> 0 | AG69: =+IF(AF69="","",+AF69*$H69) | AI69: =+IF(AH69="","",+AH69*$H69) | AK69: =+IF(AJ69="","",+AJ69*$H69) | AL69: 0 | AM69: =+IF(AL69="","",+AL69*$H69) -> 0 | AR69: 0 | AS69: =+IF(AR69="","",+AR69*$H69) -> 0 | AT69: 0 | AU69: =+IF(AT69="","",+AT69*$H69) -> 0 | AV69: =+AB69+Z69+X69+V69+T69+R69+P69+N69+L69+J69+AD69+AF69+AH69+AJ69+AL69+AN69+AP69+AR69+AT69 -> 0 | AW69: =+K69+M69+O69+Q69+S69+U69+W69+Y69+AA69+AC69+AE69+AM69+AS69+AU69 -> 0
B70: =+B69+1 -> 39 | C70: 7.37 | D70: POZO DE INSPECCION D=1.7 M (INCL. SUMINISTRO E INSTALACION). INCLUYE CILINDRO POZO DE INSPECCION EN MAMPOSTERIA, CONO PREFABRICADO, PLACA FONDO. | F70: UN | H70: 2340369 | I70: =+ROUND(H70*G70,0) -> 0 | J70: 0 | K70: =+IF(J70="","",+J70*$H70) -> 0 | L70: 0 | M70: =+IF(L70="","",+L70*$H70) -> 0 | N70: 0 | O70: =+IF(N70="","",+N70*$H70) -> 0 | P70: 0 | Q70: =+IF(P70="","",+P70*$H70) -> 0 | R70: 0 | S70: =+IF(R70="","",+R70*$H70) -> 0 | T70: 0 | U70: =+IF(T70="","",+T70*$H70) -> 0 | V70: 0 | W70: =+IF(V70="","",+V70*$H70) -> 0 | X70: 0 | Y70: =+IF(X70="","",+X70*$H70) -> 0 | Z70: 0 | AA70: =+IF(Z70="","",+Z70*$H70) -> 0 | AB70: 0 | AC70: =+IF(AB70="","",+AB70*$H70) -> 0 | AD70: 0 | AE70: =+IF(AD70="","",+AD70*$H70) -> 0 | AG70: =+IF(AF70="","",+AF70*$H70) | AI70: =+IF(AH70="","",+AH70*$H70) | AK70: =+IF(AJ70="","",+AJ70*$H70) | AL70: 0 | AM70: =+IF(AL70="","",+AL70*$H70) -> 0 | AR70: 0 | AS70: =+IF(AR70="","",+AR70*$H70) -> 0 | AT70: 0 | AU70: =+IF(AT70="","",+AT70*$H70) -> 0 | AV70: =+AB70+Z70+X70+V70+T70+R70+P70+N70+L70+J70+AD70+AF70+AH70+AJ70+AL70+AN70+AP70+AR70+AT70 -> 0 | AW70: =+K70+M70+O70+Q70+S70+U70+W70+Y70+AA70+AC70+AE70+AM70+AS70+AU70 -> 0
B71: =+B70+1 -> 40 | C71: 7.38 | D71: PLACA FONDO D=1.70m POZO INSPEC. (Fundida en Sitio. Incl. Sumin, Formalet, Ref, Inst. Incl. Concreto 2000 PSI de base) | F71: UN | H71: 501523 | I71: =+ROUND(H71*G71,0) -> 0 | J71: 1 | K71: =+IF(J71="","",+J71*$H71) -> 501523 | L71: 1 | M71: =+IF(L71="","",+L71*$H71) -> 501523 | N71: 0 | O71: =+IF(N71="","",+N71*$H71) -> 0 | P71: 0 | Q71: =+IF(P71="","",+P71*$H71) -> 0 | R71: 0 | S71: =+IF(R71="","",+R71*$H71) -> 0 | T71: 0 | U71: =+IF(T71="","",+T71*$H71) -> 0 | V71: 1 | W71: =+IF(V71="","",+V71*$H71) -> 501523 | X71: 0 | Y71: =+IF(X71="","",+X71*$H71) -> 0 | Z71: 2 | AA71: =+IF(Z71="","",+Z71*$H71) -> 1003046 | AB71: 1 | AC71: =+IF(AB71="","",+AB71*$H71) -> 501523 | AD71: 0 | AE71: =+IF(AD71="","",+AD71*$H71) -> 0 | AG71: =+IF(AF71="","",+AF71*$H71) | AI71: =+IF(AH71="","",+AH71*$H71) | AK71: =+IF(AJ71="","",+AJ71*$H71) | AL71: 1 | AM71: =+IF(AL71="","",+AL71*$H71) -> 501523 | AR71: 0 | AS71: =+IF(AR71="","",+AR71*$H71) -> 0 | AT71: 0 | AU71: =+IF(AT71="","",+AT71*$H71) -> 0 | AV71: =+AB71+Z71+X71+V71+T71+R71+P71+N71+L71+J71+AD71+AF71+AH71+AJ71+AL71+AN71+AP71+AR71+AT71 -> 7 | AW71: =+K71+M71+O71+Q71+S71+U71+W71+Y71+AA71+AC71+AE71+AM71+AS71+AU71 -> 3510661
B72: =+B71+1 -> 41 | C72: 7.39 | D72: NIVELACIÓN DE POZO (Hasta rasante en Concreto 3000 PSI Hecho en Obra, h=0.15m. Incluye Suministro y Construcción) | F72: UN | H72: 74372 | I72: =+ROUND(H72*G72,0) -> 0 | J72: 0 | K72: =+IF(J72="","",+J72*$H72) -> 0 | L72: 0 | M72: =+IF(L72="","",+L72*$H72) -> 0 | N72: 0 | O72: =+IF(N72="","",+N72*$H72) -> 0 | P72: 0 | Q72: =+IF(P72="","",+P72*$H72) -> 0 | R72: 0 | S72: =+IF(R72="","",+R72*$H72) -> 0 | T72: 0 | U72: =+IF(T72="","",+T72*$H72) -> 0 | V72: 0 | W72: =+IF(V72="","",+V72*$H72) -> 0 | X72: 0 | Y72: =+IF(X72="","",+X72*$H72) -> 0 | Z72: 0 | AA72: =+IF(Z72="","",+Z72*$H72) -> 0 | AB72: 0 | AC72: =+IF(AB72="","",+AB72*$H72) -> 0 | AD72: 0 | AE72: =+IF(AD72="","",+AD72*$H72) -> 0 | AG72: =+IF(AF72="","",+AF72*$H72) | AI72: =+IF(AH72="","",+AH72*$H72) | AK72: =+IF(AJ72="","",+AJ72*$H72) | AL72: 0 | AM72: =+IF(AL72="","",+AL72*$H72) -> 0 | AR72: 0 | AS72: =+IF(AR72="","",+AR72*$H72) -> 0 | AT72: 0 | AU72: =+IF(AT72="","",+AT72*$H72) -> 0 | AV72: =+AB72+Z72+X72+V72+T72+R72+P72+N72+L72+J72+AD72+AF72+AH72+AJ72+AL72+AN72+AP72+AR72+AT72 -> 0 | AW72: =+K72+M72+O72+Q72+S72+U72+W72+Y72+AA72+AC72+AE72+AM72+AS72+AU72 -> 0
B73: =+B72+1 -> 42 | C73: 7.42 | D73: SUMIDERO ALCANTARILLADO PLUVIAL EN VIA NS-047-1V4 EAAB | F73: UN | H73: 3964584 | I73: =+ROUND(H73*G73,0) -> 0 | J73: 5 | K73: =+IF(J73="","",+J73*$H73) -> 19822920 | L73: 2 | M73: =+IF(L73="","",+L73*$H73) -> 7929168 | N73: 2 | O73: =+IF(N73="","",+N73*$H73) -> 7929168 | P73: 2 | Q73: =+IF(P73="","",+P73*$H73) -> 7929168 | R73: 2 | S73: =+IF(R73="","",+R73*$H73) -> 7929168 | T73: 2 | U73: =+IF(T73="","",+T73*$H73) -> 7929168 | V73: 2 | W73: =+IF(V73="","",+V73*$H73) -> 7929168 | X73: 2 | Y73: =+IF(X73="","",+X73*$H73) -> 7929168 | Z73: 4 | AA73: =+IF(Z73="","",+Z73*$H73) -> 15858336 | AB73: 2 | AC73: =+IF(AB73="","",+AB73*$H73) -> 7929168 | AD73: 4 | AE73: =+IF(AD73="","",+AD73*$H73) -> 15858336 | AG73: =+IF(AF73="","",+AF73*$H73) | AI73: =+IF(AH73="","",+AH73*$H73) | AK73: =+IF(AJ73="","",+AJ73*$H73) | AL73: 3 | AM73: =+IF(AL73="","",+AL73*$H73) -> 11893752 | AR73: 2 | AS73: =+IF(AR73="","",+AR73*$H73) -> 7929168 | AT73: 2 | AU73: =+IF(AT73="","",+AT73*$H73) -> 7929168 | AV73: =+AB73+Z73+X73+V73+T73+R73+P73+N73+L73+J73+AD73+AF73+AH73+AJ73+AL73+AN73+AP73+AR73+AT73 -> 36 | AW73: =+K73+M73+O73+Q73+S73+U73+W73+Y73+AA73+AC73+AE73+AM73+AS73+AU73 -> 142725024
B74: =+B73+1 -> 43 | C74: 7.44 | D74: DEMOLICION SUMIDERO EXISTENTE (Incluye Cargue) | F74: UN | H74: 131064 | I74: =+ROUND(H74*G74,0) -> 0 | J74: 0 | K74: =+IF(J74="","",+J74*$H74) -> 0 | L74: 0 | M74: =+IF(L74="","",+L74*$H74) -> 0 | N74: 0 | O74: =+IF(N74="","",+N74*$H74) -> 0 | P74: 0 | Q74: =+IF(P74="","",+P74*$H74) -> 0 | R74: 0 | S74: =+IF(R74="","",+R74*$H74) -> 0 | T74: 0 | U74: =+IF(T74="","",+T74*$H74) -> 0 | V74: 0 | W74: =+IF(V74="","",+V74*$H74) -> 0 | X74: 0 | Y74: =+IF(X74="","",+X74*$H74) -> 0 | Z74: 0 | AA74: =+IF(Z74="","",+Z74*$H74) -> 0 | AB74: 0 | AC74: =+IF(AB74="","",+AB74*$H74) -> 0 | AD74: 0 | AE74: =+IF(AD74="","",+AD74*$H74) -> 0 | AG74: =+IF(AF74="","",+AF74*$H74) | AI74: =+IF(AH74="","",+AH74*$H74) | AK74: =+IF(AJ74="","",+AJ74*$H74) | AL74: 0 | AM74: =+IF(AL74="","",+AL74*$H74) -> 0 | AR74: 0 | AS74: =+IF(AR74="","",+AR74*$H74) -> 0 | AT74: 0 | AU74: =+IF(AT74="","",+AT74*$H74) -> 0 | AV74: =+AB74+Z74+X74+V74+T74+R74+P74+N74+L74+J74+AD74+AF74+AH74+AJ74+AL74+AN74+AP74+AR74+AT74 -> 0 | AW74: =+K74+M74+O74+Q74+S74+U74+W74+Y74+AA74+AC74+AE74+AM74+AS74+AU74 -> 0
B75: =+B74+1 -> 44 | C75: 7.48 | D75: CONCRETO 3000 PSI PARA REDES (Suministro y Colocación) | F75: M3 | H75: 378531 | I75: =+ROUND(H75*G75,0) -> 0 | J75: 0 | K75: =+IF(J75="","",+J75*$H75) -> 0 | L75: 0 | M75: =+IF(L75="","",+L75*$H75) -> 0 | N75: 0 | O75: =+IF(N75="","",+N75*$H75) -> 0 | P75: 0 | Q75: =+IF(P75="","",+P75*$H75) -> 0 | R75: 0 | S75: =+IF(R75="","",+R75*$H75) -> 0 | T75: 0 | U75: =+IF(T75="","",+T75*$H75) -> 0 | V75: 0 | W75: =+IF(V75="","",+V75*$H75) -> 0 | X75: 0 | Y75: =+IF(X75="","",+X75*$H75) -> 0 | Z75: 0 | AA75: =+IF(Z75="","",+Z75*$H75) -> 0 | AB75: 0 | AC75: =+IF(AB75="","",+AB75*$H75) -> 0 | AD75: 0 | AE75: =+IF(AD75="","",+AD75*$H75) -> 0 | AG75: =+IF(AF75="","",+AF75*$H75) | AI75: =+IF(AH75="","",+AH75*$H75) | AK75: =+IF(AJ75="","",+AJ75*$H75) | AL75: 0 | AM75: =+IF(AL75="","",+AL75*$H75) -> 0 | AR75: 0 | AS75: =+IF(AR75="","",+AR75*$H75) -> 0 | AT75: 0 | AU75: =+IF(AT75="","",+AT75*$H75) -> 0 | AV75: =+AB75+Z75+X75+V75+T75+R75+P75+N75+L75+J75+AD75+AF75+AH75+AJ75+AL75+AN75+AP75+AR75+AT75 -> 0 | AW75: =+K75+M75+O75+Q75+S75+U75+W75+Y75+AA75+AC75+AE75+AM75+AS75+AU75 -> 0
B76: =+B75+1 -> 45 | C76: 7.49 | D76: ACERO DE REFUERZO (Incluye Suministro, Figurado y Fijación) | F76: KG | H76: 2907 | I76: =+ROUND(H76*G76,0) -> 0 | J76: 0 | K76: =+IF(J76="","",+J76*$H76) -> 0 | L76: 0 | M76: =+IF(L76="","",+L76*$H76) -> 0 | N76: 0 | O76: =+IF(N76="","",+N76*$H76) -> 0 | P76: 0 | Q76: =+IF(P76="","",+P76*$H76) -> 0 | R76: 0 | S76: =+IF(R76="","",+R76*$H76) -> 0 | T76: 0 | U76: =+IF(T76="","",+T76*$H76) -> 0 | V76: 0 | W76: =+IF(V76="","",+V76*$H76) -> 0 | X76: 0 | Y76: =+IF(X76="","",+X76*$H76) -> 0 | Z76: 0 | AA76: =+IF(Z76="","",+Z76*$H76) -> 0 | AB76: 0 | AC76: =+IF(AB76="","",+AB76*$H76) -> 0 | AD76: 0 | AE76: =+IF(AD76="","",+AD76*$H76) -> 0 | AG76: =+IF(AF76="","",+AF76*$H76) | AI76: =+IF(AH76="","",+AH76*$H76) | AK76: =+IF(AJ76="","",+AJ76*$H76) | AL76: 0 | AM76: =+IF(AL76="","",+AL76*$H76) -> 0 | AR76: 0 | AS76: =+IF(AR76="","",+AR76*$H76) -> 0 | AT76: 0 | AU76: =+IF(AT76="","",+AT76*$H76) -> 0 | AV76: =+AB76+Z76+X76+V76+T76+R76+P76+N76+L76+J76+AD76+AF76+AH76+AJ76+AL76+AN76+AP76+AR76+AT76 -> 0 | AW76: =+K76+M76+O76+Q76+S76+U76+W76+Y76+AA76+AC76+AE76+AM76+AS76+AU76 -> 0
B77: R | C77: 9 | D77: SEÑALIZACION, DEMARCACION Y SEMAFORIZACION | J77: 0 | L77: 0
B78: =+B76+1 -> 46 | C78: 9.01 | D78: DEMARCACION LINEA CONTINUA A=0.12m (e=2.3mm,Termoplástica. Inc. Suministro y Aplicación con Equipo. Incl. Microesferas) | F78: ML | H78: 12775 | I78: =+ROUND(H78*G78,0) -> 0 | J78: 0 | K78: =+IF(J78="","",+J78*$H78) -> 0 | L78: 0 | M78: =+IF(L78="","",+L78*$H78) -> 0 | N78: 0 | O78: =+IF(N78="","",+N78*$H78) -> 0 | P78: 0 | Q78: =+IF(P78="","",+P78*$H78) -> 0 | R78: 0 | S78: =+IF(R78="","",+R78*$H78) -> 0 | T78: 0 | U78: =+IF(T78="","",+T78*$H78) -> 0 | V78: 0 | W78: =+IF(V78="","",+V78*$H78) -> 0 | X78: 0 | Y78: =+IF(X78="","",+X78*$H78) -> 0 | Z78: 0 | AA78: =+IF(Z78="","",+Z78*$H78) -> 0 | AB78: 0 | AC78: =+IF(AB78="","",+AB78*$H78) -> 0 | AD78: 0 | AE78: =+IF(AD78="","",+AD78*$H78) -> 0 | AG78: =+IF(AF78="","",+AF78*$H78) | AI78: =+IF(AH78="","",+AH78*$H78) | AK78: =+IF(AJ78="","",+AJ78*$H78) | AL78: 0 | AM78: =+IF(AL78="","",+AL78*$H78) -> 0 | AR78: 0 | AS78: =+IF(AR78="","",+AR78*$H78) -> 0 | AT78: 0 | AU78: =+IF(AT78="","",+AT78*$H78) -> 0 | AV78: =+AB78+Z78+X78+V78+T78+R78+P78+N78+L78+J78+AD78+AF78+AH78+AJ78+AL78+AN78+AP78+AR78+AT78 -> 0 | AW78: =+K78+M78+O78+Q78+S78+U78+W78+Y78+AA78+AC78+AE78+AM78+AS78+AU78 -> 0
B79: =+B78+1 -> 47 | C79: 9.02 | D79: DEMARCACION LINEA DISCONTINUA A=0.12m (e=2.3mm,Termoplástica. Inc. Suministro y Aplicación con Equipo. Incl. Microesfera | F79: ML | H79: 12775 | I79: =+ROUND(H79*G79,0) -> 0 | J79: 0 | K79: =+IF(J79="","",+J79*$H79) -> 0 | L79: 0 | M79: =+IF(L79="","",+L79*$H79) -> 0 | N79: 0 | O79: =+IF(N79="","",+N79*$H79) -> 0 | P79: 0 | Q79: =+IF(P79="","",+P79*$H79) -> 0 | R79: 0 | S79: =+IF(R79="","",+R79*$H79) -> 0 | T79: 0 | U79: =+IF(T79="","",+T79*$H79) -> 0 | V79: 0 | W79: =+IF(V79="","",+V79*$H79) -> 0 | X79: 0 | Y79: =+IF(X79="","",+X79*$H79) -> 0 | Z79: 0 | AA79: =+IF(Z79="","",+Z79*$H79) -> 0 | AB79: 0 | AC79: =+IF(AB79="","",+AB79*$H79) -> 0 | AD79: 0 | AE79: =+IF(AD79="","",+AD79*$H79) -> 0 | AG79: =+IF(AF79="","",+AF79*$H79) | AI79: =+IF(AH79="","",+AH79*$H79) | AK79: =+IF(AJ79="","",+AJ79*$H79) | AL79: 0 | AM79: =+IF(AL79="","",+AL79*$H79) -> 0 | AR79: 0 | AS79: =+IF(AR79="","",+AR79*$H79) -> 0 | AT79: 0 | AU79: =+IF(AT79="","",+AT79*$H79) -> 0 | AV79: =+AB79+Z79+X79+V79+T79+R79+P79+N79+L79+J79+AD79+AF79+AH79+AJ79+AL79+AN79+AP79+AR79+AT79 -> 0 | AW79: =+K79+M79+O79+Q79+S79+U79+W79+Y79+AA79+AC79+AE79+AM79+AS79+AU79 -> 0
B80: =+B79+1 -> 48 | C80: 9.03 | D80: DEMARCACION LINEA CONTINUA A=0.15m (e=2.3mm,Termoplástica. Inc. Suministro y Aplicación con Equipo. Incl. Microesferas) | F80: ML | H80: 16173 | I80: =+ROUND(H80*G80,0) -> 0 | J80: 135 | K80: =+IF(J80="","",+J80*$H80) -> 2183355 | L80: 144 | M80: =+IF(L80="","",+L80*$H80) -> 2328912 | N80: 153 | O80: =+IF(N80="","",+N80*$H80) -> 2474469 | P80: 144 | Q80: =+IF(P80="","",+P80*$H80) -> 2328912 | R80: 81 | S80: =+IF(R80="","",+R80*$H80) -> 1310013 | T80: 84 | U80: =+IF(T80="","",+T80*$H80) -> 1358532 | V80: 171 | W80: =+IF(V80="","",+V80*$H80) -> 2765583 | X80: 162 | Y80: =+IF(X80="","",+X80*$H80) -> 2620026 | Z80: 258 | AA80: =+IF(Z80="","",+Z80*$H80) -> 4172634 | AB80: 270 | AC80: =+IF(AB80="","",+AB80*$H80) -> 4366710 | AD80: 288 | AE80: =+IF(AD80="","",+AD80*$H80) -> 4657824 | AG80: =+IF(AF80="","",+AF80*$H80) | AI80: =+IF(AH80="","",+AH80*$H80) | AK80: =+IF(AJ80="","",+AJ80*$H80) | AL80: 198 | AM80: =+IF(AL80="","",+AL80*$H80) -> 3202254 | AR80: 171 | AS80: =+IF(AR80="","",+AR80*$H80) -> 2765583 | AT80: 156 | AU80: =+IF(AT80="","",+AT80*$H80) -> 2522988 | AV80: =+AB80+Z80+X80+V80+T80+R80+P80+N80+L80+J80+AD80+AF80+AH80+AJ80+AL80+AN80+AP80+AR80+AT80 -> 2415 | AW80: =+K80+M80+O80+Q80+S80+U80+W80+Y80+AA80+AC80+AE80+AM80+AS80+AU80 -> 39057795
B81: =+B80+1 -> 49 | C81: 9.05 | D81: DEMARCACION PASO PEATONAL-CEBRA (e=2.3mm,Termoplástica. Inc. Suministro y Aplicación con Equipo. Inc Microesferas) | F81: M2 | H81: 107821 | I81: =+ROUND(H81*G81,0) -> 0 | J81: 0 | K81: =+IF(J81="","",+J81*$H81) -> 0 | L81: 0 | M81: =+IF(L81="","",+L81*$H81) -> 0 | N81: 0 | O81: =+IF(N81="","",+N81*$H81) -> 0 | P81: 0 | Q81: =+IF(P81="","",+P81*$H81) -> 0 | R81: 0 | S81: =+IF(R81="","",+R81*$H81) -> 0 | T81: 0 | U81: =+IF(T81="","",+T81*$H81) -> 0 | V81: 0 | W81: =+IF(V81="","",+V81*$H81) -> 0 | X81: 0 | Y81: =+IF(X81="","",+X81*$H81) -> 0 | Z81: 0 | AA81: =+IF(Z81="","",+Z81*$H81) -> 0 | AB81: 0 | AC81: =+IF(AB81="","",+AB81*$H81) -> 0 | AD81: 0 | AE81: =+IF(AD81="","",+AD81*$H81) -> 0 | AG81: =+IF(AF81="","",+AF81*$H81) | AI81: =+IF(AH81="","",+AH81*$H81) | AK81: =+IF(AJ81="","",+AJ81*$H81) | AL81: 0 | AM81: =+IF(AL81="","",+AL81*$H81) -> 0 | AR81: 0 | AS81: =+IF(AR81="","",+AR81*$H81) -> 0 | AT81: 0 | AU81: =+IF(AT81="","",+AT81*$H81) -> 0 | AV81: =+AB81+Z81+X81+V81+T81+R81+P81+N81+L81+J81+AD81+AF81+AH81+AJ81+AL81+AN81+AP81+AR81+AT81 -> 0 | AW81: =+K81+M81+O81+Q81+S81+U81+W81+Y81+AA81+AC81+AE81+AM81+AS81+AU81 -> 0
B82: =+B81+1 -> 50 | C82: 9.07 | D82: ESTOPEROLES DE 10 cm x 2.5 cm. SUMINISTRO E INSTALACION. | F82: UN | H82: 4799 | I82: =+ROUND(H82*G82,0) -> 0 | J82: 0 | K82: =+IF(J82="","",+J82*$H82) -> 0 | L82: 0 | M82: =+IF(L82="","",+L82*$H82) -> 0 | N82: 0 | O82: =+IF(N82="","",+N82*$H82) -> 0 | P82: 0 | Q82: =+IF(P82="","",+P82*$H82) -> 0 | R82: 0 | S82: =+IF(R82="","",+R82*$H82) -> 0 | T82: 0 | U82: =+IF(T82="","",+T82*$H82) -> 0 | V82: 0 | W82: =+IF(V82="","",+V82*$H82) -> 0 | X82: 0 | Y82: =+IF(X82="","",+X82*$H82) -> 0 | Z82: 0 | AA82: =+IF(Z82="","",+Z82*$H82) -> 0 | AB82: 0 | AC82: =+IF(AB82="","",+AB82*$H82) -> 0 | AD82: 0 | AE82: =+IF(AD82="","",+AD82*$H82) -> 0 | AG82: =+IF(AF82="","",+AF82*$H82) | AI82: =+IF(AH82="","",+AH82*$H82) | AK82: =+IF(AJ82="","",+AJ82*$H82) | AL82: 0 | AM82: =+IF(AL82="","",+AL82*$H82) -> 0 | AR82: 0 | AS82: =+IF(AR82="","",+AR82*$H82) -> 0 | AT82: 0 | AU82: =+IF(AT82="","",+AT82*$H82) -> 0 | AV82: =+AB82+Z82+X82+V82+T82+R82+P82+N82+L82+J82+AD82+AF82+AH82+AJ82+AL82+AN82+AP82+AR82+AT82 -> 0 | AW82: =+K82+M82+O82+Q82+S82+U82+W82+Y82+AA82+AC82+AE82+AM82+AS82+AU82 -> 0
B83: =+B82+1 -> 51 | C83: 9.08 | D83: FLECHA DIRECCIONAL "DE FRENTE A LA DERECHA" (e=2.3mm,Termoplástica. Inc. Sumin. y Aplic. con Equipo. Inc. Microesferas). Marca Vial para velocidades menores o iguales a 60 Km/h Area de la Marca: 2.18m2 | F83: UN | H83: 232072 | I83: =+ROUND(H83*G83,0) -> 0 | J83: 0 | K83: =+IF(J83="","",+J83*$H83) -> 0 | L83: 0 | M83: =+IF(L83="","",+L83*$H83) -> 0 | N83: 0 | O83: =+IF(N83="","",+N83*$H83) -> 0 | P83: 0 | Q83: =+IF(P83="","",+P83*$H83) -> 0 | R83: 0 | S83: =+IF(R83="","",+R83*$H83) -> 0 | T83: 0 | U83: =+IF(T83="","",+T83*$H83) -> 0 | V83: 0 | W83: =+IF(V83="","",+V83*$H83) -> 0 | X83: 0 | Y83: =+IF(X83="","",+X83*$H83) -> 0 | Z83: 0 | AA83: =+IF(Z83="","",+Z83*$H83) -> 0 | AB83: 0 | AC83: =+IF(AB83="","",+AB83*$H83) -> 0 | AD83: 0 | AE83: =+IF(AD83="","",+AD83*$H83) -> 0 | AG83: =+IF(AF83="","",+AF83*$H83) | AI83: =+IF(AH83="","",+AH83*$H83) | AK83: =+IF(AJ83="","",+AJ83*$H83) | AL83: 0 | AM83: =+IF(AL83="","",+AL83*$H83) -> 0 | AR83: 0 | AS83: =+IF(AR83="","",+AR83*$H83) -> 0 | AT83: 0 | AU83: =+IF(AT83="","",+AT83*$H83) -> 0 | AV83: =+AB83+Z83+X83+V83+T83+R83+P83+N83+L83+J83+AD83+AF83+AH83+AJ83+AL83+AN83+AP83+AR83+AT83 -> 0 | AW83: =+K83+M83+O83+Q83+S83+U83+W83+Y83+AA83+AC83+AE83+AM83+AS83+AU83 -> 0
B84: =+B83+1 -> 52 | C84: 9.09 | D84: FLECHA DIRECCIONAL "DE FRENTE" (e=2.3mm,Termoplástica. Inc. Suministro y Aplicación con Equipo. Inc Microesferas). Marca Vial para velocidades menores o iguales a 60 Km/h Area de la Marca: 1.20 m2. | F84: UN | H84: 127746 | I84: =+ROUND(H84*G84,0) -> 0 | J84: 0 | K84: =+IF(J84="","",+J84*$H84) -> 0 | L84: 0 | M84: =+IF(L84="","",+L84*$H84) -> 0 | N84: 0 | O84: =+IF(N84="","",+N84*$H84) -> 0 | P84: 0 | Q84: =+IF(P84="","",+P84*$H84) -> 0 | R84: 0 | S84: =+IF(R84="","",+R84*$H84) -> 0 | T84: 0 | U84: =+IF(T84="","",+T84*$H84) -> 0 | V84: 0 | W84: =+IF(V84="","",+V84*$H84) -> 0 | X84: 0 | Y84: =+IF(X84="","",+X84*$H84) -> 0 | Z84: 0 | AA84: =+IF(Z84="","",+Z84*$H84) -> 0 | AB84: 0 | AC84: =+IF(AB84="","",+AB84*$H84) -> 0 | AD84: 0 | AE84: =+IF(AD84="","",+AD84*$H84) -> 0 | AG84: =+IF(AF84="","",+AF84*$H84) | AI84: =+IF(AH84="","",+AH84*$H84) | AK84: =+IF(AJ84="","",+AJ84*$H84) | AL84: 0 | AM84: =+IF(AL84="","",+AL84*$H84) -> 0 | AR84: 0 | AS84: =+IF(AR84="","",+AR84*$H84) -> 0 | AT84: 0 | AU84: =+IF(AT84="","",+AT84*$H84) -> 0 | AV84: =+AB84+Z84+X84+V84+T84+R84+P84+N84+L84+J84+AD84+AF84+AH84+AJ84+AL84+AN84+AP84+AR84+AT84 -> 0 | AW84: =+K84+M84+O84+Q84+S84+U84+W84+Y84+AA84+AC84+AE84+AM84+AS84+AU84 -> 0
B85: =+B84+1 -> 53 | C85: 9.1 | D85: FLECHA DIRECCIONAL "A LA DERECHA" (e=2.3mm,Termoplástica. Inc. Suministro y Aplicación con Equipo. Inc Microesferas). Marca Vial para velocidades menores o iguales a 60 Km/h Area de la Marca: 1.51m2 | F85: UN | H85: 160747 | I85: =+ROUND(H85*G85,0) -> 0 | J85: 0 | K85: =+IF(J85="","",+J85*$H85) -> 0 | L85: 0 | M85: =+IF(L85="","",+L85*$H85) -> 0 | N85: 0 | O85: =+IF(N85="","",+N85*$H85) -> 0 | P85: 0 | Q85: =+IF(P85="","",+P85*$H85) -> 0 | R85: 0 | S85: =+IF(R85="","",+R85*$H85) -> 0 | T85: 0 | U85: =+IF(T85="","",+T85*$H85) -> 0 | V85: 0 | W85: =+IF(V85="","",+V85*$H85) -> 0 | X85: 0 | Y85: =+IF(X85="","",+X85*$H85) -> 0 | Z85: 0 | AA85: =+IF(Z85="","",+Z85*$H85) -> 0 | AB85: 0 | AC85: =+IF(AB85="","",+AB85*$H85) -> 0 | AD85: 0 | AE85: =+IF(AD85="","",+AD85*$H85) -> 0 | AG85: =+IF(AF85="","",+AF85*$H85) | AI85: =+IF(AH85="","",+AH85*$H85) | AK85: =+IF(AJ85="","",+AJ85*$H85) | AL85: 0 | AM85: =+IF(AL85="","",+AL85*$H85) -> 0 | AR85: 0 | AS85: =+IF(AR85="","",+AR85*$H85) -> 0 | AT85: 0 | AU85: =+IF(AT85="","",+AT85*$H85) -> 0 | AV85: =+AB85+Z85+X85+V85+T85+R85+P85+N85+L85+J85+AD85+AF85+AH85+AJ85+AL85+AN85+AP85+AR85+AT85 -> 0 | AW85: =+K85+M85+O85+Q85+S85+U85+W85+Y85+AA85+AC85+AE85+AM85+AS85+AU85 -> 0
B86: V | C86: 10 | D86: NO PREVISTOS | L86: 0
A87: 1 | B87: =+B85+1 -> 54 | C87: NP 1 | D87: SUBBASE GRANULAR CLASE B (SBG_B) CON RECICLADO DE CONCRETO (Suministro, Extendido, Nivelación, Humedecimiento y Compactación con vibrocompactador) | F87: M3 | H87: 126267 | I87: =+ROUND(H87*G87,0) -> 0 | J87: 151.2 | K87: =+IF(J87="","",+J87*$H87) -> 19091570 | L87: 161.28 | M87: =+IF(L87="","",+L87*$H87) -> 20364342 | N87: 91.8 | O87: =+IF(N87="","",+N87*$H87) -> 11591311 | P87: 86.4 | Q87: =+IF(P87="","",+P87*$H87) -> 10909469 | R87: 48.6 | S87: =+IF(R87="","",+R87*$H87) -> 6136576.2 | T87: 50.4 | U87: =+IF(T87="","",+T87*$H87) -> 6363856.8 | V87: 159.6 | W87: =+IF(V87="","",+V87*$H87) -> 20152213 | X87: 151.2 | Y87: =+IF(X87="","",+X87*$H87) -> 19091570 | Z87: 120.4 | AA87: =+IF(Z87="","",+Z87*$H87) -> 15202547 | AB87: 270 | AC87: =+IF(AB87="","",+AB87*$H87) -> 34092090 | AD87: 205.44 | AE87: =+IF(AD87="","",+AD87*$H87) -> 25940292 | AG87: =+IF(AF87="","",+AF87*$H87) | AI87: =+IF(AH87="","",+AH87*$H87) | AK87: =+IF(AJ87="","",+AJ87*$H87) | AL87: 148.5 | AM87: =+IF(AL87="","",+AL87*$H87) -> 18750650 | AR87: 85.5 | AS87: =+IF(AR87="","",+AR87*$H87) -> 10795828 | AT87: 78 | AU87: =+IF(AT87="","",+AT87*$H87) -> 9848826 | AV87: =+AB87+Z87+X87+V87+T87+R87+P87+N87+L87+J87+AD87+AF87+AH87+AJ87+AL87+AN87+AP87+AR87+AT87 -> 1808.32 | AW87: =+K87+M87+O87+Q87+S87+U87+W87+Y87+AA87+AC87+AE87+AM87+AS87+AU87 -> 2.2833114e+08
A88: =+A87+1 -> 2 | B88: =+B87+1 -> 55 | C88: NP 2 | D88: BASE GRANULAR CLASE B (BG_B) CON RECICLADO DE CONCRETO (Suministro, Extendido, Nivelación, Humedecimiento y Compactación con vibrocompactador) | F88: M3 | H88: 129709 | I88: =+ROUND(H88*G88,0) -> 0 | J88: 56.7 | K88: =+IF(J88="","",+J88*$H88) -> 7354500.3 | L88: 60.48 | M88: =+IF(L88="","",+L88*$H88) -> 7844800.3 | N88: 0 | O88: =+IF(N88="","",+N88*$H88) -> 0 | P88: 0 | Q88: =+IF(P88="","",+P88*$H88) -> 0 | R88: 0 | S88: =+IF(R88="","",+R88*$H88) -> 0 | T88: 0 | U88: =+IF(T88="","",+T88*$H88) -> 0 | V88: 59.85 | W88: =+IF(V88="","",+V88*$H88) -> 7763083.6 | X88: 56.7 | Y88: =+IF(X88="","",+X88*$H88) -> 7354500.3 | Z88: 60.2 | AA88: =+IF(Z88="","",+Z88*$H88) -> 7808481.8 | AB88: 135 | AC88: =+IF(AB88="","",+AB88*$H88) -> 17510715 | AD88: 205.44 | AE88: =+IF(AD88="","",+AD88*$H88) -> 26647417 | AG88: =+IF(AF88="","",+AF88*$H88) | AI88: =+IF(AH88="","",+AH88*$H88) | AK88: =+IF(AJ88="","",+AJ88*$H88) | AL88: 89.1 | AM88: =+IF(AL88="","",+AL88*$H88) -> 11557072 | AR88: 51.3 | AS88: =+IF(AR88="","",+AR88*$H88) -> 6654071.7 | AT88: 46.8 | AU88: =+IF(AT88="","",+AT88*$H88) -> 6070381.2 | AV88: =+AB88+Z88+X88+V88+T88+R88+P88+N88+L88+J88+AD88+AF88+AH88+AJ88+AL88+AN88+AP88+AR88+AT88 -> 821.57 | AW88: =+K88+M88+O88+Q88+S88+U88+W88+Y88+AA88+AC88+AE88+AM88+AS88+AU88 -> 1.0656502e+08
A89: =+A88+1 -> 3 | B89: =+B88+1 -> 56 | C89: NP 3 | D89: BASE ESTABILIZADA CON ASFALTO EN CALIENTE MEZCLADA EN PLANTA (Incluye suministro, extendido, nivelación y compactación). | F89: M3 | H89: 592875 | I89: =+ROUND(H89*G89,0) -> 0 | J89: 0 | K89: =+IF(J89="","",+J89*$H89) -> 0 | L89: 0 | M89: =+IF(L89="","",+L89*$H89) -> 0 | N89: 0 | O89: =+IF(N89="","",+N89*$H89) -> 0 | P89: 0 | Q89: =+IF(P89="","",+P89*$H89) -> 0 | R89: 0 | S89: =+IF(R89="","",+R89*$H89) -> 0 | T89: 0 | U89: =+IF(T89="","",+T89*$H89) -> 0 | V89: 0 | W89: =+IF(V89="","",+V89*$H89) -> 0 | X89: 0 | Y89: =+IF(X89="","",+X89*$H89) -> 0 | Z89: 0 | AA89: =+IF(Z89="","",+Z89*$H89) -> 0 | AB89: 0 | AC89: =+IF(AB89="","",+AB89*$H89) -> 0 | AD89: 0 | AE89: =+IF(AD89="","",+AD89*$H89) -> 0 | AG89: =+IF(AF89="","",+AF89*$H89) | AI89: =+IF(AH89="","",+AH89*$H89) | AK89: =+IF(AJ89="","",+AJ89*$H89) | AL89: 0 | AM89: =+IF(AL89="","",+AL89*$H89) -> 0 | AR89: 0 | AS89: =+IF(AR89="","",+AR89*$H89) -> 0 | AT89: 0 | AU89: =+IF(AT89="","",+AT89*$H89) -> 0 | AV89: =+AB89+Z89+X89+V89+T89+R89+P89+N89+L89+J89+AD89+AF89+AH89+AJ89+AL89+AN89+AP89+AR89+AT89 -> 0 | AW89: =+K89+M89+O89+Q89+S89+U89+W89+Y89+AA89+AC89+AE89+AM89+AS89+AU89 -> 0
A90: =+A89+1 -> 4 | B90: =+B89+1 -> 57 | C90: NP 4 | D90: ESTABILIZACIÓN DE SUBRASANTE CON RAJÓN, INCLUYE EQUIPO DE COMPACTACIÓN (Suministro, extendido a mano, nivelación y compactación con retroexcavadora sobre oruga y benitín de 1 tonelada incluyen operario y combustible. | F90: M3 | H90: 107660 | I90: =+ROUND(H90*G90,0) -> 0 | J90: 151.2 | K90: =+IF(J90="","",+J90*$H90) -> 16278192 | L90: 161.28 | M90: =+IF(L90="","",+L90*$H90) -> 17363405 | N90: 183.6 | O90: =+IF(N90="","",+N90*$H90) -> 19766376 | P90: 172.8 | Q90: =+IF(P90="","",+P90*$H90) -> 18603648 | R90: 97.2 | S90: =+IF(R90="","",+R90*$H90) -> 10464552 | T90: 100.8 | U90: =+IF(T90="","",+T90*$H90) -> 10852128 | V90: 119.7 | W90: =+IF(V90="","",+V90*$H90) -> 12886902 | X90: 113.4 | Y90: =+IF(X90="","",+X90*$H90) -> 12208644 | Z90: 240.8 | AA90: =+IF(Z90="","",+Z90*$H90) -> 25924528 | AB90: 360 | AC90: =+IF(AB90="","",+AB90*$H90) -> 38757600 | AD90: 410.88 | AE90: =+IF(AD90="","",+AD90*$H90) -> 44235341 | AG90: =+IF(AF90="","",+AF90*$H90) | AI90: =+IF(AH90="","",+AH90*$H90) | AK90: =+IF(AJ90="","",+AJ90*$H90) | AL90: 237.6 | AM90: =+IF(AL90="","",+AL90*$H90) -> 25580016 | AR90: 136.8 | AS90: =+IF(AR90="","",+AR90*$H90) -> 14727888 | AT90: 124.8 | AU90: =+IF(AT90="","",+AT90*$H90) -> 13435968 | AV90: =+AB90+Z90+X90+V90+T90+R90+P90+N90+L90+J90+AD90+AF90+AH90+AJ90+AL90+AN90+AP90+AR90+AT90 -> 2610.86 | AW90: =+K90+M90+O90+Q90+S90+U90+W90+Y90+AA90+AC90+AE90+AM90+AS90+AU90 -> 2.8108519e+08
A91: =+A90+1 -> 5 | B91: =+B90+1 -> 58 | C91: NP 5 | D91: (DOVELAS) ACERO LISO PARA TRANSFERENCIA DE LOSAS D= 1 1/2" (NO INCLUYE CANASTILLA). SUMINISTRO E INSTALACIÓN. | F91: KG | H91: 4260 | I91: =+ROUND(H91*G91,0) -> 0 | J91: 0 | K91: =+IF(J91="","",+J91*$H91) -> 0 | L91: 0 | M91: =+IF(L91="","",+L91*$H91) -> 0 | N91: 1554.0429 | O91: =+IF(N91="","",+N91*$H91) -> 6620222.6 | P91: 1462.6286 | Q91: =+IF(P91="","",+P91*$H91) -> 6230797.7 | R91: 822.72857 | S91: =+IF(R91="","",+R91*$H91) -> 3504823.7 | T91: 853.2 | U91: =+IF(T91="","",+T91*$H91) -> 3634632 | V91: 0 | W91: =+IF(V91="","",+V91*$H91) -> 0 | X91: 0 | Y91: =+IF(X91="","",+X91*$H91) -> 0 | Z91: 0 | AA91: =+IF(Z91="","",+Z91*$H91) -> 0 | AB91: 0 | AC91: =+IF(AB91="","",+AB91*$H91) -> 0 | AD91: 0 | AE91: =+IF(AD91="","",+AD91*$H91) -> 0 | AG91: =+IF(AF91="","",+AF91*$H91) | AI91: =+IF(AH91="","",+AH91*$H91) | AK91: =+IF(AJ91="","",+AJ91*$H91) | AL91: 0 | AM91: =+IF(AL91="","",+AL91*$H91) -> 0 | AR91: 0 | AS91: =+IF(AR91="","",+AR91*$H91) -> 0 | AT91: 0 | AU91: =+IF(AT91="","",+AT91*$H91) -> 0 | AV91: =+AB91+Z91+X91+V91+T91+R91+P91+N91+L91+J91+AD91+AF91+AH91+AJ91+AL91+AN91+AP91+AR91+AT91 -> 4692.6 | AW91: =+K91+M91+O91+Q91+S91+U91+W91+Y91+AA91+AC91+AE91+AM91+AS91+AU91 -> 19990476
A92: =+A91+1 -> 6 | B92: =+B91+1 -> 59 | C92: NP 6 | D92: CANASTILLA PASAJUNTAS (Incluye suministro y fijación) | F92: KG | H92: 4510 | I92: =+ROUND(H92*G92,0) -> 0 | J92: 0 | K92: =+IF(J92="","",+J92*$H92) -> 0 | L92: 0 | M92: =+IF(L92="","",+L92*$H92) -> 0 | N92: 675.38571 | O92: =+IF(N92="","",+N92*$H92) -> 3045989.6 | P92: 635.65714 | Q92: =+IF(P92="","",+P92*$H92) -> 2866813.7 | R92: 357.55714 | S92: =+IF(R92="","",+R92*$H92) -> 1612582.7 | T92: 370.8 | U92: =+IF(T92="","",+T92*$H92) -> 1672308 | V92: 0 | W92: =+IF(V92="","",+V92*$H92) -> 0 | X92: 0 | Y92: =+IF(X92="","",+X92*$H92) -> 0 | Z92: 0 | AA92: =+IF(Z92="","",+Z92*$H92) -> 0 | AB92: 0 | AC92: =+IF(AB92="","",+AB92*$H92) -> 0 | AD92: 0 | AE92: =+IF(AD92="","",+AD92*$H92) -> 0 | AG92: =+IF(AF92="","",+AF92*$H92) | AI92: =+IF(AH92="","",+AH92*$H92) | AK92: =+IF(AJ92="","",+AJ92*$H92) | AL92: 0 | AM92: =+IF(AL92="","",+AL92*$H92) -> 0 | AR92: 0 | AS92: =+IF(AR92="","",+AR92*$H92) -> 0 | AT92: 0 | AU92: =+IF(AT92="","",+AT92*$H92) -> 0 | AV92: =+AB92+Z92+X92+V92+T92+R92+P92+N92+L92+J92+AD92+AF92+AH92+AJ92+AL92+AN92+AP92+AR92+AT92 -> 2039.4 | AW92: =+K92+M92+O92+Q92+S92+U92+W92+Y92+AA92+AC92+AE92+AM92+AS92+AU92 -> 9197694
A93: =+A92+1 -> 7 | B93: =+B92+1 -> 60 | C93: NP 7 | D93: SELLO DE JUNTAS CON ICOPOR Y SIKAFLEX 1A SELLADO DE JUNTAS (300cc) (Incluye suministro e instalación) | F93: ML | H93: 16640 | I93: =+ROUND(H93*G93,0) -> 0 | J93: 0 | K93: =+IF(J93="","",+J93*$H93) -> 0 | L93: 0 | M93: =+IF(L93="","",+L93*$H93) -> 0 | N93: 255 | O93: =+IF(N93="","",+N93*$H93) -> 4243200 | P93: 240 | Q93: =+IF(P93="","",+P93*$H93) -> 3993600 | R93: 135 | S93: =+IF(R93="","",+R93*$H93) -> 2246400 | T93: 140 | U93: =+IF(T93="","",+T93*$H93) -> 2329600 | V93: 0 | W93: =+IF(V93="","",+V93*$H93) -> 0 | X93: 0 | Y93: =+IF(X93="","",+X93*$H93) -> 0 | Z93: 0 | AA93: =+IF(Z93="","",+Z93*$H93) -> 0 | AB93: 0 | AC93: =+IF(AB93="","",+AB93*$H93) -> 0 | AD93: 0 | AE93: =+IF(AD93="","",+AD93*$H93) -> 0 | AG93: =+IF(AF93="","",+AF93*$H93) | AI93: =+IF(AH93="","",+AH93*$H93) | AK93: =+IF(AJ93="","",+AJ93*$H93) | AL93: 0 | AM93: =+IF(AL93="","",+AL93*$H93) -> 0 | AR93: 0 | AS93: =+IF(AR93="","",+AR93*$H93) -> 0 | AT93: 0 | AU93: =+IF(AT93="","",+AT93*$H93) -> 0 | AV93: =+AB93+Z93+X93+V93+T93+R93+P93+N93+L93+J93+AD93+AF93+AH93+AJ93+AL93+AN93+AP93+AR93+AT93 -> 770 | AW93: =+K93+M93+O93+Q93+S93+U93+W93+Y93+AA93+AC93+AE93+AM93+AS93+AU93 -> 12812800
A94: =+A93+1 -> 8 | B94: =+B93+1 -> 61 | C94: NP 8 | D94: PLACA CUBIERTA D=1.70m POZO INSPEC. (Fundida en Sitio. Inc. Sum, Formalet., Refuerzo e Inst. Incl.Tapa en Polipropileno) | F94: UN | H94: 1875596 | I94: =+ROUND(H94*G94,0) -> 0 | J94: 2 | K94: =+IF(J94="","",+J94*$H94) -> 3751192 | L94: 1 | M94: =+IF(L94="","",+L94*$H94) -> 1875596 | N94: 2 | O94: =+IF(N94="","",+N94*$H94) -> 3751192 | P94: 0 | Q94: =+IF(P94="","",+P94*$H94) -> 0 | R94: 1 | S94: =+IF(R94="","",+R94*$H94) -> 1875596 | T94: 2 | U94: =+IF(T94="","",+T94*$H94) -> 3751192 | V94: 2 | W94: =+IF(V94="","",+V94*$H94) -> 3751192 | X94: 0 | Y94: =+IF(X94="","",+X94*$H94) -> 0 | Z94: 2 | AA94: =+IF(Z94="","",+Z94*$H94) -> 3751192 | AB94: 1 | AC94: =+IF(AB94="","",+AB94*$H94) -> 1875596 | AD94: 0 | AE94: =+IF(AD94="","",+AD94*$H94) -> 0 | AG94: =+IF(AF94="","",+AF94*$H94) | AI94: =+IF(AH94="","",+AH94*$H94) | AK94: =+IF(AJ94="","",+AJ94*$H94) | AL94: 2 | AM94: =+IF(AL94="","",+AL94*$H94) -> 3751192 | AR94: 0 | AS94: =+IF(AR94="","",+AR94*$H94) -> 0 | AT94: 0 | AU94: =+IF(AT94="","",+AT94*$H94) -> 0 | AV94: =+AB94+Z94+X94+V94+T94+R94+P94+N94+L94+J94+AD94+AF94+AH94+AJ94+AL94+AN94+AP94+AR94+AT94 -> 15 | AW94: =+K94+M94+O94+Q94+S94+U94+W94+Y94+AA94+AC94+AE94+AM94+AS94+AU94 -> 28133940
A95: =+A94+1 -> 9 | B95: =+B94+1 -> 62 | C95: NP 9 | D95: LOSA DE CONCRETO MR41 (Suministro, Formaleteado, Colocación y Acabado. No Incluye Acero, Curado, Juntas) | F95: M3 | H95: 501501 | I95: =+ROUND(H95*G95,0) -> 0 | J95: 0 | K95: =+IF(J95="","",+J95*$H95) -> 0 | L95: 0 | M95: =+IF(L95="","",+L95*$H95) -> 0 | N95: 0 | O95: =+IF(N95="","",+N95*$H95) -> 0 | P95: 0 | Q95: =+IF(P95="","",+P95*$H95) -> 0 | R95: 0 | S95: =+IF(R95="","",+R95*$H95) -> 0 | T95: 0 | U95: =+IF(T95="","",+T95*$H95) -> 0 | V95: 0 | W95: =+IF(V95="","",+V95*$H95) -> 0 | X95: 0 | Y95: =+IF(X95="","",+X95*$H95) -> 0 | Z95: 0 | AA95: =+IF(Z95="","",+Z95*$H95) -> 0 | AB95: 0 | AC95: =+IF(AB95="","",+AB95*$H95) -> 0 | AD95: 0 | AE95: =+IF(AD95="","",+AD95*$H95) -> 0 | AG95: =+IF(AF95="","",+AF95*$H95) | AI95: =+IF(AH95="","",+AH95*$H95) | AK95: =+IF(AJ95="","",+AJ95*$H95) | AL95: 0 | AM95: =+IF(AL95="","",+AL95*$H95) -> 0 | AR95: 0 | AS95: =+IF(AR95="","",+AR95*$H95) -> 0 | AT95: 0 | AU95: =+IF(AT95="","",+AT95*$H95) -> 0 | AV95: =+AB95+Z95+X95+V95+T95+R95+P95+N95+L95+J95+AD95+AF95+AH95+AJ95+AL95+AN95+AP95+AR95+AT95 -> 0 | AW95: =+K95+M95+O95+Q95+S95+U95+W95+Y95+AA95+AC95+AE95+AM95+AS95+AU95 -> 0
A96: =+A95+1 -> 10 | B96: =+B95+1 -> 63 | C96: NP 10 | D96: DEMOLICIÓN CONCRETO ESTRUCTURAL (Incluye Cargue manual). No incluye transporte y disposición final de sobrantes. | F96: M3 | H96: 155956 | I96: =+ROUND(H96*G96,0) -> 0 | J96: 0 | K96: =+IF(J96="","",+J96*$H96) -> 0 | L96: 0 | M96: =+IF(L96="","",+L96*$H96) -> 0 | N96: 0 | O96: =+IF(N96="","",+N96*$H96) -> 0 | P96: 0 | Q96: =+IF(P96="","",+P96*$H96) -> 0 | R96: 0 | S96: =+IF(R96="","",+R96*$H96) -> 0 | T96: 0 | U96: =+IF(T96="","",+T96*$H96) -> 0 | V96: 0 | W96: =+IF(V96="","",+V96*$H96) -> 0 | X96: 0 | Y96: =+IF(X96="","",+X96*$H96) -> 0 | Z96: 0 | AA96: =+IF(Z96="","",+Z96*$H96) -> 0 | AB96: 0 | AC96: =+IF(AB96="","",+AB96*$H96) -> 0 | AD96: 0 | AE96: =+IF(AD96="","",+AD96*$H96) -> 0 | AG96: =+IF(AF96="","",+AF96*$H96) | AI96: =+IF(AH96="","",+AH96*$H96) | AK96: =+IF(AJ96="","",+AJ96*$H96) | AL96: 0 | AM96: =+IF(AL96="","",+AL96*$H96) -> 0 | AR96: 0 | AS96: =+IF(AR96="","",+AR96*$H96) -> 0 | AT96: 0 | AU96: =+IF(AT96="","",+AT96*$H96) -> 0 | AV96: =+AB96+Z96+X96+V96+T96+R96+P96+N96+L96+J96+AD96+AF96+AH96+AJ96+AL96+AN96+AP96+AR96+AT96 -> 0 | AW96: =+K96+M96+O96+Q96+S96+U96+W96+Y96+AA96+AC96+AE96+AM96+AS96+AU96 -> 0
A97: =+A96+1 -> 11 | B97: =+B96+1 -> 64 | C97: NP 11 | D97: SUBBASE GRANULAR CLASE A (SBG_A) CON RECICLADO DE CONCRETO HIDRAULICO (Suministro, Extendido Manual, Humedecimiento y Compactación con vibrocompactador) | F97: M3 | H97: 133693 | I97: =+ROUND(H97*G97,0) -> 0 | J97: 0 | K97: =+IF(J97="","",+J97*$H97) -> 0 | L97: 0 | M97: =+IF(L97="","",+L97*$H97) -> 0 | N97: 0 | O97: =+IF(N97="","",+N97*$H97) -> 0 | P97: 0 | Q97: =+IF(P97="","",+P97*$H97) -> 0 | R97: 0 | S97: =+IF(R97="","",+R97*$H97) -> 0 | T97: 0 | U97: =+IF(T97="","",+T97*$H97) -> 0 | V97: 0 | W97: =+IF(V97="","",+V97*$H97) -> 0 | X97: 0 | Y97: =+IF(X97="","",+X97*$H97) -> 0 | Z97: 0 | AA97: =+IF(Z97="","",+Z97*$H97) -> 0 | AB97: 0 | AC97: =+IF(AB97="","",+AB97*$H97) -> 0 | AD97: 0 | AE97: =+IF(AD97="","",+AD97*$H97) -> 0 | AG97: =+IF(AF97="","",+AF97*$H97) | AI97: =+IF(AH97="","",+AH97*$H97) | AK97: =+IF(AJ97="","",+AJ97*$H97) | AL97: 0 | AM97: =+IF(AL97="","",+AL97*$H97) -> 0 | AR97: 0 | AS97: =+IF(AR97="","",+AR97*$H97) -> 0 | AT97: 0 | AU97: =+IF(AT97="","",+AT97*$H97) -> 0 | AV97: =+AB97+Z97+X97+V97+T97+R97+P97+N97+L97+J97+AD97+AF97+AH97+AJ97+AL97+AN97+AP97+AR97+AT97 -> 0 | AW97: =+K97+M97+O97+Q97+S97+U97+W97+Y97+AA97+AC97+AE97+AM97+AS97+AU97 -> 0
A98: =+A97+1 -> 12 | B98: =+B97+1 -> 65 | C98: NP 12 | D98: SUBBASE GRANULAR CLASE C (SBG_C) CON RECICLADO DE CONCRETO HIDRAULICO (Suministro, Extendido Manual, Humedecimiento y Compactación) | F98: M3 | H98: 132146 | I98: =+ROUND(H98*G98,0) -> 0 | J98: 0 | K98: =+IF(J98="","",+J98*$H98) -> 0 | L98: 0 | M98: =+IF(L98="","",+L98*$H98) -> 0 | N98: 0 | O98: =+IF(N98="","",+N98*$H98) -> 0 | P98: 0 | Q98: =+IF(P98="","",+P98*$H98) -> 0 | R98: 0 | S98: =+IF(R98="","",+R98*$H98) -> 0 | T98: 0 | U98: =+IF(T98="","",+T98*$H98) -> 0 | V98: 0 | W98: =+IF(V98="","",+V98*$H98) -> 0 | X98: 0 | Y98: =+IF(X98="","",+X98*$H98) -> 0 | Z98: 0 | AA98: =+IF(Z98="","",+Z98*$H98) -> 0 | AB98: 0 | AC98: =+IF(AB98="","",+AB98*$H98) -> 0 | AD98: 0 | AE98: =+IF(AD98="","",+AD98*$H98) -> 0 | AG98: =+IF(AF98="","",+AF98*$H98) | AI98: =+IF(AH98="","",+AH98*$H98) | AK98: =+IF(AJ98="","",+AJ98*$H98) | AL98: 0 | AM98: =+IF(AL98="","",+AL98*$H98) -> 0 | AR98: 0 | AS98: =+IF(AR98="","",+AR98*$H98) -> 0 | AT98: 0 | AU98: =+IF(AT98="","",+AT98*$H98) -> 0 | AV98: =+AB98+Z98+X98+V98+T98+R98+P98+N98+L98+J98+AD98+AF98+AH98+AJ98+AL98+AN98+AP98+AR98+AT98 -> 0 | AW98: =+K98+M98+O98+Q98+S98+U98+W98+Y98+AA98+AC98+AE98+AM98+AS98+AU98 -> 0
A99: =+A98+1 -> 13 | B99: =+B98+1 -> 66 | C99: NP 13 | D99: DEMOLICIÓN DE CONCRETO: ESPESORES 8cm A 15cm. (Incluye retiro de material, transporte y disposición final de escombros en sitio autorizado). | F99: M3 | H99: 74088 | I99: =+ROUND(H99*G99,0) -> 0 | J99: 0 | K99: =+IF(J99="","",+J99*$H99) -> 0 | L99: 0 | M99: =+IF(L99="","",+L99*$H99) -> 0 | N99: 0 | O99: =+IF(N99="","",+N99*$H99) -> 0 | P99: 0 | Q99: =+IF(P99="","",+P99*$H99) -> 0 | R99: 0 | S99: =+IF(R99="","",+R99*$H99) -> 0 | T99: 0 | U99: =+IF(T99="","",+T99*$H99) -> 0 | V99: 0 | W99: =+IF(V99="","",+V99*$H99) -> 0 | X99: 0 | Y99: =+IF(X99="","",+X99*$H99) -> 0 | Z99: 0 | AA99: =+IF(Z99="","",+Z99*$H99) -> 0 | AB99: 0 | AC99: =+IF(AB99="","",+AB99*$H99) -> 0 | AD99: 0 | AE99: =+IF(AD99="","",+AD99*$H99) -> 0 | AG99: =+IF(AF99="","",+AF99*$H99) | AI99: =+IF(AH99="","",+AH99*$H99) | AK99: =+IF(AJ99="","",+AJ99*$H99) | AL99: 0 | AM99: =+IF(AL99="","",+AL99*$H99) -> 0 | AR99: 0 | AS99: =+IF(AR99="","",+AR99*$H99) -> 0 | AT99: 0 | AU99: =+IF(AT99="","",+AT99*$H99) -> 0 | AV99: =+AB99+Z99+X99+V99+T99+R99+P99+N99+L99+J99+AD99+AF99+AH99+AJ99+AL99+AN99+AP99+AR99+AT99 -> 0 | AW99: =+K99+M99+O99+Q99+S99+U99+W99+Y99+AA99+AC99+AE99+AM99+AS99+AU99 -> 0
... A103: =+A102+1 -> 17 | B103: =+B102+1 -> 70 | C103: NP 17 | D103: GEOTEXTIL TEJIDO PARA SEPARACIÓN SUBRASANTE/CAPAS GRANULARES (Incluye Suministro e Instalación) | F103: M2 | H103: 7176 | I103: =+ROUND(H103*G103,0) -> 0 | J103: 0 | K103: =+IF(J103="","",+J103*$H103) -> 0 | L103: 0 | M103: =+IF(L103="","",+L103*$H103) -> 0 | N103: 0 | O103: =+IF(N103="","",+N103*$H103) -> 0 | P103: 0 | Q103: =+IF(P103="","",+P103*$H103) -> 0 | R103: 0 | S103: =+IF(R103="","",+R103*$H103) -> 0 | T103: 0 | U103: =+IF(T103="","",+T103*$H103) -> 0 | V103: 0 | W103: =+IF(V103="","",+V103*$H103) -> 0 | X103: 0 | Y103: =+IF(X103="","",+X103*$H103) -> 0 | Z103: 0 | AA103: =+IF(Z103="","",+Z103*$H103) -> 0 | AB103: 0 | AC103: =+IF(AB103="","",+AB103*$H103) -> 0 | AD103: 0 | AE103: =+IF(AD103="","",+AD103*$H103) -> 0 | AG103: =+IF(AF103="","",+AF103*$H103) | AI103: =+IF(AH103="","",+AH103*$H103) | AK103: =+IF(AJ103="","",+AJ103*$H103) | AL103: 0 | AM103: =+IF(AL103="","",+AL103*$H103) -> 0 | AR103: 0 | AS103: =+IF(AR103="","",+AR103*$H103) -> 0 | AT103: 0 | AU103: =+IF(AT103="","",+AT103*$H103) -> 0 | AV103: =+AB103+Z103+X103+V103+T103+R103+P103+N103+L103+J103+AD103+AF103+AH103+AJ103+AL103+AN103+AP103+AR103+AT103 -> 0 | AW103: =+K103+M103+O103+Q103+S103+U103+W103+Y103+AA103+AC103+AE103+AM103+AS103+AU103 -> 0
A104: =+A103+1 -> 18 | B104: 71 | C104: NP 18 | D104: CORTE DE PAVIMENTO - INCLUYE EQUIPO: CORTADORA DE CONCRETO INCLUYE OPERARIO Y COMBUSTIBLE. INCLUYE DISCO DIAMANTADO ASFALTO-CONCRETO 350 mm, AGUA Y MANO DE OBRA | F104: ML | H104: 1733 | I104: =+ROUND(H104*G104,0) -> 0 | J104: 16.8 | K104: =+IF(J104="","",+J104*$H104) -> 29114.4 | L104: 16.8 | M104: =+IF(L104="","",+L104*$H104) -> 29114.4 | N104: 18 | O104: =+IF(N104="","",+N104*$H104) -> 31194 | P104: 18 | Q104: =+IF(P104="","",+P104*$H104) -> 31194 | R104: 18 | S104: =+IF(R104="","",+R104*$H104) -> 31194 | T104: 18 | U104: =+IF(T104="","",+T104*$H104) -> 31194 | V104: 14 | W104: =+IF(V104="","",+V104*$H104) -> 24262 | X104: 14 | Y104: =+IF(X104="","",+X104*$H104) -> 24262 | Z104: 14 | AA104: =+IF(Z104="","",+Z104*$H104) -> 24262 | AB104: 20 | AC104: =+IF(AB104="","",+AB104*$H104) -> 34660 | AD104: 21.4 | AE104: =+IF(AD104="","",+AD104*$H104) -> 37086.2 | AG104: =+IF(AF104="","",+AF104*$H104) | AI104: =+IF(AH104="","",+AH104*$H104) | AK104: =+IF(AJ104="","",+AJ104*$H104) | AL104: 18 | AM104: =+IF(AL104="","",+AL104*$H104) -> 31194 | AR104: 12 | AS104: =+IF(AR104="","",+AR104*$H104) -> 20796 | AT104: 12 | AU104: =+IF(AT104="","",+AT104*$H104) -> 20796 | AV104: =+AB104+Z104+X104+V104+T104+R104+P104+N104+L104+J104+AD104+AF104+AH104+AJ104+AL104+AN104+AP104+AR104+AT104 -> 231 | AW104: =+K104+M104+O104+Q104+S104+U104+W104+Y104+AA104+AC104+AE104+AM104+AS104+AU104 -> 400323
A105: =+A104+1 -> 19 | B105: 72 | C105: NP 19 | D105: MALLA ELECTROSOLDADA 0.15x0.15m, D=5mm, 5mm (Incluye Suministro, Fijación e Instalación) | F105: KG | H105: 3854 | I105: =+ROUND(H105*G105,0) -> 0 | J105: 0 | K105: =+IF(J105="","",+J105*$H105) -> 0 | L105: 0 | M105: =+IF(L105="","",+L105*$H105) -> 0 | N105: 0 | O105: =+IF(N105="","",+N105*$H105) -> 0 | P105: 0 | Q105: =+IF(P105="","",+P105*$H105) -> 0 | R105: 0 | S105: =+IF(R105="","",+R105*$H105) -> 0 | T105: 0 | U105: =+IF(T105="","",+T105*$H105) -> 0 | V105: 0 | W105: =+IF(V105="","",+V105*$H105) -> 0 | X105: 0 | Y105: =+IF(X105="","",+X105*$H105) -> 0 | Z105: 0 | AA105: =+IF(Z105="","",+Z105*$H105) -> 0 | AB105: 0 | AC105: =+IF(AB105="","",+AB105*$H105) -> 0 | AD105: 0 | AE105: =+IF(AD105="","",+AD105*$H105) -> 0 | AG105: =+IF(AF105="","",+AF105*$H105) | AI105: =+IF(AH105="","",+AH105*$H105) | AK105: =+IF(AJ105="","",+AJ105*$H105) | AL105: 0 | AM105: =+IF(AL105="","",+AL105*$H105) -> 0 | AR105: 0 | AS105: =+IF(AR105="","",+AR105*$H105) -> 0 | AT105: 0 | AU105: =+IF(AT105="","",+AT105*$H105) -> 0 | AV105: =+AB105+Z105+X105+V105+T105+R105+P105+N105+L105+J105+AD105+AF105+AH105+AJ105+AL105+AN105+AP105+AR105+AT105 -> 0 | AW105: =+K105+M105+O105+Q105+S105+U105+W105+Y105+AA105+AC105+AE105+AM105+AS105+AU105 -> 0
A106: =+A105+1 -> 20 | B106: 73 | C106: NP 20 | D106: CILINDRO POZO INSP. EN MAMPOSTERIA e=0.25m (Inc. Sumin. y Const, Acero para Escaleras, Geotextil y Pañete Impermeab.) | F106: ML | H106: 445010 | I106: =+ROUND(H106*G106,0) -> 0 | J106: 1.5 | K106: =+IF(J106="","",+J106*$H106) -> 667515 | L106: 1.5 | M106: =+IF(L106="","",+L106*$H106) -> 667515 | N106: 0 | O106: =+IF(N106="","",+N106*$H106) -> 0 | P106: 0 | Q106: =+IF(P106="","",+P106*$H106) -> 0 | R106: 0 | S106: =+IF(R106="","",+R106*$H106) -> 0 | T106: 0 | U106: =+IF(T106="","",+T106*$H106) -> 0 | V106: 1.5 | W106: =+IF(V106="","",+V106*$H106) -> 667515 | X106: 0 | Y106: =+IF(X106="","",+X106*$H106) -> 0 | Z106: 3 | AA106: =+IF(Z106="","",+Z106*$H106) -> 1335030 | AB106: 1.5 | AC106: =+IF(AB106="","",+AB106*$H106) -> 667515 | AD106: 0 | AE106: =+IF(AD106="","",+AD106*$H106) -> 0 | AG106: =+IF(AF106="","",+AF106*$H106) | AI106: =+IF(AH106="","",+AH106*$H106) | AK106: =+IF(AJ106="","",+AJ106*$H106) | AL106: 1.5 | AM106: =+IF(AL106="","",+AL106*$H106) -> 667515 | AR106: 0 | AS106: =+IF(AR106="","",+AR106*$H106) -> 0 | AT106: 0 | AU106: =+IF(AT106="","",+AT106*$H106) -> 0 | AV106: =+AB106+Z106+X106+V106+T106+R106+P106+N106+L106+J106+AD106+AF106+AH106+AJ106+AL106+AN106+AP106+AR106+AT106 -> 10.5 | AW106: =+K106+M106+O106+Q106+S106+U106+W106+Y106+AA106+AC106+AE106+AM106+AS106+AU106 -> 4672605
A107: =+A106+1 -> 21 | B107: 74 | C107: NP 21 | D107: CONEXIONES KIT SILLA YEE 200 x 160 PVC. SUMINISTRO E INSTALACIÓN. | F107: UN | H107: 110670 | I107: =+ROUND(H107*G107,0) -> 0 | J107: 0 | K107: =+IF(J107="","",+J107*$H107) -> 0 | L107: 0 | M107: =+IF(L107="","",+L107*$H107) -> 0 | N107: 0 | O107: =+IF(N107="","",+N107*$H107) -> 0 | P107: 0 | Q107: =+IF(P107="","",+P107*$H107) -> 0 | R107: 0 | S107: =+IF(R107="","",+R107*$H107) -> 0 | T107: 0 | U107: =+IF(T107="","",+T107*$H107) -> 0 | V107: 0 | W107: =+IF(V107="","",+V107*$H107) -> 0 | X107: 0 | Y107: =+IF(X107="","",+X107*$H107) -> 0 | Z107: 0 | AA107: =+IF(Z107="","",+Z107*$H107) -> 0 | AB107: 0 | AC107: =+IF(AB107="","",+AB107*$H107) -> 0 | AD107: 0 | AE107: =+IF(AD107="","",+AD107*$H107) -> 0 | AG107: =+IF(AF107="","",+AF107*$H107) | AI107: =+IF(AH107="","",+AH107*$H107) | AK107: =+IF(AJ107="","",+AJ107*$H107) | AL107: 0 | AM107: =+IF(AL107="","",+AL107*$H107) -> 0 | AR107: 0 | AS107: =+IF(AR107="","",+AR107*$H107) -> 0 | AT107: 0 | AU107: =+IF(AT107="","",+AT107*$H107) -> 0 | AV107: =+AB107+Z107+X107+V107+T107+R107+P107+N107+L107+J107+AD107+AF107+AH107+AJ107+AL107+AN107+AP107+AR107+AT107 -> 0 | AW107: =+K107+M107+O107+Q107+S107+U107+W107+Y107+AA107+AC107+AE107+AM107+AS107+AU107 -> 0
A108: =+A107+1 -> 22 | B108: 75 | C108: NP 22 | D108: CONEXIONES KIT SILLA YEE 315 x 160 PVC. SUMINISTRO E INSTALACIÓN. | F108: UN | H108: 186414 | I108: =+ROUND(H108*G108,0) -> 0 | J108: 0 | K108: =+IF(J108="","",+J108*$H108) -> 0 | L108: 0 | M108: =+IF(L108="","",+L108*$H108) -> 0 | N108: 0 | O108: =+IF(N108="","",+N108*$H108) -> 0 | P108: 0 | Q108: =+IF(P108="","",+P108*$H108) -> 0 | R108: 0 | S108: =+IF(R108="","",+R108*$H108) -> 0 | T108: 0 | U108: =+IF(T108="","",+T108*$H108) -> 0 | V108: 0 | W108: =+IF(V108="","",+V108*$H108) -> 0 | X108: 0 | Y108: =+IF(X108="","",+X108*$H108) -> 0 | Z108: 0 | AA108: =+IF(Z108="","",+Z108*$H108) -> 0 | AB108: 0 | AC108: =+IF(AB108="","",+AB108*$H108) -> 0 | AD108: 0 | AE108: =+IF(AD108="","",+AD108*$H108) -> 0 | AG108: =+IF(AF108="","",+AF108*$H108) | AI108: =+IF(AH108="","",+AH108*$H108) | AK108: =+IF(AJ108="","",+AJ108*$H108) | AL108: 0 | AM108: =+IF(AL108="","",+AL108*$H108) -> 0 | AR108: 0 | AS108: =+IF(AR108="","",+AR108*$H108) -> 0 | AT108: 0 | AU108: =+IF(AT108="","",+AT108*$H108) -> 0 | AV108: =+AB108+Z108+X108+V108+T108+R108+P108+N108+L108+J108+AD108+AF108+AH108+AJ108+AL108+AN108+AP108+AR108+AT108 -> 0 | AW108: =+K108+M108+O108+Q108+S108+U108+W108+Y108+AA108+AC108+AE108+AM108+AS108+AU108 -> 0
A109: =+A108+1 -> 23 | B109: 76 | C109: NP 23 | D109: REHABILITACIÓN RED DE ALCANTARILLADO CON TECNOLOGÍA CIPP, CON RESINA DE GRP CURADA CON RAYOS UV, INCLUYE EQUIPOS, MATERIALES, TRANSPORTES Y PERSONAL. DIÁMETRO 18”. ESPESOR 4.20 mm. EC = 14.200 MPA. (Incluye: Fabricación, importación, nacionalización, logística y suministro de materiales (Liner), proceso instalación, curado con luz ultravioleta, personal y actividades complementarias para finalizar la rehabilitación, Inspección final con equipo CCTV. (Entrega de video, informe pos rehabilitación e informe de protocolo del proceso de rehabilitación con norma técnica EAB)). | F109: ML | H109: 1334017 | I109: =+ROUND(H109*G109,0) -> 0 | J109: 0 | K109: =+IF(J109="","",+J109*$H109) -> 0 | L109: 0 | M109: =+IF(L109="","",+L109*$H109) -> 0 | N109: 0 | O109: =+IF(N109="","",+N109*$H109) -> 0 | P109: 48.67 | Q109: =+IF(P109="","",+P109*$H109) -> 64926607 | R109: 28.3 | S109: =+IF(R109="","",+R109*$H109) -> 37752681 | T109: 28.08 | U109: =+IF(T109="","",+T109*$H109) -> 37459197 | V109: 0 | W109: =+IF(V109="","",+V109*$H109) -> 0 | X109: 0 | Y109: =+IF(X109="","",+X109*$H109) -> 0 | Z109: 0 | AA109: =+IF(Z109="","",+Z109*$H109) -> 0 | AB109: 0 | AC109: =+IF(AB109="","",+AB109*$H109) -> 0 | AD109: 0 | AE109: =+IF(AD109="","",+AD109*$H109) -> 0 | AG109: =+IF(AF109="","",+AF109*$H109) | AI109: =+IF(AH109="","",+AH109*$H109) | AK109: =+IF(AJ109="","",+AJ109*$H109) | AL109: 0 | AM109: =+IF(AL109="","",+AL109*$H109) -> 0 | AR109: 0 | AS109: =+IF(AR109="","",+AR109*$H109) -> 0 | AT109: 0 | AU109: =+IF(AT109="","",+AT109*$H109) -> 0 | AV109: =+AB109+Z109+X109+V109+T109+R109+P109+N109+L109+J109+AD109+AF109+AH109+AJ109+AL109+AN109+AP109+AR109+AT109 -> 105.05 | AW109: =+K109+M109+O109+Q109+S109+U109+W109+Y109+AA109+AC109+AE109+AM109+AS109+AU109 -> 1.4013849e+08
A110: =+A109+1 -> 24 | B110: =+B109+1 -> 77 | C110: NP 24 | D110: REHABILITACIÓN RED DE ALCANTARILLADO CON TECNOLOGÍA CIPP, CON RESINA DE GRP CURADA CON RAYOS UV, INCLUYE EQUIPOS, MATERIALES, TRANSPORTES Y PERSONAL. DIÁMETRO 20”. ESPESOR 4.90 mm. EC = 14.200 MPA. (Incluye: Fabricación, importación, nacionalización, logística y suministro de materiales (Liner), proceso instalación, curado con luz ultravioleta, personal y actividades complementarias para finalizar la rehabilitación, Inspección final con equipo CCTV. (Entrega de video, informe pos rehabilitación e informe de protocolo del proceso de rehabilitación con norma técnica EAB)). | F110: ML | H110: 1480258 | I110: =+ROUND(H110*G110,0) -> 0 | J110: 0 | K110: =+IF(J110="","",+J110*$H110) -> 0 | L110: 0 | M110: =+IF(L110="","",+L110*$H110) -> 0 | N110: 30.47 | O110: =+IF(N110="","",+N110*$H110) -> 45103461 | P110: 0 | Q110: =+IF(P110="","",+P110*$H110) -> 0 | R110: 0 | S110: =+IF(R110="","",+R110*$H110) -> 0 | T110: 0 | U110: =+IF(T110="","",+T110*$H110) -> 0 | V110: 0 | W110: =+IF(V110="","",+V110*$H110) -> 0 | X110: 0 | Y110: =+IF(X110="","",+X110*$H110) -> 0 | Z110: 0 | AA110: =+IF(Z110="","",+Z110*$H110) -> 0 | AB110: 0 | AC110: =+IF(AB110="","",+AB110*$H110) -> 0 | AD110: 0 | AE110: =+IF(AD110="","",+AD110*$H110) -> 0 | AG110: =+IF(AF110="","",+AF110*$H110) | AI110: =+IF(AH110="","",+AH110*$H110) | AK110: =+IF(AJ110="","",+AJ110*$H110) | AL110: 0 | AM110: =+IF(AL110="","",+AL110*$H110) -> 0 | AR110: 0 | AS110: =+IF(AR110="","",+AR110*$H110) -> 0 | AT110: 0 | AU110: =+IF(AT110="","",+AT110*$H110) -> 0 | AV110: =+AB110+Z110+X110+V110+T110+R110+P110+N110+L110+J110+AD110+AF110+AH110+AJ110+AL110+AN110+AP110+AR110+AT110 -> 30.47 | AW110: =+K110+M110+O110+Q110+S110+U110+W110+Y110+AA110+AC110+AE110+AM110+AS110+AU110 -> 45103461
A111: =+A110+1 -> 25 | B111: =+B110+1 -> 78 | C111: NP 25 | D111: REHABILITACIÓN RED DE ALCANTARILLADO CON TECNOLOGÍA CIPP, CON RESINA DE GRP CURADA CON RAYOS UV, INCLUYE EQUIPOS, MATERIALES, TRANSPORTES Y PERSONAL. DIÁMETRO 6”. ESPESOR 4.90 mm. EC = 14.200 MPA. (Incluye: Fabricación, importación, nacionalización, logística y suministro de materiales (Liner), proceso instalación, curado con luz ultravioleta, personal y actividades complementarias para finalizar la rehabilitación, Inspección final con equipo CCTV. (Entrega de video, informe pos rehabilitación e informe de protocolo del proceso de rehabilitación con norma técnica EAB)). | F111: ML | H111: 630000 | I111: =+ROUND(H111*G111,0) -> 0 | J111: 0 | K111: =+IF(J111="","",+J111*$H111) -> 0 | L111: 0 | M111: =+IF(L111="","",+L111*$H111) -> 0 | N111: 42 | O111: =+IF(N111="","",+N111*$H111) -> 26460000 | P111: 63 | Q111: =+IF(P111="","",+P111*$H111) -> 39690000 | R111: 42 | S111: =+IF(R111="","",+R111*$H111) -> 26460000 | T111: 42 | U111: =+IF(T111="","",+T111*$H111) -> 26460000 | V111: 0 | W111: =+IF(V111="","",+V111*$H111) -> 0 | X111: 0 | Y111: =+IF(X111="","",+X111*$H111) -> 0 | Z111: 0 | AA111: =+IF(Z111="","",+Z111*$H111) -> 0 | AB111: 0 | AC111: =+IF(AB111="","",+AB111*$H111) -> 0 | AD111: 0 | AE111: =+IF(AD111="","",+AD111*$H111) -> 0 | AG111: =+IF(AF111="","",+AF111*$H111) | AI111: =+IF(AH111="","",+AH111*$H111) | AK111: =+IF(AJ111="","",+AJ111*$H111) | AL111: 0 | AM111: =+IF(AL111="","",+AL111*$H111) -> 0 | AR111: 0 | AS111: =+IF(AR111="","",+AR111*$H111) -> 0 | AT111: 0 | AU111: =+IF(AT111="","",+AT111*$H111) -> 0 | AV111: =+AB111+Z111+X111+V111+T111+R111+P111+N111+L111+J111+AD111+AF111+AH111+AJ111+AL111+AN111+AP111+AR111+AT111 -> 189 | AW111: =+K111+M111+O111+Q111+S111+U111+W111+Y111+AA111+AC111+AE111+AM111+AS111+AU111 -> 119070000
...

Sheet MEMORIAS DE CALCULO PRESUPUESTO
F2: MEMORIAS DE CANTIDADES DE OBRA EJECUTADA | P2: MEMORIA | V2: =SUM(V3:V7203) -> 147
F4: CONTROL DE OBRA | P4: 1 | Q4: de | R4: 147 | V4: =+IF(C13="","",1) -> 1
D6: CONTRATO DE OBRA: | F6: FDLM-137-2019 | J6: CONTRATISTA: | L6: CONSULTORIA Y CONSTRUCCION - CON & CON S.A.S. | Q6: NIT: | R6: 830.041.411-0
D7: OBJETO DEL CONTRATO: | F7: EJECUTAR A PRECIOS UNITARIOS FIJOS POR LA MODALIDAD DE MONTO AGOTABLE, LAS OBRAS Y ACTIVIDADES PARA LA CONSERVACION DE LA MALLA VIAL Y ESPACIO PUBLICO DE LA LOCALIDAD DE LOS MARTIRES
D9: VERSION | E9: V1 | F9: FECHA | I9: 44058 | O9: ELABORÓ: | P9: JAVIER HERNANDO PERILLA VACCA
D11: UPZ: | K11: BARRIO:
A13: =+E13 -> 1.01 | B13: =+U37 -> 6721.4 | C13: 1 | D13: ITEM: | E13: 1.01 | F13: DESCRIPCION: | H13: REPLANTEO GENERAL | N13: UNIDAD: | Q13: M2 | Z13: SEGMENTOS - CIVS
D15: REGISTRO FOTOGRAFICO | N15: CIV | O15: OBSERVACIONES | Q15: DIMENSIONES | T15: CANTIDAD | U15: TOTAL ACUMULADO | Z15: 1 | AA15: =+Z15+1 -> 2 | AB15: =+AA15+1 -> 3 | AC15: =+AB15+1 -> 4 | AD15: =+AC15+1 -> 5 | AE15: =+AD15+1 -> 6 | AF15: =+AE15+1 -> 7 | AG15: =+AF15+1 -> 8 | AH15: =+AG15+1 -> 9 | ... AR15: =+AQ15+1 -> 19
Q16: Long. | R16: Ancho | S16: Alto | Z16: 14001469 | AA16: 14001481 | AB16: 14000772 | AC16: 14000741 | AD16: 14000718 | AE16: 14001678 | AF16: 14001545 | AG16: 14001517 | AH16: 14001156 | AI16: 14001367 | AJ16: 14000126 | AK16: 14000550 | AL16: 14001058 | AM16: 14000205 | AN16: 14001506 | AO16: 14001265 | AP16: 14000282 | AQ16: 14001619 | AR16: 14001616
N17: 14001469 | O17: CALZADA | Q17: 45 | R17: 8.4 | T17: 1 | U17: =+Q17*R17*T17 -> 378 | W17: 1 | Y17: =+C13 -> 1 | Z17: =+SUMIF($N17:$N36,$Z$16,$U17:$U36) -> 378 | AA17: =+SUMIF($N17:$N36,$AA$16,$U17:$U36) -> 403.2 | AB17: =+SUMIF($N17:$N36,$AB$16,$U17:$U36) -> 459 | AC17: =+SUMIF($N17:$N36,$AC$16,$U17:$U36) -> 432 | AD17: =+SUMIF($N17:$N36,$AD$16,$U17:$U36) -> 243 | AE17: =+SUMIF($N17:$N36,$AE$16,$U17:$U36) -> 252 | AF17: =+SUMIF($N17:$N36,$AF$16,$U17:$U36) -> 399 | AG17: =+SUMIF($N17:$N36,$AG$16,$U17:$U36) -> 378 | AH17: =+SUMIF($N17:$N36,$AH$16,$U17:$U36) -> 602 | AI17: =+SUMIF($N17:$N36,$AI$16,$U17:$U36) -> 900 | AJ17: =+SUMIF($N17:$N36,$AJ$16,$U17:$U36) -> 1027.2 | AK17: =+SUMIF($N17:$N36,$AK$16,$U17:$U36) -> 0 | AL17: =+SUMIF($N17:$N36,$AL$16,$U17:$U36) -> 0 | AM17: =+SUMIF($N17:$N36,$AM$16,$U17:$U36) -> 0 | AN17: =+SUMIF($N17:$N36,$AN$16,$U17:$U36) -> 594 | AO17: =+SUMIF($N17:$N36,$AO$16,$U17:$U36) -> 0 | AP17: =+SUMIF($N17:$N36,$AP$16,$U17:$U36) -> 0 | AQ17: =+SUMIF($N17:$N36,$AQ$16,$U17:$U36) -> 342 | AR17: =+SUMIF($N17:$N36,$AR$16,$U17:$U36) -> 312
N18: 14001481 | O18: CALZADA | Q18: 48 | R18: 8.4 | T18: 1 | U18: =+Q18*R18*T18 -> 403.2 | W18: 2
N19: 14000772 | O19: CALZADA | Q19: 51 | R19: 9 | T19: 1 | U19: =+Q19*R19*T19 -> 459 | W19: 3
N20: 14000741 | O20: CALZADA | Q20: 48 | R20: 9 | T20: 1 | U20: =+Q20*R20*T20 -> 432 | W20: 4
N21: 14000718 | O21: CALZADA | Q21: 27 | R21: 9 | T21: 1 | U21: =+Q21*R21*T21 -> 243 | W21: 5
N22: 14001678 | O22: CALZADA | Q22: 28 | R22: 9 | T22: 1 | U22: =+Q22*R22*T22 -> 252 | W22: 6
N23: 14001545 | O23: CALZADA | Q23: 57 | R23: 7 | T23: 1 | U23: =+Q23*R23*T23 -> 399 | W23: 7
N24: 14001517 | O24: CALZADA | Q24: 54 | R24: 7 | T24: 1 | U24: =+Q24*R24*T24 -> 378 | W24: 8
N25: 14001156 | O25: CALZADA | Q25: 86 | R25: 7 | T25: 1 | U25: =+Q25*R25*T25 -> 602 | W25: 9
N26: 14001367 | O26: CALZADA | Q26: 90 | R26: 10 | T26: 1 | U26: =+Q26*R26*T26 -> 900 | W26: 10
N27: 14000126 | O27: CALZADA | Q27: 96 | R27: 10.7 | T27: 1 | U27: =+Q27*R27*T27 -> 1027.2 | W27: 11
N31: 14001506 | O31: CALZADA | Q31: 66 | R31: 9 | T31: 1 | U31: =+Q31*R31*T31 -> 594 | W31: 15
N34: 14001619 | O34: CALZADA | Q34: 57 | R34: 6 | T34: 1 | U34: =+Q34*R34*T34 -> 342 | W34: 18
N35: 14001616 | O35: CALZADA | Q35: 52 | R35: 6 | T35: 1 | U35: =+Q35*R35*T35 -> 312 | W35: 19
N37: SUBTOTAL | U37: =SUM(U17:U36) -> 6721.4
N38: OBSERVACIONES:
D43: CONTRATISTA | N43: INTERVENTORIA
D44: APROBÓ | N44: APORBÓ
D45: Firma: | N45: Firma:
D48: Nombre: | E48: =+#REF! -> #REF! | N48: Nombre: | O48: =+#REF! -> #REF!
D49: Cargo: | E49: =+#REF! -> #REF! | N49: Cargo: | O49: =+#REF! -> #REF!
F51: MEMORIAS DE CANTIDADES DE OBRA EJECUTADA | P51: MEMORIA
F53: CONTROL DE OBRA | P53: 2 | Q53: de | R53: 147 | V53: =+IF(C62="","",1) -> 1
D55: CONTRATO DE OBRA: | F55: FDLM-137-2019 | J55: CONTRATISTA: | L55: CONSULTORIA Y CONSTRUCCION - CON & CON S.A.S. | Q55: NIT: | R55: 830.041.411-0
D56: OBJETO DEL CONTRATO: | F56: EJECUTAR A PRECIOS UNITARIOS FIJOS POR LA MODALIDAD DE MONTO AGOTABLE, LAS OBRAS Y ACTIVIDADES PARA LA CONSERVACION DE LA MALLA VIAL Y ESPACIO PUBLICO DE LA LOCALIDAD DE LOS MARTIRES
D58: VERSION | E58: V1 | F58: FECHA | I58: 44058 | O58: ELABORÓ: | P58: JAVIER HERNANDO PERILLA VACCA
D60: UPZ: | K60: BARRIO:
A62: =+E62 -> 1.02 | B62: =+U86 -> 6631.074 | C62: 2 | D62: ITEM: | E62: 1.02 | F62: DESCRIPCION: | H62: EXCAVACION MECANICA EN MATERIAL COMUN (Incluye Cargue) | N62: UNIDAD: | Q62: M2
D64: REGISTRO FOTOGRAFICO | N64: CIV | O64: OBSERVACIONES | Q64: DIMENSIONES | T64: CANTIDAD | U64: TOTAL ACUMULADO
Q65: Long. | R65: Ancho | S65: Alto
N66: 14001469 | O66: CALZADA - ESTRUCTURA | Q66: 45 | R66: 8.4 | S66: 1.15 | T66: 1 | U66: =+Q66*R66*S66*T66 -> 434.7 | W66: 1 | Y66: =+C62 -> 2 | Z66: =+SUMIF($N66:$N85,$Z$16,$U66:$U85) -> 434.7 | AA66: =+SUMIF($N66:$N85,$AA$16,$U66:$U85) -> 463.68 | AB66: =+SUMIF($N66:$N85,$AB$16,$U66:$U85) -> 408.51 | AC66: =+SUMIF($N66:$N85,$AC$16,$U66:$U85) -> 384.48 | AD66: =+SUMIF($N66:$N85,$AD$16,$U66:$U85) -> 216.27 | AE66: =+SUMIF($N66:$N85,$AE$16,$U66:$U85) -> 224.28 | AF66: =+SUMIF($N66:$N85,$AF$16,$U66:$U85) -> 458.85 | AG66: =+SUMIF($N66:$N85,$AG$16,$U66:$U85) -> 434.7 | AH66: =+SUMIF($N66:$N85,$AH$16,$U66:$U85) -> 487.62 | AI66: =+SUMIF($N66:$N85,$AI$16,$U66:$U85) -> 936 | AJ66: =+SUMIF($N66:$N85,$AJ$16,$U66:$U85) -> 996.384 | AK66: =+SUMIF($N66:$N85,$AK$16,$U66:$U85) -> 0 | AL66: =+SUMIF($N66:$N85,$AL$16,$U66:$U85) -> 0 | AM66: =+SUMIF($N66:$N85,$AM$16,$U66:$U85) -> 0 | AN66: =+SUMIF($N66:$N85,$AN$16,$U66:$U85) -> 564.3 | AO66: =+SUMIF($N66:$N85,$AO$16,$U66:$U85) -> 0 | AP66: =+SUMIF($N66:$N85,$AP$16,$U66:$U85) -> 0 | AQ66: =+SUMIF($N66:$N85,$AQ$16,$U66:$U85) -> 324.9 | AR66: =+SUMIF($N66:$N85,$AR$16,$U66:$U85) -> 296.4
N67: 14001481 | O67: CALZADA - ESTRUCTURA | Q67: 48 | R67: 8.4 | S67: 1.15 | T67: 1 | U67: =+Q67*R67*S67*T67 -> 463.68 | W67: 2
N68: 14000772 | O68: CALZADA - ESTRUCTURA | Q68: 51 | R68: 9 | S68: 0.89 | T68: 1 | U68: =+Q68*R68*S68*T68 -> 408.51 | W68: 3
N69: 14000741 | O69: CALZADA - ESTRUCTURA | Q69: 48 | R69: 9 | S69: 0.89 | T69: 1 | U69: =+Q69*R69*S69*T69 -> 384.48 | W69: 4
N70: 14000718 | O70: CALZADA - ESTRUCTURA | Q70: 27 | R70: 9 | S70: 0.89 | T70: 1 | U70: =+Q70*R70*S70*T70 -> 216.27 | W70: 5
N71: 14001678 | O71: CALZADA - ESTRUCTURA | Q71: 28 | R71: 9 | S71: 0.89 | T71: 1 | U71: =+Q71*R71*S71*T71 -> 224.28 | W71: 6
N72: 14001156 | O72: CALZADA - ESTRUCTURA | Q72: 86 | R72: 7 | S72: 0.81 | T72: 1 | U72: =+Q72*R72*S72*T72 -> 487.62 | W72: 9
N73: 14001367 | O73: CALZADA - ESTRUCTURA | Q73: 90 | R73: 10 | S73: 1.04 | T73: 1 | U73: =+Q73*R73*S73*T73 -> 936 | W73: 10
N74: 14000126 | O74: CALZADA - ESTRUCTURA | Q74: 96 | R74: 10.7 | S74: 0.97 | T74: 1 | U74: =+Q74*R74*S74*T74 -> 996.384 | W74: 11
N77: 14001506 | O77: CALZADA - ESTRUCTURA | Q77: 66 | R77: 9 | S77: 0.95 | T77: 1 | U77: =+Q77*R77*S77*T77 -> 564.3 | W77: 15
N80: 14001619 | O80: CALZADA - ESTRUCTURA | Q80: 57 | R80: 6 | S80: 0.95 | T80: 1 | U80: =+Q80*R80*S80*T80 -> 324.9 | W80: 18
N81: 14001616 | O81: CALZADA - ESTRUCTURA | Q81: 52 | R81: 6 | S81: 0.95 | T81: 1 | U81: =+Q81*R81*S81*T81 -> 296.4 | W81: 19
N82: 14001545 | O82: CALZADA - ESTRUCTURA | Q82: 57 | R82: 7 | S82: 1.15 | T82: 1 | U82: =+Q82*R82*S82*T82 -> 458.85 | W82: 7
N83: 14001517 | O83: CALZADA - ESTRUCTURA | Q83: 54 | R83: 7 | S83: 1.15 | T83: 1 | U83: =+Q83*R83*S83*T83 -> 434.7 | W83: 8
N86: SUBTOTAL | U86: =SUM(U66:U85) -> 6631.074
N87: OBSERVACIONES:
D92: CONTRATISTA | N92: INTERVENTORIA
D93: APROBÓ | N93: APORBÓ
D94: Firma: | N94: Firma:
D97: Nombre: | E97: =+#REF! -> #REF! | N97: Nombre: | O97: =+#REF! -> #REF!
D98: Cargo: | E98: =+#REF! -> #REF! | N98: Cargo: | O98: =+#REF! -> #REF!
F100: MEMORIAS DE CANTIDADES DE OBRA EJECUTADA | P100: MEMORIA
F102: CONTROL DE OBRA | P102: 3 | Q102: de | R102: 147 | V102: =+IF(C111="","",1) -> 1
D104: CONTRATO DE OBRA: | F104: FDLM-137-2019 | J104: CONTRATISTA: | L104: CONSULTORIA Y CONSTRUCCION - CON & CON S.A.S. | Q104: NIT: | R104: 830.041.411-0
D105: OBJETO DEL CONTRATO: | F105: EJECUTAR A PRECIOS UNITARIOS FIJOS POR LA MODALIDAD DE MONTO AGOTABLE, LAS OBRAS Y ACTIVIDADES PARA LA CONSERVACION DE LA MALLA VIAL Y ESPACIO PUBLICO DE LA LOCALIDAD DE LOS MARTIRES
D107: VERSION | E107: V1 | F107: FECHA | I107: 44058 | O107: ELABORÓ: | P107: JAVIER HERNANDO PERILLA VACCA
D109: UPZ: | K109: BARRIO:
A111: =+E111 -> 1.03 | B111: =+U135 -> 2490.51 | C111: 3 | D111: ITEM: | E111: 1.03 | F111: DESCRIPCION: | H111: EXCAVACION MANUAL EN MATERIAL COMUN. Incluye cargue. | N111: UNIDAD: | Q111: M3
D113: REGISTRO FOTOGRAFICO | N113: CIV | O113: OBSERVACIONES | Q113: DIMENSIONES | T113: CANTIDAD | U113: TOTAL ACUMULADO
Q114: Long. | R114: Ancho | S114: Alto
N115: 14001469 | O115: CONF. ESTRUCTURA VÍA | Q115: 45 | R115: 8.4 | S115: 0.4 | T115: 1 | U115: =+Q115*R115*S115*T115 -> 151.2 | W115: 1 | Y115: =+C111 -> 3 | Z115: =+SUMIF($N115:$N134,$Z$16,$U115:$U134) -> 151.2 | AA115: =+SUMIF($N115:$N134,$AA$16,$U115:$U134) -> 161.28 | AB115: =+SUMIF($N115:$N134,$AB$16,$U115:$U134) -> 160.65 | AC115: =+SUMIF($N115:$N134,$AC$16,$U115:$U134) -> 151.2 | AD115: =+SUMIF($N115:$N134,$AD$16,$U115:$U134) -> 85.05 | AE115: =+SUMIF($N115:$N134,$AE$16,$U115:$U134) -> 88.2 | AF115: =+SUMIF($N115:$N134,$AF$16,$U115:$U134) -> 139.65 | AG115: =+SUMIF($N115:$N134,$AG$16,$U115:$U134) -> 132.3 | AH115: =+SUMIF($N115:$N134,$AH$16,$U115:$U134) -> 180.6 | AI115: =+SUMIF($N115:$N134,$AI$16,$U115:$U134) -> 360 | AJ115: =+SUMIF($N115:$N134,$AJ$16,$U115:$U134) -> 410.88 | AK115: =+SUMIF($N115:$N134,$AK$16,$U115:$U134) -> 0 | AL115: =+SUMIF($N115:$N134,$AL$16,$U115:$U134) -> 0 | AM115: =+SUMIF($N115:$N134,$AM$16,$U115:$U134) -> 0 | AN115: =+SUMIF($N115:$N134,$AN$16,$U115:$U134) -> 207.9 | AO115: =+SUMIF($N115:$N134,$AO$16,$U115:$U134) -> 0 | AP115: =+SUMIF($N115:$N134,$AP$16,$U115:$U134) -> 0 | AQ115: =+SUMIF($N115:$N134,$AQ$16,$U115:$U134) -> 136.8 | AR115: =+SUMIF($N115:$N134,$AR$16,$U115:$U134) -> 124.8
N116: 14001481 | O116: CONF. ESTRUCTURA VÍA | Q116: 48 | R116: 8.4 | S116: 0.4 | T116: 1 | U116: =+Q116*R116*S116*T116 -> 161.28 | W116: 2
N117: 14000772 | O117: CONF. ESTRUCTURA VÍA | Q117: 51 | R117: 9 | S117: 0.35 | T117: 1 | U117: =+Q117*R117*S117*T117 -> 160.65 | W117: 3
N118: 14000741 | O118: CONF. ESTRUCTURA VÍA | Q118: 48 | R118: 9 | S118: 0.35 | T118: 1 | U118: =+Q118*R118*S118*T118 -> 151.2 | W118: 4
N119: 14000718 | O119: CONF. ESTRUCTURA VÍA | Q119: 27 | R119: 9 | S119: 0.35 | T119: 1 | U119: =+Q119*R119*S119*T119 -> 85.05 | W119: 5
N120: 14001678 | O120: CONF. ESTRUCTURA VÍA | Q120: 28 | R120: 9 | S120: 0.35 | T120: 1 | U120: =+Q120*R120*S120*T120 -> 88.2 | W120: 6
N121: 14001156 | O121: CONF. ESTRUCTURA VÍA | Q121: 86 | R121: 7 | S121: 0.3 | T121: 1 | U121: =+Q121*R121*S121*T121 -> 180.6 | W121: 9
N122: 14001367 | O122: CONF. ESTRUCTURA VÍA | Q122: 90 | R122: 10 | S122: 0.4 | T122: 1 | U122: =+Q122*R122*S122*T122 -> 360 | W122: 10
N123: 14000126 | O123: CONF. ESTRUCTURA VÍA | Q123: 96 | R123: 10.7 | S123: 0.4 | T123: 1 | U123: =+Q123*R123*S123*T123 -> 410.88 | W123: 11
N126: 14001506 | O126: CONF. ESTRUCTURA VÍA | Q126: 66 | R126: 9 | S126: 0.35 | T126: 1 | U126: =+Q126*R126*S126*T126 -> 207.9 | W126: 15
N129: 14001619 | O129: CONF. ESTRUCTURA VÍA | Q129: 57 | R129: 6 | S129: 0.4 | T129: 1 | U129: =+Q129*R129*S129*T129 -> 136.8 | W129: 18
N130: 14001616 | O130: CONF. ESTRUCTURA VÍA | Q130: 52 | R130: 6 | S130: 0.4 | T130: 1 | U130: =+Q130*R130*S130*T130 -> 124.8 | W130: 19
N131: 14001545 | O131: CONF. ESTRUCTURA VÍA | Q131: 57 | R131: 7 | S131: 0.35 | T131: 1 | U131: =+Q131*R131*S131*T131 -> 139.65 | W131: 7
N132: 14001517 | O132: CONF. ESTRUCTURA VÍA | Q132: 54 | R132: 7 | S132: 0.35 | T132: 1 | U132: =+Q132*R132*S132*T132 -> 132.3 | W132: 8
N135: SUBTOTAL | U135: =SUM(U115:U134) -> 2490.51
N136: OBSERVACIONES:
D141: CONTRATISTA | N141: INTERVENTORIA
D142: APROBÓ | N142: APORBÓ
D143: Firma: | N143: Firma:
D146: Nombre: | E146: =+#REF! -> #REF! | N146: Nombre: | O146: =+#REF! -> #REF!
D147: Cargo: | E147: =+#REF! -> #REF! | N147: Cargo: | O147: =+#REF! -> #REF!
F149: MEMORIAS DE CANTIDADES DE OBRA EJECUTADA | P149: MEMORIA
F151: CONTROL DE OBRA | P151: 4 | Q151: de | R151: 147 | V151: =+IF(C160="","",1) -> 1
D153: CONTRATO DE OBRA: | F153: FDLM-137-2019 | J153: CONTRATISTA: | L153: CONSULTORIA Y CONSTRUCCION - CON & CON S.A.S. | Q153: NIT: | R153: 830.041.411-0
D154: OBJETO DEL CONTRATO: | F154: EJECUTAR A PRECIOS UNITARIOS FIJOS POR LA MODALIDAD DE MONTO AGOTABLE, LAS OBRAS Y ACTIVIDADES PARA LA CONSERVACION DE LA MALLA VIAL Y ESPACIO PUBLICO DE LA LOCALIDAD DE LOS MARTIRES
D156: VERSION | E156: V1 | F156: FECHA | I156: 44058 | O156: ELABORÓ: | P156: JAVIER HERNANDO PERILLA VACCA
D158: UPZ: | K158: BARRIO:
A160: =+E160 -> 1.07 | B160: =+U184 -> 5335.4 | C160: 4 | D160: ITEM: | E160: 1.07 | F160: DESCRIPCION: | H160: DEMOLICION PAVIMENTO ASFALTICO (Espesor Variable. Incluye Cargue). No incluye transporte y disposición final de sobrantes. Rendimiento estimado para espesores max. 0.15m | N160: UNIDAD: | Q160: M2
D162: REGISTRO FOTOGRAFICO | N162: CIV | O162: OBSERVACIONES | Q162: DIMENSIONES | T162: CANTIDAD | U162: TOTAL ACUMULADO
Q163: Long. | R163: Ancho | S163: Alto
N164: 14001469 | O164: CAPA EXISTENTE | Q164: 45 | R164: 8.4 | T164: 1 | U164: =+Q164*R164*T164 -> 378 | W164: 1 | Y164: =+C160 -> 4 | Z164: =+SUMIF($N164:$N183,$Z$16,$U164:$U183) -> 378 | AA164: =+SUMIF($N164:$N183,$AA$16,$U164:$U183) -> 403.2 | AB164: =+SUMIF($N164:$N183,$AB$16,$U164:$U183) -> 0 | AC164: =+SUMIF($N164:$N183,$AC$16,$U164:$U183) -> 0 | AD164: =+SUMIF($N164:$N183,$AD$16,$U164:$U183) -> 0 | AE164: =+SUMIF($N164:$N183,$AE$16,$U164:$U183) -> 0 | AF164: =+SUMIF($N164:$N183,$AF$16,$U164:$U183) -> 399 | AG164: =+SUMIF($N164:$N183,$AG$16,$U164:$U183) -> 378 | AH164: =+SUMIF($N164:$N183,$AH$16,$U164:$U183) -> 602 | AI164: =+SUMIF($N164:$N183,$AI$16,$U164:$U183) -> 900 | AJ164: =+SUMIF($N164:$N183,$AJ$16,$U164:$U183) -> 1027.2 | AK164: =+SUMIF($N164:$N183,$AK$16,$U164:$U183) -> 0 | AL164: =+SUMIF($N164:$N183,$AL$16,$U164:$U183) -> 0 | AM164: =+SUMIF($N164:$N183,$AM$16,$U164:$U183) -> 0 | AN164: =+SUMIF($N164:$N183,$AN$16,$U164:$U183) -> 594 | AO164: =+SUMIF($N164:$N183,$AO$16,$U164:$U183) -> 0 | AP164: =+SUMIF($N164:$N183,$AP$16,$U164:$U183) -> 0 | AQ164: =+SUMIF($N164:$N183,$AQ$16,$U164:$U183) -> 342 | AR164: =+SUMIF($N164:$N183,$AR$16,$U164:$U183) -> 312
...

Sheet RESUMEN GENERAL
A1: CONTRATO CO-137-2019
A3: CONTRATAR A PRECIOS UNITARIOS FIJOS SIN FORMULA DE REAJUSTE POR MONTO AGOTABLE EL DIAGNOSTICO Y LAS OBRAS DE MANTENIMIENTO Y/O REHABILITACION DE LA MALLA VIAL Y DEL ESPACIO PUBLICO DE LA LOCALIDAD DE LOS MÁRTIRES
A5: CUADRO GENERAL SEGMENTOS PARA INTERVENCION
A7: N° | B7: CIV | C7: EJE | D7: DESDE | E7: HASTA | F7: ELEMENTO | G7: LONGITUD (ML) | H7: ANCHO (ML) | I7: AREA (M2) PRELIMINAR | J7: INTERVENCION PROPUESTA | K7: TIPO DE PAVIMENTO | L7: COSTO DIRECTO POR CIV | M7: COSTO TOTAL POR CIV | N7: COSTO TOTAL CON MODELACION | O7: COSTO TOTAL SIN MODELACION
A8: 1 | B8: 14001469 | C8: CL 1F | D8: KR 24A | E8: KR 24B | F8: CALZADA | G8: 45 | H8: 8.4 | I8: =+G8*H8 -> 378 | J8: REHABILITACION | K8: FLEXIBLE | L8: =+LOOKUP(A8,'PRESUPUESTO DE OBRA'!$J$196:$AU$196,'PRESUPUESTO DE OBRA'!$J$180:$AU$180) -> 271748363 | M8: =+LOOKUP(A8,'PRESUPUESTO DE OBRA'!$J$196:$AU$196,'PRESUPUESTO DE OBRA'!$J$194:$AU$194) -> 4.1541235e+08 | N8: =+M8 -> 4.1541235e+08
A9: 2 | B9: 14001481 | C9: CL 1F | D9: KR 24 | E9: KR 24A | F9: CALZADA | G9: 48 | H9: 8.4 | I9: =+G9*H9 -> 403.2 | J9: REHABILITACION | K9: FLEXIBLE | L9: =+LOOKUP(A9,'PRESUPUESTO DE OBRA'!$J$196:$AU$196,'PRESUPUESTO DE OBRA'!$J$180:$AU$180) -> 258473451 | M9: =+LOOKUP(A9,'PRESUPUESTO DE OBRA'!$J$196:$AU$196,'PRESUPUESTO DE OBRA'!$J$194:$AU$194) -> 3.9511945e+08 | N9: =+M9 -> 3.9511945e+08
A10: 3 | B10: 14000772 | C10: KR 25A | D10: AC 6 | E10: CL 6BIS | F10: CALZADA | G10: 51 | H10: 9 | I10: =+G10*H10 -> 459 | J10: REHABILITACION | K10: RIGIDO | L10: =+LOOKUP(A10,'PRESUPUESTO DE OBRA'!$J$196:$AU$196,'PRESUPUESTO DE OBRA'!$J$180:$AU$180) -> 335038983 | M10: =+LOOKUP(A10,'PRESUPUESTO DE OBRA'!$J$196:$AU$196,'PRESUPUESTO DE OBRA'!$J$194:$AU$194) -> 5.1216254e+08 | O10: =+M10 -> 5.1216254e+08
A11: 4 | B11: 14000741 | C11: KR 25A | D11: CL 6BIS | E11: CL 6A | F11: CALZADA | G11: 48 | H11: 9 | I11: =+G11*H11 -> 432 | J11: REHABILITACION | K11: RIGIDO | L11: =+LOOKUP(A11,'PRESUPUESTO DE OBRA'!$J$196:$AU$196,'PRESUPUESTO DE OBRA'!$J$180:$AU$180) -> 354537487 | M11: =+LOOKUP(A11,'PRESUPUESTO DE OBRA'!$J$196:$AU$196,'PRESUPUESTO DE OBRA'!$J$194:$AU$194) -> 5.4196923e+08 | O11: =+M11 -> 5.4196923e+08
A12: 5 | B12: 14000718 | C12: KR 25A | D12: CL 6A | E12: CL 7 | F12: CALZADA | G12: 27 | H12: 9 | I12: =+G12*H12 -> 243 | J12: REHABILITACION | K12: RIGIDO | L12: =+LOOKUP(A12,'PRESUPUESTO DE OBRA'!$J$196:$AU$196,'PRESUPUESTO DE OBRA'!$J$180:$AU$180) -> 218439113 | M12: =+LOOKUP(A12,'PRESUPUESTO DE OBRA'!$J$196:$AU$196,'PRESUPUESTO DE OBRA'!$J$194:$AU$194) -> 3.3392034e+08 | O12: =+M12 -> 3.3392034e+08
A13: 6 | B13: 14001678 | C13: KR 25A | D13: CL 7 | E13: CL 7BIS | F13: CALZADA | G13: 28 | H13: 9 | I13: =+G13*H13 -> 252 | J13: REHABILITACION | K13: RIGIDO | L13: =+LOOKUP(A13,'PRESUPUESTO DE OBRA'!$J$196:$AU$196,'PRESUPUESTO DE OBRA'!$J$180:$AU$180) -> 231878633 | M13: =+LOOKUP(A13,'PRESUPUESTO DE OBRA'!$J$196:$AU$196,'PRESUPUESTO DE OBRA'!$J$194:$AU$194) -> 3.5446487e+08 | O13: =+M13 -> 3.5446487e+08
A14: 7 | B14: 14001545 | C14: CL 1ABIS | D14: AC 1 | E14: KR 26 | F14: CALZADA | G14: 57 | H14: 7 | I14: =+G14*H14 -> 399 | J14: REHABILITACION | K14: FLEXIBLE | L14: =+LOOKUP(A14,'PRESUPUESTO DE OBRA'!$J$196:$AU$196,'PRESUPUESTO DE OBRA'!$J$180:$AU$180) -> 210379846 | M14: =+LOOKUP(A14,'PRESUPUESTO DE OBRA'!$J$196:$AU$196,'PRESUPUESTO DE OBRA'!$J$194:$AU$194) -> 3.2160041e+08 | N14: =+M14 -> 3.2160041e+08
A15: 8 | B15: 14001517 | C15: KR 26 | D15: CL 1ABIS | E15: CL 1B | F15: CALZADA | G15: 54 | H15: 7 | I15: =+G15*H15 -> 378 | J15: REHABILITACION | K15: FLEXIBLE | L15: =+LOOKUP(A15,'PRESUPUESTO DE OBRA'!$J$196:$AU$196,'PRESUPUESTO DE OBRA'!$J$180:$AU$180) -> 214363743 | M15: =+LOOKUP(A15,'PRESUPUESTO DE OBRA'!$J$196:$AU$196,'PRESUPUESTO DE OBRA'!$J$194:$AU$194) -> 3.2769046e+08 | N15: =+M15 -> 3.2769046e+08
A16: 9 | B16: 14001156 | C16: CL 2B | D16: KR 25A | E16: KR 26 | F16: CALZADA | G16: 86 | H16: 7 | I16: =+G16*H16 -> 602 | J16: REHABILITACION | K16: FLEXIBLE | L16: =+LOOKUP(A16,'PRESUPUESTO DE OBRA'!$J$196:$AU$196,'PRESUPUESTO DE OBRA'!$J$180:$AU$180) -> 288034501 | M16: =+LOOKUP(A16,'PRESUPUESTO DE OBRA'!$J$196:$AU$196,'PRESUPUESTO DE OBRA'!$J$194:$AU$194) -> 4.4030841e+08 | O16: =+M16 -> 4.4030841e+08
A17: 10 | B17: 14001367 | C17: CL 1B | D17: KR 27A | E17: KR 28 | F17: CALZADA | G17: 90 | H17: 10 | I17: =+G17*H17 -> 900 | J17: MANTENIMIENTO | K17: FLEXIBLE | L17: =+LOOKUP(A17,'PRESUPUESTO DE OBRA'!$J$196:$AU$196,'PRESUPUESTO DE OBRA'!$J$180:$AU$180) -> 465868173 | M17: =+LOOKUP(A17,'PRESUPUESTO DE OBRA'!$J$196:$AU$196,'PRESUPUESTO DE OBRA'!$J$194:$AU$194) -> 7.1215661e+08 | N17: =+M17 -> 7.1215661e+08
A18: 11 | B18: 14000126 | C18: KR 24 | D18: CL 22A | E18: DG 22B BIS | F18: CALZADA | G18: 96 | H18: 10.7 | I18: =+G18*H18 -> 1027.2 | J18: MANTENIMIENTO | K18: FLEXIBLE | L18: =+LOOKUP(A18,'PRESUPUESTO DE OBRA'!$J$196:$AU$196,'PRESUPUESTO DE OBRA'!$J$180:$AU$180) -> 468079296 | M18: =+LOOKUP(A18,'PRESUPUESTO DE OBRA'!$J$196:$AU$196,'PRESUPUESTO DE OBRA'!$J$194:$AU$194) -> 7.1553668e+08 | O18: =+M18 -> 7.1553668e+08
A19: 12 | B19: 14000550 | C19: CL 12A | D19: KR 20 | E19: KR 21 | F19: CALZADA | G19: 60 | H19: 6 | I19: =+G19*H19 -> 360 | J19: MANTENIMIENTO | K19: FLEXIBLE | L19: =+LOOKUP(A19,'PRESUPUESTO DE OBRA'!$J$196:$AU$196,'PRESUPUESTO DE OBRA'!$J$180:$AU$180) -> 0 | M19: 0 | O19: =+M19 -> 0
A20: 13 | B20: 14001058 | C20: KR 26 | D20: CL 2C | E20: CL 3 | F20: CALZADA | G20: 58.4 | H20: 7 | I20: =+G20*H20 -> 408.8 | J20: REHABILITACION | K20: FLEXIBLE | L20: =+LOOKUP(A20,'PRESUPUESTO DE OBRA'!$J$196:$AU$196,'PRESUPUESTO DE OBRA'!$J$180:$AU$180) -> 0 | M20: 0 | N20: =+M20 -> 0
A21: 14 | B21: 14000205 | C21: CL 17 | D21: KR 28A | E21: KR 30 | F21: CALZADA | G21: 165 | H21: 7.6 | I21: =+G21*H21 -> 1254 | J21: REHABILITACION | K21: RIGIDO | L21: =+LOOKUP(A21,'PRESUPUESTO DE OBRA'!$J$196:$AU$196,'PRESUPUESTO DE OBRA'!$J$180:$AU$180) -> 0 | M21: 0 | N21: =+M21 -> 0
A22: 15 | B22: 14001506 | C22: KR 18 | D22: CL 2 | E22: CL 3 | F22: CALZADA | G22: 66 | H22: 9 | I22: =+G22*H22 -> 594 | J22: MANTENIMIENTO | K22: FLEXIBLE | L22: =+LOOKUP(A22,'PRESUPUESTO DE OBRA'!$J$196:$AU$196,'PRESUPUESTO DE OBRA'!$J$180:$AU$180) -> 296540284 | M22: =+LOOKUP(A22,'PRESUPUESTO DE OBRA'!$J$196:$AU$196,'PRESUPUESTO DE OBRA'!$J$194:$AU$194) -> 4.533109e+08 | N22: =+M22 -> 4.533109e+08
A23: 16 | B23: 14001265 | C23: KR 25 | D23: CL 2 | E23: CL 2A | F23: CALZADA | G23: 57 | H23: 8 | I23: =+G23*H23 -> 456 | J23: MANTENIMIENTO | K23: FLEXIBLE | L23: =+LOOKUP(A23,'PRESUPUESTO DE OBRA'!$J$196:$AU$196,'PRESUPUESTO DE OBRA'!$J$180:$AU$180) -> 0 | M23: 0 | N23: =+M23 -> 0
A24: 17 | B24: 14000282 | C24: CL 15 | D24: KR 27 | E24: KR 28A | F24: CALZADA | G24: 157.7 | H24: 12 | I24: =+G24*H24 -> 1892.4 | J24: REHABILITACION | K24: RIGIDO | L24: =+LOOKUP(A24,'PRESUPUESTO DE OBRA'!$J$196:$AU$196,'PRESUPUESTO DE OBRA'!$J$180:$AU$180) -> 0 | M24: 0 | N24: =+M24 -> 0
A25: 18 | B25: 14001619 | C25: CL 1C | D25: KR 19A | E25: KR 19BBIS | F25: CALZADA | G25: 57 | H25: 6 | I25: =+G25*H25 -> 342 | J25: REHABILITACION | K25: FLEXIBLE | L25: =+LOOKUP(A25,'PRESUPUESTO DE OBRA'!$J$196:$AU$196,'PRESUPUESTO DE OBRA'!$J$180:$AU$180) -> 206086024 | M25: =+LOOKUP(A25,'PRESUPUESTO DE OBRA'!$J$196:$AU$196,'PRESUPUESTO DE OBRA'!$J$194:$AU$194) -> 3.150366e+08 | O25: =+M25 -> 3.150366e+08
A26: 19 | B26: 14001616 | C26: CL 1C | D26: KR 19BBIS | E26: KR 19C | F26: CALZADA | G26: 52 | H26: 6 | I26: =+G26*H26 -> 312 | J26: REHABILITACION | K26: FLEXIBLE | L26: =+LOOKUP(A26,'PRESUPUESTO DE OBRA'!$J$196:$AU$196,'PRESUPUESTO DE OBRA'!$J$180:$AU$180) -> 193394176 | M26: =+LOOKUP(A26,'PRESUPUESTO DE OBRA'!$J$196:$AU$196,'PRESUPUESTO DE OBRA'!$J$194:$AU$194) -> 2.95635e+08 | O26: =+M26 -> 2.95635e+08
F28: AREA TOTAL | I28: =SUM(I8:I27) -> 11092.6 | J28: COSTO TOTAL DIRECTO | L28: =SUM(L8:L27)+3 -> 4012862076 | M28: =SUM(M8:M27)+3 -> 6.1343238e+09 | N28: =SUM(N8:N27)+3 -> 2.6252902e+09 | O28: =SUM(O8:O27)+3 -> 3.5090337e+09
A31: ADMINISTRACIÓN | F31: 0.2289 | L31: =+$L$28*F31 -> 9.1854413e+08
A32: IMPREVISTOS | F32: 0.01 | L32: =+$L$28*F32 -> 40128621
A33: UTILIDAD | F33: 0.07 | L33: =+$L$28*F33 -> 2.8090035e+08
A34: COSTO TOTAL A.I.U. | F34: =SUM(F31:F33) -> 0.3089 | L34: =+$L$28*F34 -> 1.2395731e+09
A35: COSTO TOTAL OBRA INCLUYE A.I.U. | L35: =+L28+L34+1 -> 5.2524352e+09
A36: COSTO ACTIVIDADES AMBIENTALES y SST( B ) | F36: 0.029565104 | L36: =+$L$35*F36 -> 1.5528879e+08
A37: COSTO ACTIVIDADES SOCIALES ( C ) | F37: 0.027195258 | L37: =+$L$35*F37 -> 1.4284133e+08
A38: COSTO PLAN DE MANEJO DE TRAFICO ( D ) | F38: 0.012272219 | L38: =+$L$35*F38 -> 64459036
A39: TOTAL OBRAS ( A+B+C+D ) | L39: =+L35+L36+L37+L38 -> 5.6150243e+09
A40: COSTOS ESTIMADOS PARA ENSAYOS DE LABORATORIO ( E) (INCLUYE AJUSTES E IVA) | F40: 0.0041022695 | L40: =+L39*F40 -> 23034343
A41: COSTO ESTIMADO DE AJUSTES A ESTUDIOS Y DISEÑOS ( F ) (INCLUYE IVA) | L41: 337110102
A42: VALOR TOTAL SIN AJUSTES, OBRAS COMPLEMENTARIAS Y/O ADICIONALES = | L42: =+L39+L40+L41 -> 5.9751688e+09
A43: PROVISION PARA AJUSTES, OBRAS COMPLEMENTARIAS Y/O ADICIONALES (SOLO OBRA) , INCLUYE COSTOS INDIRECTOS (G) | F43: 0.026636081 | L43: =+L42*F43 -> 1.5915508e+08
A44: PROTOCOLO BIOSEGURIDAD - TRANSPORTE SEGURO (CONSIDERANDO 5 FRENTES DE OBRA) | F44: 1 | G44: 250000000 | L44: =+F44*G44 -> 250000000
A45: VALOR TOTAL DELCONTRATO APROXIMADO AL PESO = | L45: =+L42+L43+L44 -> 6.3843239e+09
A48: RESUMEN PARA ADICIÓN
A50: ADICIONAL CONTRATO 084-2018 CALZADAS | L50: 1581099221
A51: ADICIONAL CONTRATO 084-2018 ANDENES | L51: 3.1769803e+08
A52: VALOR TOTAL ADICIONAL CONTRATO 084-2018 | L52: =+L50+L51 -> 1.8987973e+09
A53: VALOR TOTAL ADICIONAL CONTRATO 137-2019 (RECURSOS CIV MAYOR CANTIDAD OBRA Y COVID) | L53: =+L45-L56 -> 9.4643928e+08
A54: VALOR TOTAL PARA ADICIONAR AL CONTRATO 137-2019 (CIVS E Y D - RECURSOS PARA CIV DESFINANCIADOS Y COVID | L54: =+L52+L53 -> 2.8452365e+09 | M54: SMMLV 2019 | N54: SMMLV 2020
M55: 828116 | N55: 877803
A56: VALOR CONTRACTUAL CONTRATO CO-137-2019 - CONTRATO PRIMIGENIO | L56: 5437884572 | M56: =+L56/M55 -> 6566.5735 | N56: =+M56/2 -> 3283.2867
A57: VALOR TOTAL PARA ADICIONAR AL CONTRATO 137-2019 (CIVS E Y D - RECURSOS PARA CIV DESFINANCIADOS Y COVID) | L57: =+L54 -> 2.8452365e+09 | M57: 50% MAXIMO PARA ADICIÓN PARA CONTRATO DE OBRA QUE EQUIVALE A 2020
A58: VALOR CONTRACTUAL CONTRATO CO-137-2019 INCLUYENDO ADICIÓN SEPT 2020 | L58: =+L57+L56 -> 8.2831211e+09 | M58: =+N56*N55 -> 2.882079e+09
A59: VALOR ADICIONAL DE INTERVENTORIA POR DOS MESES | L59: =+L90 -> 1.138129e+08 | M59: DIFERENCIA PARA ADICIÓN
A60: VALOR DE LA ADICION PROYECTADA OBRA E INTERVENTORIA | L60: =+L57+L59 -> 2.9590494e+09 | M60: =+L57-M58 -> -36842423
G62: INTERVENTORIA POR DOS MESES ADICIONALES
M63: -36842423
G65: 1 | H65: COSTOS DE PERSONAL
H67: DESCRIPCIÓN | J67: Vr mes | K67: Meses | L67: Total
H68: COSTOS DE PERSONAL | J68: 24700000 | K68: 2 | L68: =+K68*J68 -> 49400000
H69: FACTOR MULTIPLICADOR PRESTACIONES SOCIALES | K69: 0.6 | L69: =+L68*K69 -> 29640000
H70: TOTAL COSTOS DE PERSONAL CON F.M. | L70: =+L69+L68 -> 79040000
G72: 2. | H72: OTROS COSTOS DIRECTOS
H74: DESCRIPCIÓN | J74: Vr mes | K74: Meses | L74: Total
H75: ALQUILER DE EQUIPO E INSTALACIONES | J75: 5450000 | K75: 2 | L75: =+K75*J75 -> 10900000
H76: EQUIPOS Y SOFTWARE | J76: 832716.81 | K76: 2 | L76: =+K76*J76 -> 1665433.6
H77: TOTAL OTROS COSTOS DIRECTOS | L77: =+L76+L75 -> 12565434
G79: 3 | H79: GARANTIAS E IMPUESTOS
H81: DESCRIPCIÓN | L81: Total
H82: GARANTIA ÚNICA | L82: 750000
H83: IMPUESTOS | L83: 500000
H84: TOTAL GARANTIAS E IMPUESTOS | L84: =+L83+L82 -> 1250000
H86: SUBTOTAL (1 + 2 + 3) | L86: =+L84+L77+L70 -> 92855434
H87: UTILIDAD DEL CONTRATISTA | L87: =L86*3% -> 2785663
H88: SUBTOTAL SIN IVA | L88: =+L87+L86 -> 95641097
H89: IVA | K89: 0.19 | L89: =+L88*K89 -> 18171808
H90: TOTAL PROPUESTA ECONÓMICA | L90: =+L89+L88 -> 1.138129e+08

Sheet JUSTIFICACION NPs
A1: EJECUTAR A PRECIOS UNITARIOS FIJOS POR LA MODALIDAD DE MONTO AGOTABLE, LAS OBRAS Y ACTIVIDADES PARA LA CONSERVACION DE LA MALLA VIAL Y ESPACIO PUBLICO DE LA LOCALIDAD DE LOS MARTIRES
A5: CONTRATO DE OBRA CO-137-2019
A7: RELACION DE ITEMS NO PREVISTOS N° 1
A9: NP | B9: 1 | C9: CODIGO IDU | D9: 4747 | E9: DESCRIPCION | F9: SUBBASE GRANULAR CLASE B (SBG_B) CON RECICLADO DE CONCRETO (Suministro, Extendido, Nivelación, Humedecimiento y Compactación con vibrocompactador) | G9: UN | H9: M3 | I9: VALOR UNITARIO | J9: 126267
A10: JUSTIFICACION
A14: NP | B14: 2 | C14: CODIGO IDU | D14: 4743 | E14: DESCRIPCION | F14: BASE GRANULAR CLASE B (BG_B) CON RECICLADO DE CONCRETO (Suministro, Extendido, Nivelación, Humedecimiento y Compactación con vibrocompactador) | G14: UN | H14: M3 | I14: VALOR UNITARIO | J14: 129709
A15: JUSTIFICACION
A19: NP | B19: 3 | C19: CODIGO IDU | D19: 7897 | E19: DESCRIPCION | F19: BASE ESTABILIZADA CON ASFALTO EN CALIENTE MEZCLADA EN PLANTA (Incluye suministro, extendido, nivelación y compactación). | G19: UN | H19: M3 | I19: VALOR UNITARIO | J19: 592875
A20: JUSTIFICACION
A24: NP | B24: 4 | C24: CODIGO IDU | D24: 6473 | E24: DESCRIPCION | F24: ESTABILIZACIÓN DE SUBRASANTE CON RAJÓN, INCLUYE EQUIPO DE COMPACTACIÓN (Suministro, extendido a mano, nivelación y compactación con retroexcavadora sobre oruga y benitín de 1 tonelada incluyen operario y combustible. | G24: UN | H24: M3 | I24: VALOR UNITARIO | J24: 107660
A25: JUSTIFICACION
A29: NP | B29: 5 | C29: CODIGO IDU | D29: 7713 | E29: DESCRIPCION | F29: (DOVELAS) ACERO LISO PARA TRANSFERENCIA DE LOSAS D= 1 1/2" (NO INCLUYE CANASTILLA). SUMINISTRO E INSTALACIÓN. | G29: UN | H29: KG | I29: VALOR UNITARIO | J29: 4260
A30: JUSTIFICACION
A34: NP | B34: 6 | C34: CODIGO IDU | D34: 5404 | E34: DESCRIPCION | F34: CANASTILLA PASAJUNTAS (Incluye suministro y fijación) | G34: UN | H34: KG | I34: VALOR UNITARIO | J34: 4510
A35: JUSTIFICACION
A39: NP | B39: 7 | C39: CODIGO IDU | D39: 6204 | E39: DESCRIPCION | F39: SELLO DE JUNTAS CON ICOPOR Y SIKAFLEX 1A SELLADO DE JUNTAS (300cc) (Incluye suministro e instalación) | G39: UN | H39: ML | I39: VALOR UNITARIO | J39: 16640
A40: JUSTIFICACION
A44: NP | B44: 8 | C44: CODIGO IDU | D44: 4252 | E44: DESCRIPCION | F44: PLACA CUBIERTA D=1.70m POZO INSPEC. (Fundida en Sitio. Inc. Sum, Formalet., Refuerzo e Inst. Incl.Tapa en Polipropileno) | G44: UN | H44: UN | I44: VALOR UNITARIO | J44: 1875596
A45: JUSTIFICACION
A49: NP | B49: 9 | C49: CODIGO IDU | D49: 3394 | E49: DESCRIPCION | F49: LOSA DE CONCRETO MR41 (Suministro, Formaleteado, Colocación y Acabado. No Incluye Acero, Curado, Juntas) | G49: UN | H49: M3 | I49: VALOR UNITARIO | J49: 501501
A50: JUSTIFICACION
A54: NP | B54: 10 | C54: CODIGO IDU | D54: 3486 | E54: DESCRIPCION | F54: DEMOLICIÓN CONCRETO ESTRUCTURAL (Incluye Cargue manual). No incluye transporte y disposición final de sobrantes. | G54: UN | H54: M3 | I54: VALOR UNITARIO | J54: 155956
A55: JUSTIFICACION
A59: NP | B59: 11 | C59: CODIGO IDU | D59: 4753 | E59: DESCRIPCION | F59: SUBBASE GRANULAR CLASE A (SBG_A) CON RECICLADO DE CONCRETO HIDRAULICO (Suministro, Extendido Manual, Humedecimiento y Compactación con vibrocompactador) | G59: UN | H59: M3 | I59: VALOR UNITARIO | J59: 133693
A60: JUSTIFICACION
A64: NP | B64: 12 | C64: CODIGO IDU | D64: 4755 | E64: DESCRIPCION | F64: SUBBASE GRANULAR CLASE C (SBG_C) CON RECICLADO DE CONCRETO HIDRAULICO (Suministro, Extendido Manual, Humedecimiento y Compactación) | G64: UN | H64: M3 | I64: VALOR UNITARIO | J64: 132146
A65: JUSTIFICACION
A69: NP | B69: 13 | C69: CODIGO IDU | D69: 5196 | E69: DESCRIPCION | F69: DEMOLICIÓN DE CONCRETO: ESPESORES 8cm A 15cm. (Incluye retiro de material, transporte y disposición final de escombros en sitio autorizado). | G69: UN | H69: M3 | I69: VALOR UNITARIO | J69: 74088
A70: JUSTIFICACION
A74: NP | B74: 14 | C74: CODIGO IDU | D74: 5197 | E74: DESCRIPCION | F74: DEMOLICIÓN DE CONCRETO: ESPESORES 16cm A 25cm. (Incluye retiro de material, transporte y disposición final de escombros en sitio autorizado). | G74: UN | H74: M3 | I74: VALOR UNITARIO | J74: 80314
A75: JUSTIFICACION
A79: NP | B79: 15 | C79: CODIGO IDU | D79: 7898 | E79: DESCRIPCION | F79: LOSA DE CONCRETO MR45 ACELERADO A 3 DÍAS (SUMINISTRO, FORMALETEADO, COLOCACIÓN Y ACABADO. No incluye acero, curado y juntas). | G79: UN | H79: M3 | I79: VALOR UNITARIO | J79: 771611
A80: JUSTIFICACION
A84: NP | B84: 16 | C84: CODIGO IDU | D84: 8606 | E84: DESCRIPCION | F84: DEMOLICIÓN PISOS DE CONCRETO - RAMPAS VEHICULARES Y PEATONALES EXISTENTES. (Espesor variable hasta 0.10 m. Incluye Cargue, transporte y disposición final de sobrantes escombrera autorizada). | G84: UN | H84: M2 | I84: VALOR UNITARIO | J84: 9530
A85: JUSTIFICACION
A89: NP | B89: 17 | C89: CODIGO IDU | D89: 8622 | E89: DESCRIPCION | F89: GEOTEXTIL TEJIDO PARA SEPARACIÓN SUBRASANTE/CAPAS GRANULARES (Incluye Suministro e Instalación) | G89: UN | H89: M2 | I89: VALOR UNITARIO | J89: 7176
A90: JUSTIFICACION
A94: NP | B94: 18 | C94: CODIGO IDU | D94: 3811 | E94: DESCRIPCION | F94: CORTE DE PAVIMENTO - INCLUYE EQUIPO: CORTADORA DE CONCRETO INCLUYE OPERARIO Y COMBUSTIBLE. INCLUYE DISCO DIAMANTADO ASFALTO-CONCRETO 350 mm, AGUA Y MANO DE OBRA | G94: UN | H94: ML | I94: VALOR UNITARIO | J94: 1733
A95: JUSTIFICACION
A99: NP | B99: 19 | C99: CODIGO IDU | D99: 4233 | E99: DESCRIPCION | F99: MALLA ELECTROSOLDADA 0.15x0.15m, D=5mm, 5mm (Incluye Suministro, Fijación e Instalación) | G99: UN | H99: KG | I99: VALOR UNITARIO | J99: 3854
A100: JUSTIFICACION
A104: NP | B104: 20 | C104: CODIGO IDU | D104: 3471 | E104: DESCRIPCION | F104: CILINDRO POZO INSP. EN MAMPOSTERIA e=0.25m (Inc. Sumin. y Const, Acero para Escaleras, Geotextil y Pañete Impermeab.) | G104: UN | H104: ML | I104: VALOR UNITARIO | J104: 445010
A105: JUSTIFICACION
A109: NP | B109: 21 | C109: CODIGO IDU | D109: 4878 | E109: DESCRIPCION | F109: CONEXIONES KIT SILLA YEE 200 x 160 PVC. SUMINISTRO E INSTALACIÓN. | G109: UN | H109: UN | I109: VALOR UNITARIO | J109: 110670
A110: JUSTIFICACION
A114: NP | B114: 22 | C114: CODIGO IDU | D114: 4879 | E114: DESCRIPCION | F114: CONEXIONES KIT SILLA YEE 315 x 160 PVC. SUMINISTRO E INSTALACIÓN. | G114: UN | H114: UN | I114: VALOR UNITARIO | J114: 186414
A115: JUSTIFICACION
A119: NP | B119: 23 | C119: CODIGO IDU | D119: 8006 | E119: DESCRIPCION | F119: REHABILITACIÓN RED DE ALCANTARILLADO CON TECNOLOGÍA CIPP, CON RESINA DE GRP CURADA CON RAYOS UV, INCLUYE EQUIPOS, MATERIALES, TRANSPORTES Y PERSONAL. DIÁMETRO 18”. ESPESOR 4.20 mm. EC = 14.200 MPA. (Incluye: Fabricación, importación, nacionalización, logística y suministro de materiales (Liner), proceso instalación, curado con luz ultravioleta, personal y actividades complementarias para finalizar la rehabilitación, Inspección final con equipo CCTV. (Entrega de video, informe pos rehabilitación e informe de protocolo del proceso de rehabilitación con norma técnica EAB)). | G119: UN | H119: ML | I119: VALOR UNITARIO | J119: 1334017
A120: JUSTIFICACION
A124: NP | B124: 24 | C124: CODIGO IDU | D124: 8007 | E124: DESCRIPCION | F124: REHABILITACIÓN RED DE ALCANTARILLADO CON TECNOLOGÍA CIPP, CON RESINA DE GRP CURADA CON RAYOS UV, INCLUYE EQUIPOS, MATERIALES, TRANSPORTES Y PERSONAL. DIÁMETRO 20”. ESPESOR 4.90 mm. EC = 14.200 MPA. (Incluye: Fabricación, importación, nacionalización, logística y suministro de materiales (Liner), proceso instalación, curado con luz ultravioleta, personal y actividades complementarias para finalizar la rehabilitación, Inspección final con equipo CCTV. (Entrega de video, informe pos rehabilitación e informe de protocolo del proceso de rehabilitación con norma técnica EAB)). | G124: UN | H124: ML | I124: VALOR UNITARIO | J124: 1480258
A125: JUSTIFICACION
A129: NP | B129: 25 | C129: CODIGO IDU | D129: NP | E129: DESCRIPCION | F129: REHABILITACIÓN RED DE ALCANTARILLADO CON TECNOLOGÍA CIPP, CON RESINA DE GRP CURADA CON RAYOS UV, INCLUYE EQUIPOS, MATERIALES, TRANSPORTES Y PERSONAL. DIÁMETRO 6”. ESPESOR 4.90 mm. EC = 14.200 MPA. (Incluye: Fabricación, importación, nacionalización, logística y suministro de materiales (Liner), proceso instalación, curado con luz ultravioleta, personal y actividades complementarias para finalizar la rehabilitación, Inspección final con equipo CCTV. (Entrega de video, informe pos rehabilitación e informe de protocolo del proceso de rehabilitación con norma técnica EAB)). | G129: UN | H129: ML | I129: VALOR UNITARIO | J129: 630000
A130: JUSTIFICACION
A134: NP | B134: 26 | C134: CODIGO IDU | D134: NP | E134: DESCRIPCION | F134: INVESTIGACION DE REDES PARA CIRCUITOS DE SEMAFORIZACION | G134: UN | H134: UN | I134: VALOR UNITARIO | J134: 1200000
A135: JUSTIFICACION
A139: NP | B139: 27 | C139: CODIGO IDU | D139: 6438 | E139: DESCRIPCION | F139: LAVADO Y SONDEO DE REDES DE ALCANTARILLADO ENTRE 6" Y 16" DE DIÁMETRO Y CON GRADO DE COLMATACIÓN MENOR DEL 30%. INCL MANO DE OBRA IDÓNEA, SEÑALIZACIÓN BÁSICA, SUMIN DE COMBUSTIBLE Y AGUA. INCL. IVA | G139: UN | H139: ML | I139: VALOR UNITARIO | J139: 14875
A140: JUSTIFICACION
A144: NP | B144: 28 | C144: CODIGO IDU | D144: 6439 | E144: DESCRIPCION | F144: LAVADO Y SONDEO DE REDES DE ALCANTARILLADO ENTRE 18" Y 36" DE DIÁMETRO Y CON GRADO DE COLMATACIÓN MENOR DEL 30%. INCLUYE MANO DE OBRA IDÓNEA, SEÑALIZACIÓN BÁSICA, SUMIN DE COMBUSTIBLE Y AGUA. INCL IVA | G144: UN | H144: ML | I144: VALOR UNITARIO | J144: 16065
A145: JUSTIFICACION
A149: NP | B149: 29 | C149: CODIGO IDU | D149: 6160 | E149: DESCRIPCION | F149: INSPECCIÓN DE REDES DE ALCANTARILLADO CON SISTEMAS CCTV PARA DIÁMETROS MAYORES A 36" | G149: UN | H149: ML | I149: VALOR UNITARIO | J149: 13090
A150: JUSTIFICACION
A154: NP | B154: 30 | C154: CODIGO IDU | D154: 6161 | E154: DESCRIPCION | F154: INSPECCIÓN DE REDES DE ALCANTARILLADO CON SISTEMAS CCTV PARA DIÁMETROS ENTRE 6" A 36" | G154: UN | H154: ML | I154: VALOR UNITARIO | J154: 10710
A155: JUSTIFICACION
A159: NP | B159: 31 | C159: CODIGO IDU | D159: 7892 INSUMOS | E159: DESCRIPCION | F159: EQUIPO VACTOR - SONDEO - LIMPIEZA - RECOLECCIÓN DE LODOS NO PELIGROSOS | G159: UN | H159: HR | I159: VALOR UNITARIO | J159: 261800
A160: JUSTIFICACION
A164: NP | B164: 32 | C164: CODIGO IDU | D164: 9434 INSUMOS | E164: DESCRIPCION | F164: TRATAMIENTO Y DISPOSICIÓN FINAL DE LODOS NO PELIGROSOS PROVENIENTES DE ALCANTARILLADO | G164: UN | H164: KG | I164: VALOR UNITARIO | J164: 286
A165: JUSTIFICACION
A169: NP | B169: 33 | C169: CODIGO IDU | D169: 9325 INSUMOS | E169: DESCRIPCION | F169: CARROTANQUE IRRIGADOR DE AGUA - VIAJE | G169: UN | H169: VIAJE | I169: VALOR UNITARIO | J169: 175000
A170: JUSTIFICACION
A174: NP | B174: 34 | C174: CODIGO IDU | D174: 6486 | E174: DESCRIPCION | F174: ESTABILIZACIÓN CON RCD. Incluye trasiego interno, nivelación y compactación. | G174: UN | H174: M3 | I174: VALOR UNITARIO | J174: 42033
A175: JUSTIFICACION
A179: NP | B179: 35 | C179: CODIGO IDU | D179: 5251 | E179: DESCRIPCION | F179: CARCAMO TIPO PLACA PARA PROTECCIÓN DE TUBO EN POLIETILENO D= 10", 12", 14" Y 16" (Incluye relleno en arena de peña, refuerzo, concreto de 2000 PSI y 4000 PSI, formaleta y transporte de petreos). | G179: UN | H179: ML | I179: VALOR UNITARIO | J179: 197441
A180: JUSTIFICACION
A184: NP | B184: 36 | C184: CODIGO IDU | D184: 9706 INSUMOS | E184: DESCRIPCION | F184: TRANSPORTE DE EQUIPO DE CINCO TONELADAS POR VIAJE DIURNO SIN ESCOLTA | G184: UN | H184: VIAJE | I184: VALOR UNITARIO | J184: 389725
A185: JUSTIFICACION
A189: NP | B189: 37 | C189: CODIGO IDU | D189: 9707 INSUMOS | E189: DESCRIPCION | F189: TRANSPORTE DE EQUIPO DE DIEZ TONELADAS POR VIAJE DIURNO SIN ESCOLTA | G189: UN | H189: VIAJE | I189: VALOR UNITARIO | J189: 639625
A190: JUSTIFICACION
A194: NP | B194: 38 | C194: CODIGO IDU | D194: 9708 INSUMOS | E194: DESCRIPCION | F194: TRANSPORTE DE EQUIPO DE QUINCE TONELADAS POR VIAJE DIURNO SIN ESCOLTA | G194: UN | H194: VIAJE | I194: VALOR UNITARIO | J194: 887145
A195: JUSTIFICACION
A199: NP | B199: 39 | C199: CODIGO IDU | D199: 7527 | E199: DESCRIPCION | F199: ENTIBADO EC-5 CONTINUO MADERA CON PERFILES DE METÁLICOS Y PARALES TELESCÓPICOS. SUMINISTRO E INSTALACIÓN. | G199: UN | H199: M2 | I199: VALOR UNITARIO | J199: 57236
A200: JUSTIFICACION
A204: NP | B204: 40 | C204: CODIGO IDU | D204: 4032 | E204: DESCRIPCION | F204: GEOTEXTIL T, RESIST. ULTIMA (TIRA ANCHA)=40 kN/m PARA SEPARACION SUBRASANTE/CAPAS GRANULARES (Inc. Sumin. e Instalación) | G204: UN | H204: M2 | I204: VALOR UNITARIO | J204: 9902
A205: JUSTIFICACION
A209: NP | B209: 41 | C209: CODIGO IDU | D209: 4930 | E209: DESCRIPCION | F209: BANDERERO (INCLUYE ALQUILER DE PALETA PARE-SIGA EN POLIETILENO). | G209: UN | H209: H/ME | I209: VALOR UNITARIO | J209: 1448946
A210: JUSTIFICACION
A214: NP | B214: 42 | C214: CODIGO IDU | D214: 5167 | E214: DESCRIPCION | F214: PERSONAL DE BRIGADA Y ASEO (Incluye herramienta menor). SUMINISTRO. | G214: UN | H214: H/ME | I214: VALOR UNITARIO | J214: 1461309
A215: JUSTIFICACION
A219: NP | B219: 43 | C219: CODIGO IDU | D219: 4239 | E219: DESCRIPCION | F219: CORTE Y AMPLIACIÓN DE JUNTA EN PAVIMENTO DE CONCRETO HIDRAULICO | G219: UN | H219: ML | I219: VALOR UNITARIO | J219: 4166
A220: JUSTIFICACION
A224: NP | B224: 44 | C224: CODIGO IDU | D224: 3806 | E224: DESCRIPCION | F224: CURADO DE LOSAS DE CONCRETO (Suministro y Aplicación) | G224: UN | H224: M2 | I224: VALOR UNITARIO | J224: 1516
A225: JUSTIFICACION
A229: NP | B229: 45 | C229: CODIGO IDU | D229: 4946 | E229: DESCRIPCION | F229: ALQUILER DE CERRAMIENTO TIPO 2: CONSTA DE POSTES ROLLIZOS DE 1.90mt DE ALTURA LIBRE CON BASE EN CONCRETO 1500 PSI DE 30cm x 30cm, DOBLE CINTA PELIGRO CAL. 4, TELA PARA CERRAMIENTO.(INCL INSTALACION, MANTENIMIENTO Y DESINSTALACIÓN). | G229: UN | H229: ML/ME | I229: VALOR UNITARIO | J229: 18249
A230: JUSTIFICACION
A234: NP | B234: 46 | C234: CODIGO IDU | D234: 7338 | E234: DESCRIPCION | F234: BARRICADA METALICA TIPO IDU CON CERRADO REFLECTIVO NARANJA Y BLANCO GRADO INGENIERIA, MEDIDAS: 2.40m x 1.50m - 3 BANDEJAS DE 20cm x 2.40m. TABLERO DE DESVIO DE 60cm. (Incluye caballete, suministro e instalación) | G234: UN | H234: UN/MES | I234: VALOR UNITARIO | J234: 239736
A235: JUSTIFICACION
A239: NP | B239: 47 | C239: CODIGO IDU | D239: 3226 | E239: DESCRIPCION | F239: TUBERIA PVC D=4" TIPO U.M. RDE 21 (Suministro e Instalación) | G239: UN | H239: ML | I239: VALOR UNITARIO | J239: 42945
A240: JUSTIFICACION
A244: NP | B244: 48 | C244: CODIGO IDU | D244: 3602 | E244: DESCRIPCION | F244: UNION PVC TIPO U.M. D= 4" (Suministro e Instalación) | G244: UN | H244: UN | I244: VALOR UNITARIO | J244: 63261
A245: JUSTIFICACION
A249: NP | B249: 49 | C249: CODIGO IDU | D249: 3282 | E249: DESCRIPCION | F249: TEE HD EXTREMO LISO 4"x4" (Suministro e Instalación) | G249: UN | H249: UN | I249: VALOR UNITARIO | J249: 313367
...
